Workbook

Sheet 09-2022
B1: SND | D1: SNA | J1: TIP | K1: N B I | M1: SNR
B2: STB MEG | C2: QNB | D2: STB | E2: STB Zriba | F2: STB MEG | G2: QNB | H2: EURO MEG | I2: $ MEG | J2: STB MEG | K2: STB | L2: EURO MEG | M2: STB MEG
A3: SOLDE au 21/09/2022 | B3: -189741.3 | C3: 211592.39 | D3: 3113.935 | E3: 13990.431 | F3: -2879794.3 | G3: 525991.67 | H3: 95109.6 | I3: 4.21 | J3: -824.904 | K3: -5417.96 | L3: 5.69 | M3: -8298.662
A4: EN COURS | B4: =SUM(B5:B8) -> 20578.604 | C4: =SUM(C5:C8) -> 0 | D4: =SUM(D5:D8) -> 0 | E4: =SUM(E5:E8) -> 332.6 | F4: =SUM(F5:F8) -> 0 | G4: =SUM(G5:G8) -> 0 | H4: =SUM(H5:H8) -> 220300 | I4: =SUM(I5:I8) -> 0 | ... M4: =SUM(M5:M8) -> 0
A5: Cheque | B5: 20578.604 | E5: 332.6
A6: Escompte
A7: Espece | H7: =140300+80000 -> 220300
A8: Virement
A9: Previsions | B9: =B10+B11+B12+B13+B14+B25 -> 841341.8 | C9: =C10+C11+C12+C13+C14+C25 -> 75000 | D9: =D10+D11+D12+D13+D14 -> 0 | E9: =E10+E11+E12+E13+E14 -> 1000 | F9: =F14+F10+F11+F12+F13 -> 5729000 | G9: =G14+G10+G11+G12+G13 -> 465000 | H9: =H14 -> 129408.26 | I9: =I14 -> 0 | J9: =J10+J11+J13+J14+J23+J30 -> 10000 | K9: =K10+K11+K13+K14+K23+K30 -> 15000 | L9: =L10+L11+L13+L14+L23+L30 -> 0 | M9: =M10+M11+M13+M14+M24+M30 -> 4075000
A10: Cheque PF | B10: =CT!D264 -> 691341.8 | E10: 1000 | F10: =B70-E10 -> 854000 | G10: =+C70 -> 285000 | J10: =D74+F74 -> 10000 | K10: =+F73+D73 -> 15000 | M10: =H74+J74 -> 0
A11: Espece | C11: 30000
A12: Cheque V | C12: 45000 | G12: 180000
A13: Escompte | B13: 150000
A14: Virement | B14: 0 | D14: =SUM(D15:D30) -> 0 | E14: =SUM(E15:E30) -> 0 | F14: =SUM(F15:F32) -> 4875000 | G14: =SUM(G15:G32) -> 0 | H14: =SUM(H15:H31) -> 129408.26 | I14: =SUM(I15:I31) -> 0 | J14: =SUM(J15:J21) -> 0 | K14: =SUM(K15:K21) -> 0 | L14: =SUM(L15:L30) -> 0 | M14: =SUM(M15:M23) -> 0
A15: Vente Devise | F15: =H71*3.28 -> 0
A16: Maribat
A17: MONBAT | H17: =+EXPORT!M84+EXPORT!M85+EXPORT!M86+EXPORT!M87 -> 129408.26
A18: Allemagne
A19: HYSY
A20: ITALY
A21: Errafik
A22: COTE D'IVOIRE
A23: CREDIT DE GESTION | F23: 2300000
A24: CMT | F24: 1000000 | M24: 2500000
A25: RESTITUTION TVA
A26: PRIME INVESTISSEMENT
A27: MCNE
A28: BILLET DE TRESORERIE
A29: C C A | F29: =+M80 -> 1575000
A30: AUGMENTATION CAPITAL | M30: =F72 -> 1575000
A31: Placement
A32: CMT
A33: Depenses | B33: =B34+B51+B82 -> #REF! | C33: =C34+C51+C82 -> 285000 | D33: =D34+D51+D82 -> 0 | E33: =E34+E51+E82 -> #REF! | F33: =F34+F51+F82 -> #REF! | G33: =G34+G51+G82 -> 718755.84 | H33: =H34+H51+H82 -> 349678.15 | I33: =I34+I51+I82 -> 0 | ... M33: =M34+M51+M82 -> 3471250
A34: Import | D34: =SUM(D35:D50) -> 0 | E34: =SUM(E35:E50) -> 0 | F34: =SUM(F35:F50) -> 914780.16 | G34: =SUM(G35:G50) -> 718755.84 | H34: =SUM(H35:H50) -> 349678.15 | I34: =SUM(I35:I50) -> 0 | J34: =SUM(J35:J50) -> 0 | K34: =SUM(K35:K50) -> 0 | ... M34: =SUM(M35:M50) -> 0
A35: MICROPOROUS
A36: MECONDOR
A37: MONBAT | H37: =+etranger!C40+etranger!C41+etranger!C42 -> 132228.71
A38: NANJING YAT LC
A39: YUCRY | H39: =+etranger!C54 -> 14500
A40: JIANGSU | F40: =+ENGAGEMENT!J3*3.2*0.56 -> 914780.16 | G40: =+ENGAGEMENT!J3*3.2*0.44 -> 718755.84
A41: Goonvean
A42: STC
A43: DROSS
A44: Accuma | H44: =etranger!C8+etranger!C9+etranger!C10+etranger!C11+etranger!C12+etranger!C13 -> 197307.54
A45: Akumsan
A46: ELINOIL
A47: Sovema | H47: =+etranger!C35 -> 5641.9
A48: PELIPAPER
A49: METACONCEPT
A50: FRIMAX
A51: Local | B51: =SUM(B52:B81) -> #REF! | C51: =SUM(C52:C81) -> 285000 | D51: =SUM(D52:D81) -> 0 | E51: =SUM(E52:E81) -> #REF! | F51: =SUM(F52:F81) -> #REF! | G51: =SUM(G52:G81) -> 0 | H51: =SUM(H52:H81) -> 0 | I51: =SUM(I52:I75) -> 0 | J51: =SUM(J52:J79) -> #REF! | K51: =SUM(K52:K81) -> 6000 | L51: =SUM(L52:L81) -> 0 | M51: =SUM(M52:M81) -> 1575000
A52: Recette des Finances | B52: 200000 | F52: 350000 | J52: 1000 | K52: 1000
A53: Salaires | B53: =50000 -> 50000 | F53: 210000 | J53: 3800 | K53: 5000
A54: CNSS
A55: Steg | F55: =SNA!#REF! -> #REF!
A56: Leasing | F56: =SWIFT!G6 -> 1618.2842
A57: Plomb local
A58: KAIS
A59: HAZEM
A60: SOTRAM
A61: SOTRAM 2
A62: KAMMOUN
A63: HAKIM
A64: LINA METAL | F64: =119279.06+(400000-215240)*2.3*1.19 -> 624967.18
A65: STTM | F65: =SNA!#REF!+50000*2.3*1.19*0.99 -> #REF!
A66: STA NOUR | F66: =SNA!#REF! -> #REF!
A67: Traite STA
A68: STA
A69: Traite SNA
A70: SNA | B70: 855000 | C70: 285000 | M70: 0
A71: VENTE DEVISE | H71: 0
A72: S N R | F72: 1575000
A73: N B I | F73: 15000
A74: TIP | F74: 10000
A75: Fournisseurs facture | B75: 5000 | F75: 50000
A76: Fournisseurs en cours de signature | B76: =SND!#REF! -> #REF! | F76: =SUM(SNA!#REF!)+SUM(SNA!F32:F32)+SUM(SNA!#REF!) -> #REF!
A77: Fournisseurs non remis | B77: =SUM(SND!#REF!) -> #REF! | E77: =SUM(SNA!#REF!)+SNA!#REF!+SNA!#REF!+SNA!#REF!+SNA!#REF!+SNA!#REF!+SNA!#REF! -> #REF! | F77: =SUM(SNA!#REF!)+SNA!#REF!+SNA!#REF!+SNA!#REF!+SNA!#REF!+SNA!#REF!+SNA!#REF!+SNA!#REF!+SNA!#REF!+SNA!#REF!+SUM(SNA!#REF!)+SUM(SNA!F33:F33)+SUM(SNA!#REF!) -> #REF! | J77: =TIP!#REF!+TIP!#REF! -> #REF!
A78: PAIEMENT REMIS | B78: =SND!F2+SND!#REF! -> #REF! | E78: =SNA!#REF! -> #REF! | F78: =SUM(SNA!#REF!)+SUM(SNA!F34:F34)+SUM(SNA!#REF!)+SUM(SNA!#REF!) -> #REF!
A79: DIVERS ET IMPREVUE | B79: 5000 | F79: 50000
A80: CCA | M80: 1575000
A81: Dividendes
A82: Engagement Banque | B82: =SUM(B83:B86) -> 0 | C82: =SUM(C83:C86) -> 0 | D82: =SUM(D83:D86) -> 0 | E82: =SUM(E83:E86) -> 0 | F82: =SUM(F83:F86) -> 304337.96 | G82: =SUM(G83:G86) -> 0 | H82: =SUM(H83:H86) -> 0 | I82: =SUM(I83:I86) -> 0 | ... M82: =SUM(M83:M86) -> 1896250
A83: CMT | F83: =CMT!G32 -> 304337.96
A84: ACHAT TERRAIN | M84: 1896250
A85: AGIOS
A86: CREDIT DE GESTION
A87: Solde au 30/09/2022 | B87: =B3+B4+B9-B33 -> #REF! | C87: =C3+C4+C9-C33 -> 1592.392 | D87: =D3+D4+D9-D33 -> 3113.935 | E87: =E3+E4+E9-E33 -> #REF! | F87: =F3+F4+F9-F33 -> #REF! | G87: =G3+G4+G9-G33 -> 272235.83 | H87: =H3+H4+H9-H33 -> 95139.71 | I87: =I3+I4+I9-I33 -> 4.21 | ... M87: =M3+M4+M9-M33 -> 595451.34
A88: Autorisation | B88: -500000 | C88: 0 | D88: 0 | E88: 0 | F88: -3000000 | G88: 0 | H88: 0 | I88: 0 | J88: 0 | K88: 0 | L88: 0 | M88: 0
B90: =B88-B87 -> #REF! | C90: =C88-C87 -> -1592.392 | F90: =F88-F87 -> #REF! | G90: =G88-G87 -> -272235.83
D92: =+D87 -> 3113.935 | E92: =+E87 -> #REF! | F92: 300000 | H92: =+H87*3.21 -> 305398.47 | J92: =+J87 -> #REF! | K92: =+K87 -> 3582.04

Sheet etranger
A1: =TODAY() -> 45309
A2: TAUX EURO/TND | C2: 44592 | D2: 3.23577
A3: TAUX USD/TND | C3: 44592 | D3: 2.90265
A4: TAUX GBP/TND | C4: 44592 | D4: 3.88906
A5: TAUX CNY/TND | C5: 44592 | D5: 0.45623
A7: S N A
A8: ACCUMA 09 | B8: EUR | C8: 62660.52 | D8: =+C8*$D$2 -> 202755.03 | E8: 44665 | F8: =E8+90 -> 44755
A9: ACCUMA 10 | B9: EUR | C9: 19178.03 | D9: =+C9*$D$2 -> 62055.694 | E9: 44691 | F9: =E9+90 -> 44781
A10: ACCUMA 11 | B10: EUR | C10: 28936.53 | D10: =+C10*$D$2 -> 93631.956 | E10: 44699 | F10: =E10+90 -> 44789
A11: ACCUMA 12 | B11: EUR | C11: 40471.43 | D11: =+C11*$D$2 -> 130956.24 | E11: 44708 | F11: =E11+90 -> 44798
A12: ACCUMA 13 | B12: EUR | C12: 34429.67 | D12: =+C12*$D$2 -> 111406.49 | E12: 44712 | F12: =E12+90 -> 44802
A13: ACCUMA 14 | B13: EUR | C13: 11631.36 | D13: =+C13*$D$2 -> 37636.406 | E13: 44742 | F13: =E13+90 -> 44832
A14: ACCUMA 15 | B14: EUR | C14: 26975.23 | D14: =+C14*$D$2 -> 87285.64 | E14: 44753 | F14: =E14+90 -> 44843
A15: ACCUMA 16 | B15: EUR | C15: 43440.12 | D15: =+C15*$D$2 -> 140562.24 | E15: 44757 | F15: =E15+90 -> 44847
A16: ACCUMA 17 | B16: EUR | C16: 40898.18 | D16: =+C16*$D$2 -> 132337.1 | E16: 44777 | F16: =E16+90 -> 44867
A17: ACCUMA 18 | B17: EUR | C17: 12795.77 | D17: =+C17*$D$2 -> 41404.169 | E17: 44778 | F17: =E17+90 -> 44868
A18: ACCUMA 19 | B18: EUR | C18: 14911.41 | D18: =+C18*$D$2 -> 48249.893 | E18: 44796 | F18: =E18+90 -> 44886
A19: ACCUMA 20 | B19: EUR | C19: 47195.93 | D19: =+C19*$D$2 -> 152715.17 | E19: 44799 | F19: =E19+90 -> 44889
A20: ACCUMA 21 | B20: EUR | C20: 37793.41 | D20: =+C20*$D$2 -> 122290.78 | E20: 44804 | F20: =E20+90 -> 44894
A22: TOTAL | C22: =SUM(C8:C21) -> 421317.59
A25: TOTAL | C25: =SUM(C24) -> 0
A29: TOTAL | C29: =SUM(C27:C28) -> 0
A31: MICROPOROUS 05 | B31: EUR | C31: 38546.45 | D31: =+C31*D2 -> 124727.45 | E31: 44781 | F31: =+E31+90 -> 44871
A33: TOTAL | C33: =SUM(C31:C32) -> 38546.45
A35: SOVEMA 3 | B35: EUR | C35: 5641.9 | D35: =+C35*D2 -> 18255.891 | E35: 44749 | F35: =+E35+30 -> 44779
A38: TOTAL | C38: =SUM(C35:C37) -> 5641.9
A40: MONBAT 03 | B40: EUR | C40: 64425 | D40: =+C40*D2 -> 208464.48 | E40: 44622 | F40: =+E40+60 -> 44682
A41: MONBAT 04 | B41: EUR | C41: 35280.63 | D41: =+C41*D2 -> 114160 | E41: 44679 | F41: =+E41+60 -> 44739
A42: MONBAT 05 | B42: EUR | C42: =30960.64+1562.44 -> 32523.08 | D42: =+C42*D2 -> 105237.21 | E42: 44712 | F42: =+E42+60 -> 44772
A43: MONBAT 06 | B43: EUR | C43: 33720 | D43: =+C43*D2 -> 109110.16 | E43: 44729 | F43: =+E43+60 -> 44789
A44: MONBAT 07 | B44: EUR | C44: 60762.65 | D44: =+C44*D2 -> 196613.96 | E44: 44741 | F44: =+E44+60 -> 44801
A45: MONBAT 08 | B45: EUR | C45: 33740 | D45: =+C45*D2 -> 109174.88 | E45: 44741 | F45: =+E45+60 -> 44801
A48: TOTAL | C48: =SUM(C40:C47) -> 260451.36
A52: TOTAL | C52: =SUM(C50:C51) -> 0
A54: YUCRY | B54: EUR | C54: 14500 | D54: =+C54*D2 -> 46918.665 | E54: 44726 | F54: =+E54 -> 44726
A55: TOTAL | C55: =SUM(C54:C54) -> 14500
A58: TOTAL | C58: =SUM(C57:C57) -> 0
A61: TOTAL | C61: =SUM(C60:C60) -> 0
A64: TOTAL | C64: =SUM(C63:C63) -> 0
A66: NANJIN YAT | B66: CNY | C66: 950000 | D66: =+C66*D5 -> 433418.5 | F66: 44372 | H66: =C66*0.9 -> 855000 | J66: =+C66-H66 -> 95000
A68: TOTAL | C68: 294823
A71: TOTAL | C71: =SUM(C70:C70) -> 0
A74: TOTAL | C74: =SUM(C73:C73) -> 0
A78: HEMPE | B78: EUR | C78: 335000 | E78: 42898 | F78: 71000
E79: 42927 | F79: 40000
E80: 43004 | F80: 15000
E81: 43006 | F81: 16000
E82: 43020 | F82: 25000
E83: 43208 | F83: 45000
A84: HEMPE | B84: EUR | C84: =65000+9000 -> 74000 | E84: 43189 | F84: 59500
A86: HEMPE | B86: EUR | C86: =14477.06+837.73 -> 15314.79
A87: TOTAL | C87: =SUM(C78:C86) -> 424314.79
A89: HEMPE COS | B89: EUR | C89: 67500 | E89: 43074 | F89: 12000
A90: TOTAL | C90: =SUM(C89:C89) -> 67500
A92: SIA | B92: EUR | C92: 80151.97 | D92: =+C92*D2 -> 259353.34 | E92: 44043 | F92: 44043 | H92: SOLDE EXPORT
A94: TOTAL | C94: =SUM(C92:C92) -> 80151.97
A96: ELINOIL | B96: EUR | C96: 4199.57 | D96: =+C96*D2 -> 13588.843 | E96: 43951 | F96: =+E96 -> 43951 | H96: PAYEE PAR TOM
A98: TOTAL | C98: =SUM(C96:C97) -> 4199.57

Sheet CMT
B2: SNA-NOUR
B3: ECHEANCIER 2021
B5: Crédit | D5: Échéance | E5: Principal | F5: Intérêt | G5: Total | H5: PP | I5: INT
B6: STB Meg | C6: 2500000 | D6: 44592 | F6: 31678.241 | G6: =SUM(E6:F6) -> 31678.241
B7: STB Meg | C7: 1250000 | D7: 44592 | E7: 104166.67 | F7: 18101.852 | G7: =SUM(E7:F7) -> 122268.52
B8: Total 01/2021 | E8: =SUM(E6:E7) -> 104166.67 | F8: =SUM(F6:F7) -> 49780.093 | G8: =SUM(G6:G7) -> 153946.76
B9: STB Meg | C9: 500000 | D9: 44651 | E9: 41666.667 | F9: 2656.25 | G9: =SUM(E9:F9) -> 44322.917
B10: STB Meg | C10: 1150000 | D10: 44651 | E10: 95833.333 | F10: 6109.375 | G10: =SUM(E10:F10) -> 101942.71
B11: STB Meg | C11: 1000000 | D11: 44651 | E11: 83333.333 | F11: 5312.5 | G11: =SUM(E11:F11) -> 88645.833
B12: STB Meg | C12: 350000 | D12: 44651 | E12: 29166.667 | F12: 1859.375 | G12: =SUM(E12:F12) -> 31026.042
B13: STB Meg | C13: 500000 | D13: 44651 | E13: 41666.667 | F13: 2656.25 | G13: =SUM(E13:F13) -> 44322.917
B14: Total 03/2021 | E14: =SUM(E9:E13) -> 291666.67 | F14: =SUM(F9:F13) -> 18593.75 | G14: =SUM(E14:F14) -> 310260.42
B15: STB Meg | C15: 2500000 | D15: 44681 | E15: 208333.33 | F15: 30645.255 | G15: =SUM(E15:F15) -> 238978.59
B16: STB Meg | C16: 1250000 | D16: 44681 | F16: 15322.627 | G16: =SUM(E16:F16) -> 15322.627
B17: Total 04/2021 | E17: =SUM(E15:E16) -> 208333.33 | F17: =SUM(F15:F16) -> 45967.882 | G17: =SUM(E17:F17) -> 254301.22
B18: STB Meg | C18: 500000 | D18: 44742 | F18: 1790.509 | G18: =SUM(E18:F18) -> 1790.509
B19: STB Meg | C19: 1150000 | D19: 44742 | F19: 4118.171 | G19: =SUM(E19:F19) -> 4118.171
B20: STB Meg | C20: 1000000 | D20: 44742 | F20: 3581.019 | G20: =SUM(E20:F20) -> 3581.019
B21: STB Meg | C21: 350000 | D21: 44742 | F21: 1253.356 | G21: =SUM(E21:F21) -> 1253.356
B22: STB Meg | C22: 500000 | D22: 44742 | F22: 1790.509 | G22: =SUM(E22:F22) -> 1790.509
B23: Total 06/2021 | E23: =SUM(E18:E22) -> 0 | F23: =SUM(F18:F22) -> 12533.564 | G23: =SUM(E23:F23) -> 12533.564
B24: STB Meg | C24: 2500000 | D24: 44773 | F24: 27152.778 | G24: =SUM(E24:F24) -> 27152.778
B25: STB Meg | C25: 1250000 | D25: 44773 | E25: 104166.17 | F25: 15839.12 | G25: =SUM(E25:F25) -> 120005.29
B26: Total 07/2021 | E26: =SUM(E24:E25) -> 104166.17 | F26: =SUM(F24:F25) -> 42991.898 | G26: =SUM(G24:G25) -> 147158.07
B27: STB Meg | C27: 500000 | D27: 44834 | E27: 41666.667 | F27: 1810.185 | G27: =SUM(E27:F27) -> 43476.852
B28: STB Meg | C28: 1150000 | D28: 44834 | E28: 95833.333 | F28: 4163.426 | G28: =SUM(E28:F28) -> 99996.759
B29: STB Meg | C29: 1000000 | D29: 44834 | E29: 83333.333 | F29: 3620.37 | G29: =SUM(E29:F29) -> 86953.703
B30: STB Meg | C30: 350000 | D30: 44834 | E30: 29166.667 | F30: 1267.13 | G30: =SUM(E30:F30) -> 30433.797
B31: STB Meg | C31: 500000 | D31: 44834 | E31: 41666.667 | F31: 1810.185 | G31: =SUM(E31:F31) -> 43476.852
B32: Total 09/2021 | E32: =SUM(E27:E31) -> 291666.67 | F32: =SUM(F27:F31) -> 12671.296 | G32: =SUM(E32:F32) -> 304337.96
B33: STB Meg | C33: 2500000 | D33: 44865 | E33: 208333.33 | F33: 27152.778 | G33: =SUM(E33:F33) -> 235486.11
B34: STB Meg | C34: 1250000 | D34: 44865 | F34: 13576.389 | G34: =SUM(E34:F34) -> 13576.389
B35: Total 10/2021 | E35: =SUM(E33:E34) -> 208333.33 | F35: =SUM(F33:F34) -> 40729.167 | G35: =SUM(E35:F35) -> 249062.5
B36: STB Meg | C36: 500000 | D36: 44926 | F36: 905.093 | G36: =SUM(E36:F36) -> 905.093
B37: STB Meg | C37: 1150000 | D37: 44926 | F37: 2081.713 | G37: =SUM(E37:F37) -> 2081.713
B38: STB Meg | C38: 1000000 | D38: 44926 | F38: 1810.185 | G38: =SUM(E38:F38) -> 1810.185
B39: STB Meg | C39: 350000 | D39: 44926 | F39: 633.565 | G39: =SUM(E39:F39) -> 633.565
B40: STB Meg | C40: 500000 | D40: 44926 | F40: 905.093 | G40: =SUM(E40:F40) -> 905.093
B41: Total 12/2021 | E41: =SUM(E36:E40) -> 0 | F41: =SUM(F36:F40) -> 6335.649 | G41: =SUM(E41:F41) -> 6335.649
B43: TOTAL 2021 | E43: =E41+E35+E32+E26+E23+E17+E14+E8 -> 1208332.8 | F43: =F41+F35+F32+F26+F23+F17+F14+F8 -> 229603.3 | G43: =G41+G35+G32+G26+G23+G17+G14+G8 -> 1437936.1

Sheet EXPORT
A2: CLIENT | B2: Facture | H2: MCNE | K2: REGLEMENT | M2: DIFFERENCE
B3: Numéro | C3: Date | D3: DEV | E3: MONTANT | F3: TND | G3: Échéance | H3: Montant | I3: DATE MEP | J3: ECHEANCE | K3: Montant | L3: Date
A4: ERRAFIK | B4: FN190050 | C4: 43650 | D4: EUR | E4: 80487.84 | F4: =+E4*3.2573 -> 262173.04 | G4: =+C4+60 -> 43710 | K4: =17160.49+23220.56+11522.21+25585.18 -> 77488.44 | M4: =E4-K4 -> 2999.4
A5: ERRAFIK | B5: FN190089 | C5: 43808 | D5: EUR | E5: 72000.6 | F5: =E5*3.17075 -> 228295.9 | G5: =+C5+60 -> 43868 | M5: =E5-K5 -> 72000.6
A6: ERRAFIK | B6: FN190091 | C6: 43820 | D6: EUR | E6: 69278.3 | F6: =+E6*3.1659 -> 219328.17 | G6: =+C6+60 -> 43880 | K6: =54606.25+14672.05 -> 69278.3 | M6: =E6-K6 -> 0
A7: ERRAFIK | B7: FN200025 | C7: 43955 | D7: EUR | E7: 168227.2 | F7: =+E7*3.1521 -> 530268.96 | G7: =+C7+60 -> 44015 | K7: =168000+227.2 -> 168227.2 | M7: =E7-K7 -> 0
A8: NOURAKKUMULATOREN | B8: FP200006 | C8: 43970 | D8: EUR | E8: 15734.26 | F8: =E8*3.16385 -> 49780.839 | G8: =+C8+60 -> 44030 | K8: =16027.1-13984.3+13691.46 -> 15734.26 | M8: =E8-K8 -> 0
A9: NOURAKKUMULATOREN | B9: FN200031 | C9: 44012 | D9: EUR | E9: 15834.73 | F9: =+E9*3.20945 -> 50820.774 | G9: =+C9+60 -> 44072 | K9: =14010.96-13691.46+3000+5000+5985+1530.23 -> 15834.73 | M9: =E9-K9 -> 0
A10: NOURAKKUMULATOREN | B10: FN200034 | C10: 44036 | D10: EUR | E10: 12626.18 | F10: =+E10*3.22895 -> 40769.304 | G10: =+C10+60 -> 44096 | K10: =10062.44+2563.74 -> 12626.18 | M10: =E10-K10 -> 0
A11: NOURAKKUMULATOREN | B11: FN200040 | C11: 44050 | D11: EUR | E11: 22494.77 | F11: =+E11*3.23755 -> 72827.943 | G11: =+C11+60 -> 44110 | K11: =4370.53+7668.83+10455.41 -> 22494.77 | M11: =E11-K11 -> 0
A12: NOURAKKUMULATOREN | B12: FN200042 | C12: 44070 | D12: EUR | E12: 11215.72 | F12: =+E12*3.24325 -> 36375.384 | G12: =+C12+60 -> 44130 | K12: 11215.72 | M12: =E12-K12 -> 0
A13: NOURAKKUMULATOREN | B13: FN200045 | C13: 44077 | D13: EUR | E13: 12083.83 | F13: =+E13*3.24375 -> 39196.924 | G13: =+C13+60 -> 44137 | K13: 12083.83 | M13: =E13-K13 -> 0
A14: ERRAFIK | B14: FN200048 | C14: 44090 | D14: EUR | E14: 81646.9 | F14: =+E14*3.25965 -> 266140.32 | G14: =+C14+60 -> 44150 | K14: =47799.42+33847.48 -> 81646.9 | M14: =E14-K14 -> 0
A15: NOURAKKUMULATOREN | B15: FN200049 | C15: 44096 | D15: EUR | E15: 15922.43 | F15: =+E15*3.2507 -> 51759.043 | G15: =+C15+60 -> 44156 | K15: 15922.43 | M15: =E15-K15 -> 0
A16: NOURAKKUMULATOREN | B16: FN200052 | C16: 44109 | D16: EUR | E16: 16380.5 | F16: =+E16*3.2461 -> 53172.741 | G16: =+C16+60 -> 44169 | K16: =9428.61+2000+3000+1951.89 -> 16380.5 | M16: =E16-K16 -> 0
A17: NOURAKKUMULATOREN | B17: FN200053 | C17: 44109 | D17: EUR | E17: 27320 | F17: =E17*3.24845 -> 88747.654 | G17: =+C17+60 -> 44169 | K17: =5000-1951.89+3500+20771.89 -> 27320 | M17: =E17-K17 -> 0
A18: ERRAFIK | B18: FN200054 | C18: 44116 | D18: EUR | E18: 39840 | F18: =+E18*3.25305 -> 129601.51 | G18: =+C18+60 -> 44176 | K18: =16152.52+23687.48 -> 39840 | M18: =E18-K18 -> 0
A19: NOURAKKUMULATOREN | B19: FN200055 | C19: 44118 | D19: EUR | E19: 8621 | F19: =+E19*3.2505 -> 28022.561 | G19: =+C19+60 -> 44178 | K19: =26500-20771.89+2892.89 -> 8621 | M19: =E19-K19 -> 0
A20: ERRAFIK | B20: FN200056 | C20: 44130 | D20: EUR | E20: 86254.36 | F20: =+E20*3.25165 -> 280468.99 | G20: =+C20+60 -> 44190 | K20: =26312.52+59941.84 -> 86254.36 | M20: =E20-K20 -> 0
A21: ERRAFIK | B21: FN200059 | C21: 44137 | D21: EUR | E21: 83717.44 | F21: =+E21*3.23415 -> 270754.76 | G21: =+C21+60 -> 44197 | K21: =80000-227.2 -> 79772.8 | M21: =E21-K21 -> 3944.64 | N21: GERMENT
A22: NOURAKKUMULATOREN | B22: FN200061 | C22: 44148 | D22: EUR | E22: 15106 | F22: =+E22*3.2508 -> 49106.585 | G22: =+C22+60 -> 44208 | K22: =15826.5-2892.89+2172.39 -> 15106 | M22: =E22-K22 -> 0
A23: NOURAKKUMULATOREN | B23: FN200063 | C23: 44155 | D23: EUR | E23: 10412.61 | F23: =+E23*3.2515 -> 33856.601 | G23: =+C23+60 -> 44215 | K23: 10412.61 | M23: =E23-K23 -> 0
A24: NOURAKKUMULATOREN | B24: FN200068 | C24: 44168 | D24: EUR | E24: 9195.5 | F24: =+E24*3.2789 -> 30151.125 | G24: =+C24+60 -> 44228 | K24: 9195.5 | M24: =E24-K24 -> 0
A25: NOURAKKUMULATOREN | B25: FN200069 | C25: 44175 | D25: EUR | E25: 8960 | F25: =+E25*3.2833 -> 29418.368 | G25: =+C25+60 -> 44235 | K25: =25243.6-2172.39-10412.61-9195.5+5000+496.9 -> 8960 | M25: =E25-K25 -> 0
A26: ERRAFIK | B26: FN200067 | C26: 44166 | D26: EUR | E26: 89529.3 | F26: =+E26*3.291 -> 294640.93 | G26: =+C26+60 -> 44226 | K26: =65058.16+24471.14 -> 89529.3 | M26: =E26-K26 -> 0
A27: NOURAKKUMULATOREN | B27: FN210001 | C27: 44200 | D27: EUR | E27: 16027.1 | F27: =+E27*3.2928 -> 52774.035 | G27: =+C27+60 -> 44260 | K27: =15842.75-496.9+681.25 -> 16027.1 | M27: =E27-K27 -> 0
A28: MARIBAT | B28: FN210002 | C28: 44204 | D28: EUR | E28: 98359.84 | F28: =+E28*3.2861 -> 323220.27 | G28: =+C28+60 -> 44264 | K28: 98224.34 | M28: =E28-K28 -> 135.5
A29: ERRAFIK | B29: FN210004 | C29: 44214 | D29: EUR | E29: 90735.6 | F29: =+E29*3.2825 -> 297839.61 | G29: =+C29+60 -> 44274 | K29: 90735.6 | M29: =E29-K29 -> 0
A30: NOURAKKUMULATOREN | B30: FN210006 | C30: 44228 | D30: EUR | E30: 14010.96 | F30: =+E30*3.2787 -> 45937.735 | G30: =+C30+60 -> 44288 | K30: =9659.75+4351.21 -> 14010.96 | M30: =E30-K30 -> 0
A31: ERRAFIK | B31: FN210007 | C31: 44231 | D31: EUR | E31: 87121.2 | F31: =+E31*3.2695 -> 284842.76 | G31: =+C31+60 -> 44291 | K31: =38293.26+48827.94 -> 87121.2 | M31: =E31-K31 -> 0
A32: ERRAFIK | B32: FN210009 | C32: 44240 | D32: EUR | E32: 80224.4 | F32: =+E32*3.2837 -> 263432.86 | G32: =+C32+60 -> 44300 | K32: 78828.92 | M32: =E32-K32 -> 1395.48 | N32: LC
A33: ERRAFIK | B33: FN210010 | C33: 44249 | D33: EUR | E33: 88106.32 | F33: =+E33*3.2837 -> 289314.72 | G33: =+C33+60 -> 44309 | K33: =45172.06+42934.26 -> 88106.32 | M33: =E33-K33 -> 0
A34: ERRAFIK | B34: FN210014 | C34: 44266 | D34: EUR | E34: 88650.92 | F34: =+E34*3.2809 -> 290854.8 | G34: =+C34+60 -> 44326 | K34: =33845.18+54805.74 -> 88650.92 | M34: =E34-K34 -> 0
A35: NOURAKKUMULATOREN | B35: FN210015 | C35: 44270 | D35: EUR | E35: 11592.67 | F35: =+E35*3.2809 -> 38034.391 | G35: =+C35+60 -> 44330 | K35: =1248.79+8993.7+1350.18 -> 11592.67 | M35: =E35-K35 -> 0
A36: ERRAFIK | B36: FN210017 | C36: 44278 | D36: EUR | E36: 85322.5 | F36: =+E36*3.2742 -> 279362.93 | G36: =+C36+60 -> 44338 | K36: 84910.1 | M36: =E36-K36 -> 412.4
A37: NOURAKKUMULATOREN | B37: FN210018 | C37: 44285 | D37: EUR | E37: 6934.27 | F37: =+E37*3.2732 -> 22697.253 | G37: =+C37+60 -> 44345 | K37: =6090.12+844.15 -> 6934.27 | M37: =E37-K37 -> 0
A38: ERRAFIK | B38: FN210020 | C38: 44287 | D38: EUR | E38: 90868.75 | F38: =+E38*3.2742 -> 297522.46 | G38: =+C38+60 -> 44347 | K38: 90868.75 | M38: =E38-K38 -> 0
A39: ERRAFIK | B39: FN210021 | C39: 44293 | D39: EUR | E39: 90819 | F39: =+E39*3.2877 -> 298585.63 | G39: =+C39+60 -> 44353 | K39: 90347.56 | M39: =E39-K39 -> 471.44 | N39: LC
A40: NOURAKKUMULATOREN | B40: FN210022 | C40: 44305 | D40: EUR | E40: 7668.83 | F40: =+E40*3.3053 -> 25347.784 | G40: =+C40+60 -> 44365 | K40: =7331.85+336.98 -> 7668.83 | M40: =E40-K40 -> 0
A41: NOURAKKUMULATOREN | B41: FN210027 | C41: 44319 | D41: EUR | E41: 59106 | F41: =+E41*3.3136 -> 195853.64 | G41: =+C41+60 -> 44379 | K41: =17545.32+18121+22137.2+1302.48 -> 59106 | M41: =E41-K41 -> 0
A42: ERRAFIK | B42: FN210028 | C42: 44321 | D42: EUR | E42: 91956.01 | F42: =+E42*3.30275 -> 303707.71 | G42: =+C42+60 -> 44381 | K42: =80000+11956.01 -> 91956.01 | M42: =E42-K42 -> 0
A43: ERRAFIK | B43: FN210032 | C43: 44351 | D43: EUR | E43: 90590.47 | F43: =+E43*3.324 -> 301122.72 | G43: =+C43+60 -> 44411 | K43: =70000+20590.47 -> 90590.47 | M43: =E43-K43 -> 0
A44: ERRAFIK | B44: FN210040 | C44: 44379 | D44: EUR | E44: 91567.5 | F44: =+E44*3.2957 -> 301779.01 | G44: =+C44+60 -> 44439 | K44: 90002.75 | M44: =E44-K44 -> 1564.75
A45: NOURAKKUMULATOREN | B45: FN210048 | C45: 44391 | D45: EUR | E45: 15826.5 | F45: =+E45*3.2918 -> 52097.673 | G45: =+C45+60 -> 44451 | K45: 15826.5 | M45: =E45-K45 -> 0
A46: MARIBAT | B46: FN210053 | C46: 44421 | D46: EUR | E46: 215358.11 | F46: =+E46*3.2943 -> 709454.22 | G46: =+C46+60 -> 44481 | K46: =107543.56+107543.55 -> 215087.11 | M46: =E46-K46 -> 271
A47: ERRAFIK | B47: FN210056 | C47: 44413 | D47: EUR | E47: 44013.2 | F47: =+E47*3.2942 -> 144988.28 | G47: =+C47+60 -> 44473 | K47: 43160.32 | M47: =E47-K47 -> 852.88
A48: ERRAFIK | B48: FN210058 | C48: 44419 | D48: EUR | E48: 140196.23 | F48: =+E48*3.2831 -> 460278.24 | G48: =+C48+60 -> 44479 | K48: 137658.96 | M48: =E48-K48 -> 2537.27 | N48: LC BTL
A49: ERRAFIK | B49: FN210059 | C49: 44419 | D49: EUR | E49: 91965.34 | F49: =+E49*3.2831 -> 301931.41 | G49: =+C49+60 -> 44479 | K49: =999.59+90965.75 -> 91965.34 | M49: =E49-K49 -> 0
A50: NOURAKKUMULATOREN | B50: FN210060 | C50: 44426 | D50: EUR | E50: 25243.6 | F50: =+E50*3.2837 -> 82892.409 | G50: =+C50+60 -> 44486 | K50: =5891.02+7000+4000+8352.58 -> 25243.6 | M50: =E50-K50 -> 0
A51: NOURAKKUMULATOREN | B51: FN210069 | C51: 44453 | D51: EUR | E51: 15842.75 | F51: =+E51*3.2967 -> 52228.794 | G51: =+C51+60 -> 44513 | K51: =7531.42+6000+2311.33 -> 15842.75 | M51: =E51-K51 -> 0
A52: ERRAFIK | B52: FN210070 | C52: 44459 | D52: EUR | E52: 95342.89 | F52: =+E52*3.2882 -> 313506.49 | G52: =+C52+60 -> 44519 | K52: =59034.25+36308.64 -> 95342.89 | M52: =E52-K52 -> 0
A53: ERRAFIK | B53: FN210071 | C53: 44466 | D53: EUR | E53: 96116.2 | F53: =+E53*3.2822 -> 315472.59 | G53: =+C53+60 -> 44526 | K53: =61691.36+22000+10000+2424.84 -> 96116.2 | M53: =E53-K53 -> 0
A54: NOURAKKUMULATOREN | B54: FN210074 | C54: 44469 | D54: EUR | E54: 10341.1 | F54: =+E54*3.2822 -> 33941.558 | G54: =+C54+60 -> 44529 | K54: 10341.1 | M54: =E54-K54 -> 0
A55: ERRAFIK | B55: FN210077 | C55: 44473 | D55: EUR | E55: 96319.36 | F55: =+E55*3.27745 -> 315681.89 | G55: =+C55+60 -> 44533 | K55: =10000-2424.84+25000+63744.2 -> 96319.36 | M55: =E55-K55 -> 0
A56: ERRAFIK | B56: FN210078 | C56: 44480 | D56: EUR | E56: 95574.21 | F56: =+E56*3.27705 -> 313201.46 | G56: =+C56+60 -> 44540 | K56: 95574.21 | M56: =E56-K56 -> 0
A57: NOURAKKUMULATOREN | B57: FN210079 | C57: 44490 | D57: EUR | E57: 8993.7 | F57: =+E57*3.2831 -> 29527.216 | G57: =+C57+60 -> 44550 | K57: =3380.97+5612.73 -> 8993.7 | M57: =E57-K57 -> 0
A58: ERRAFIK | B58: FN210081 | C58: 44499 | D58: EUR | E58: 100465.94 | F58: =+E58*3.2815 -> 329678.98 | G58: =+C58+60 -> 44559 | K58: 98765.39 | M58: =E58-K58 -> 1700.55 | N58: LC BTL
A59: ERRAFIK | B59: FN210085 | C59: 44509 | D59: EUR | E59: 102710.37 | F59: =+E59*3.28035 -> 336925.96 | G59: =+C59+60 -> 44569 | K59: 100978.09 | M59: =E59-K59 -> 1732.28
A60: ERRAFIK | B60: FN210089 | C60: 44522 | D60: EUR | E60: 95681.6 | F60: =+E60*3.2473 -> 310706.86 | G60: =+C60+60 -> 44582 | K60: =65681.59+30000.01 -> 95681.6 | M60: =E60-K60 -> 0
A61: NOURAKKUMULATOREN | B61: FN210090 | C61: 44525 | D61: EUR | E61: 7440.3 | F61: =+E61*3.24405 -> 24136.705 | G61: =+C61+60 -> 44585 | K61: =4868.57+2571.73 -> 7440.3 | M61: =E61-K61 -> 0
A62: ERRAFIK | B62: FN210101 | C62: 44533 | D62: EUR | E62: 98534.04 | F62: =+E62*3.25315 -> 320546.01 | G62: =+C62+60 -> 44593 | K62: =79999.99+18534.05 -> 98534.04 | M62: =E62-K62 -> 0
A63: NOURAKKUMULATOREN | B63: FN210102 | C63: 44538 | D63: EUR | E63: 8176 | F63: =+E63*3.2506 -> 26576.906 | G63: =+C63+60 -> 44598 | K63: 8176 | M63: =E63-K63 -> 0
A64: NOURAKKUMULATOREN | B64: FN210103 | C64: 44544 | D64: EUR | E64: 9706.3 | F64: =+E64*3.251 -> 31555.181 | G64: =+C64+60 -> 44604 | K64: =6752.27+2335+619.03 -> 9706.3 | M64: =E64-K64 -> 0
A65: ERRAFIK | B65: FN210104 | C65: 44545 | D65: EUR | E65: 92667.83 | F65: =+E65*3.24975 -> 301147.28 | G65: =+C65+60 -> 44605 | K65: 92667.83 | M65: =E65-K65 -> 0
A66: ERRAFIK | B66: FN210108 | C66: 44554 | D66: EUR | E66: 89655.12 | F66: 291827.42 | G66: 44614 | K66: =6045.72+10000+73609.4 -> 89655.12 | L66: 89655.12 | M66: =E66-K66 -> 0
A67: MONBAT | B67: FN220001 | C67: 44571 | D67: EUR | E67: 4722 | F67: =+E67*3.25705 -> 15379.79 | G67: =+C67+60 -> 44631 | K67: 4722 | M67: =E67-K67 -> 0
A68: ERRAFIK | B68: FN220002 | C68: 44578 | D68: EUR | E68: 98137.02 | F68: =+E68*3.2715 -> 321055.26 | G68: =+C68+60 -> 44638 | K68: =38798.12+59338.9 -> 98137.02 | M68: =E68-K68 -> 0
A69: NOURAKKUMULATOREN | B69: FN220004 | C69: 44588 | D69: EUR | E69: 18121 | F69: =+E69*3.24875 -> 58870.599 | G69: =+C69+60 -> 44648 | K69: =9406.77+8714.23 -> 18121 | M69: =E69-K69 -> 0
A70: ERRAFIK | B70: FN220005 | C70: 44590 | D70: EUR | E70: 94615.38 | F70: =+E70*3.2498 -> 307481.06 | G70: =+C70+60 -> 44650 | K70: =661.1+93954.28 -> 94615.38 | M70: =E70-K70 -> 0
A71: ERRAFIK | B71: FN220008 | C71: 44608 | D71: EUR | E71: 99796.48 | F71: =+E71*3.2759 -> 326923.29 | G71: =+C71+60 -> 44668 | K71: =66690.6+33105.88 -> 99796.48 | M71: =E71-K71 -> 0
A72: HYSY | B72: FN220010 | C72: 44613 | D72: EUR | E72: 25019.87 | F72: =+E72*3.2681 -> 81767.437 | G72: =+C72+60 -> 44673 | K72: =12980.34+11962 -> 24942.34 | M72: =E72-K72 -> 77.53
A73: NOURAKKUMULATOREN | B73: FN220013 | C73: 44622 | D73: EUR | E73: 22137.2 | F73: =+E73*3.24885 -> 71920.442 | G73: =+C73+60 -> 44682 | K73: =901.63+5000 -> 5901.63 | M73: =E73-K73 -> 16235.57
A74: ERRAFIK | B74: FN220014 | C74: 44630 | D74: EUR | E74: 96226.82 | F74: =+E74*3.24825 -> 312568.77 | G74: =+C74+60 -> 44690 | K74: 46894.12 | M74: =E74-K74 -> 49332.7
A75: NOURAKKUMULATOREN | B75: FN220016 | C75: 44636 | D75: EUR | E75: 23020 | F75: =+E75*3.2535 -> 74895.57 | G75: =+C75+60 -> 44696 | M75: =E75-K75 -> 23020
A76: NOURAKKUMULATOREN | B76: FN220022 | C76: 44652 | D76: EUR | E76: 15884 | F76: =+E76*3.2766 -> 52045.514 | G76: =+C76+60 -> 44712 | M76: =E76-K76 -> 15884
A77: NOURAKKUMULATOREN | B77: FN220024 | C77: 44678 | D77: EUR | E77: 17521 | F77: =+E77*3.2318 -> 56624.368 | G77: =+C77+60 -> 44738 | M77: =E77-K77 -> 17521
A78: MARIBAT | B78: FN220026 | C78: 44706 | D78: EUR | E78: 135007.59 | F78: =+E78*3.23245 -> 436405.28 | G78: =+C78+90 -> 44796 | H78: 350000 | I78: 44726 | J78: 44757 | K78: =67368.29+67368.3 -> 134736.59 | M78: =E78-K78 -> 271
A79: NOURAKKUMULATOREN | B79: FN220028 | C79: 44700 | D79: EUR | E79: 19835 | F79: =+E79*3.21925 -> 63853.824 | G79: 44723 | M79: =E79-K79 -> 19835
A80: MED ENERGY | B80: FN220029 | C80: 44700 | D80: EUR | E80: 41596.37 | F80: =+E80*3.21925 -> 133909.11 | G80: 44724 | K80: =36917.94+4570.87 -> 41488.81 | M80: =E80-K80 -> 107.56
A81: NOURAKKUMULATOREN | B81: FN220035 | C81: 44720 | D81: EUR | E81: 15019.5 | F81: =+E81*3.2477 -> 48778.83 | G81: =+C81+60 -> 44780 | M81: =E81-K81 -> 15019.5
A82: BATTERIEDIENST | B82: FN220038 | C82: 44735 | D82: EUR | E82: 16325.5 | F82: =+E82*3.2357 -> 52824.42 | G82: =+C82 -> 44735 | K82: =10000+6325.5 -> 16325.5 | M82: =E82-K82 -> 0
A83: MED ENERGY | B83: FN220039 | C83: 44735 | D83: EUR | E83: 9705.29 | F83: =+E83*3.23415 -> 31388.364 | G83: =+C83 -> 44735 | K83: =6578.08+3086.72 -> 9664.8 | M83: =E83-K83 -> 40.49
A84: MONBAT | B84: FN220046 | C84: 44753 | D84: EUR | E84: 43552.74 | F84: =+E84*3.2304 -> 140692.77 | G84: =+C84+60 -> 44813 | M84: =E84-K84 -> 43552.74
A85: MONBAT | B85: FN220047 | C85: 44753 | D85: EUR | E85: 43195.28 | F85: =+E85*3.2304 -> 139538.03 | G85: =+C85+60 -> 44813 | M85: =E85-K85 -> 43195.28
A86: MONBAT | B86: FN220048 | C86: 44753 | D86: EUR | E86: 41452.54 | F86: =+E86*3.2304 -> 133908.29 | G86: =+C86+60 -> 44813 | M86: =E86-K86 -> 41452.54
A87: MONBAT | B87: FN220049 | C87: 44753 | D87: EUR | E87: 1207.7 | F87: =+E87*3.2304 -> 3901.3541 | G87: =+C87+60 -> 44813 | M87: =E87-K87 -> 1207.7
A88: ERRAFIK | B88: FN220050 | C88: 44753 | D88: EUR | E88: 98603.56 | F88: =+E88*3.18275 -> 313830.48 | G88: =+C88+60 -> 44813 | M88: =E88-K88 -> 98603.56 | N88: LC BTL
A89: BATCAR | B89: FN220051 | C89: 44756 | D89: EUR | E89: 47243.16 | F89: =+E89*3.19645 -> 151010.4 | G89: 44756 | K89: 47218.16 | M89: =E89-K89 -> 25
A90: BATCAR | B90: FN220052 | C90: 44756 | D90: EUR | E90: 47401.6 | F90: =+E90*3.19645 -> 151516.84 | G90: 44756 | K90: 47376.6 | M90: =E90-K90 -> 25
A91: NOURAKKUMULATOREN | B91: FN220053 | C91: 44768 | D91: EUR | E91: 20384.14 | F91: =+E91*3.1936 -> 65098.79 | G91: =+C91 -> 44768 | K91: =10000+10000+384.14 -> 20384.14 | M91: =E91-K91 -> 0
A92: MED ENERGY | B92: FN220054 | C92: 44768 | D92: EUR | E92: 6241.69 | F92: =+E92*3.1936 -> 19933.461 | G92: =+C92 -> 44768 | K92: 6184.5 | M92: =E92-K92 -> 57.19
A93: BATTERIEDIENST | B93: FN220058 | C93: 44790 | D93: EUR | E93: 21869.49 | F93: =+E93*3.20385 -> 70066.566 | G93: =+C93 -> 44790 | K93: =10000+10000+1869.49 -> 21869.49 | M93: =E93-K93 -> 0
A94: ERRAFIK | B94: FN220059 | C94: 44802 | D94: EUR | E94: 100230.15 | F94: =+E94*3.19025 -> 319759.24 | G94: =+C94+60 -> 44862 | M94: =E94-K94 -> 100230.15
A95: BATTERIEDIENST | B95: FN220062 | C95: 44811 | D95: EUR | E95: 11298 | F95: =+E95*3.2001 -> 36154.73 | G95: =+C95 -> 44811 | K95: 11298 | M95: =E95-K95 -> 0
B102: EURO | C102: DOLLARS | D102: TND
A103: ERRAFIK
A104: 2019 | B104: =M4+M5 -> 75000
A105: 2020 | B105: =+M21 -> 3944.64
A106: 2021 | B106: 0 | C106: 0 | D106: 0
A107: 2022 | B107: =+M71+M74+M88+M94 -> 248166.41
...

Sheet CT
A1: Adr fact | B1: Nom | C1: Echeance | D1: Amount
A2: 4R12227 | B2: HAKIM BEN SADOK KHEMIS | C2: 44806 | D2: 225
A3: 4R13151 | B3: SMART CAR SERVICES | C3: 44811 | D3: 2531.151
A4: 1R05237 | B4: SOCIETE ZGOLLI TRAC | C4: 44812 | D4: 171.389
A5: 4S12082 | B5: STE BSA VOYAGES | C5: 44816 | D5: 917.78
A6: 4R12227 | B6: HAKIM BEN SADOK KHEMIS | C6: 44819 | D6: 145
A7: 1R06126 | B7: NAILA BEN AHMED JEMAI | C7: 44819 | D7: 2000
A8: 1R05103 | B8: JALEL BEN AHMED EL GABSI | C8: 44819 | D8: 114.84
A9: 1S02041 | B9: SOCIETE DE ROUTE ET BATIMENT | C9: 44824 | D9: 6421.818
A10: 1R02272 | B10: AHMED ALI IMEN | C10: 44824 | D10: 9000
A11: 7R20020 | B11: ELKHALDI ANIS B MED LAKHDHAR | C11: 44826 | D11: 2680.955
A12: 6R23139 | B12: AWADNI MAATOUG | C12: 44826 | D12: 930
A13: 3R18160 | B13: S M E A | C13: 44826 | D13: 5441.605
... A263: 8R11109 | B263: SOCIETE " BSPIA " | C263: 44834 | D263: 1685.973
A264: CHEQUE 09/2022 | D264: =SUM(D2:D263) -> 691341.8
A265: 6R21178 | B265: STE B.ABDESSALEM PIECES AUTO | C265: 44835 | D265: 3000
A266: 7R22048 | B266: STE SUD EQUIPEMENT GENERALE | C266: 44835 | D266: 7477.372
A267: 7R22039 | B267: STE AL BARAKA EQUIP.GENERALE | C267: 44835 | D267: 10299.921
A268: 7R22039 | B268: STE AL BARAKA EQUIP.GENERALE | C268: 44835 | D268: 15992.407
A269: 4R13145 | B269: STE GALAXY DE SRVICES | C269: 44835 | D269: 2000
A270: 4R13137 | B270: STE CENTRE NAOUALI SERVICES | C270: 44835 | D270: 1518.233
A271: 3R15047 | B271: STE ELWASAT | C271: 44835 | D271: 2105
A272: 3R15047 | B272: STE ELWASAT | C272: 44835 | D272: 1700
A273: 3R18438 | B273: MOUNIR AROUS | C273: 44835 | D273: 2295.063
A274: 3R15019 | B274: FERJANI FATHALLAH | C274: 44835 | D274: 1440
A275: 1R05181 | B275: MAJED BEN MED HAMMAMI | C275: 44835 | D275: 3000
A276: 1R05231 | B276: STE RAWCHEM AUTO PARTS | C276: 44835 | D276: 532.88
... A797: 8R09044 | B797: KOUKI FAOUZI | C797: 44865 | D797: 3585.793
A798: CHEQUE 10/2022 | D798: =SUM(D265:D797) -> 1587970.5
A799: 6R23165 | B799: NASRALLAH BELGACEM B.HOUCH | C799: 44866 | D799: 3000
A800: 6R21197 | B800: KOTNI ALI BEN SALAH | C800: 44866 | D800: 578.087
A801: 6R23155 | B801: STE EQUIP.INDUSTRIEL & MARIT | C801: 44866 | D801: 1000
A802: 7R22048 | B802: STE SUD EQUIPEMENT GENERALE | C802: 44866 | D802: 4896.829
A803: 4R13115 | B803: SOCIETE WORLD PARTS | C803: 44866 | D803: 1500
A804: 3R18442 | B804: SEIFEDDINE BEN ALI | C804: 44866 | D804: 3070
A805: 3R15047 | B805: STE ELWASAT | C805: 44866 | D805: 1000
A806: 8R09088 | B806: STE BEN MECHRI AUTO PIECES | C806: 44866 | D806: 5959.947
A807: 8R10052 | B807: STE MAIS | C807: 44866 | D807: 2086.218
A808: 6R21178 | B808: STE B.ABDESSALEM PIECES AUTO | C808: 44867 | D808: 1340.232
A809: 4R13151 | B809: SMART CAR SERVICES | C809: 44867 | D809: 1788.688
A810: 3R15038 | B810: ANIS BEN KHALIPHA RHAIEM | C810: 44867 | D810: 4413.423
... A1201: 8R08026 | B1201: RIDHA BEN ALI MENSI | C1201: 44895 | D1201: 4381.795
A1202: CHEQUE 11/2022 | D1202: =SUM(D799:D1201) -> 1235417
A1203: 7R22039 | B1203: STE AL BARAKA EQUIP.GENERALE | C1203: 44896 | D1203: 8256.448
A1204: 7R22048 | B1204: STE SUD EQUIPEMENT GENERALE | C1204: 44896 | D1204: 10282.078
A1205: 4R13115 | B1205: SOCIETE WORLD PARTS | C1205: 44896 | D1205: 1920.694
A1206: 3R18442 | B1206: SEIFEDDINE BEN ALI | C1206: 44896 | D1206: 3590
A1207: 6R21197 | B1207: KOTNI ALI BEN SALAH | C1207: 44897 | D1207: 590.274
A1208: 6R21187 | B1208: STE ALHADITHA DE PIECES AUTO | C1208: 44897 | D1208: 1000
A1209: 6R23139 | B1209: AWADNI MAATOUG | C1209: 44898 | D1209: 940
A1210: 3R18207 | B1210: SMAOUI MOHSEN | C1210: 44898 | D1210: 1103.362
A1211: 6R23155 | B1211: STE EQUIP.INDUSTRIEL & MARIT | C1211: 44900 | D1211: 3415.324
A1212: 6r21055 | B1212: S.G.P | C1212: 44900 | D1212: 950
A1213: 6R21197 | B1213: KOTNI ALI BEN SALAH | C1213: 44900 | D1213: 590.274
A1214: 7R19061 | B1214: STE GENERALE AUTO DU SUD | C1214: 44900 | D1214: 9455.579
... A1416: 8R09054 | B1416: OUESLATI LOTFI B BELGACEM | C1416: 44926 | D1416: 1234.012
A1417: CHEQUE 12/2022 | D1417: =SUM(D1203:D1416) -> 725557.46
A1418: 1r03157 | B1418: RIAHI TAREK B HMIDA B MED | C1418: 44927 | D1418: 770.988
A1419: 3R18207 | B1419: SMAOUI MOHSEN | C1419: 44928 | D1419: 1100
A1420: 6R21199 | B1420: S J D A | C1420: 44929 | D1420: 4000
A1421: 4R15060 | B1421: STE LIZIDI ACCESSOIRES AUTOS | C1421: 44929 | D1421: 1920
A1422: 4R13115 | B1422: SOCIETE WORLD PARTS | C1422: 44929 | D1422: 1500
A1423: 6R21199 | B1423: S J D A | C1423: 44931 | D1423: 4000
A1424: 7R19069 | B1424: HOUCINE B. ABDELHAMID BOUONI | C1424: 44931 | D1424: 3085.622
A1425: 4R14007 | B1425: PIECES AUTOS BEN ALAYA MED | C1425: 44931 | D1425: 2623.642
A1426: 1R02306 | B1426: STE ZORRAGA PICES AUTOS | C1426: 44931 | D1426: 7639.854
A1427: 4R13115 | B1427: SOCIETE WORLD PARTS | C1427: 44932 | D1427: 1500
A1428: 6R21178 | B1428: STE B.ABDESSALEM PIECES AUTO | C1428: 44933 | D1428: 3000
A1429: 6R21199 | B1429: S J D A | C1429: 44935 | D1429: 2893.762
... A1469: 4R12278 | B1469: SAMI GALLAS | C1469: 44957 | D1469: 20719.983
A1470: CHEQUE 01/2023 | D1470: =SUM(D1418:D1469) -> 215272.26
A1471: 1R02306 | B1471: STE ZORRAGA PICES AUTOS | C1471: 44962 | D1471: 11502.704
A1472: CHEQUE 02/2023 | D1472: =SUM(D1471) -> 11502.704
A1474: TOTAL CHEQUE | D1474: =+D1470+D1417+D1202+D798+D264+D1472 -> 4467061.8

Sheet TR 
A1: Adr fact | B1: Nom | C1: Echéance | D1: Montant
A2: 7R19052 | B2: ISMAIL BEN OTHMAN KARAOULI | C2: 44803 | D2: 1487.525
A3: 7S22006 | B3: STE BELMABROUK DES TRAVAUX | C3: 44805 | D3: 16242.403
A4: 7R19052 | B4: ISMAIL BEN OTHMAN KARAOULI | C4: 44834 | D4: 1061.717
A5: 7S22007 | B5: STE BOUAJILA ALI DE TP | C5: 44844 | D5: 22809.979
A6: 4R12220 | B6: LOTFI BEN MOHAMED KRIAA | C6: 44865 | D6: 3855.137
A7: 7R22002 | B7: STE GLE DE COMMERCE PIECES | C7: 44865 | D7: 3307.18
A8: 4R14015 | B8: STE EL GHARBI EQUIP.GENERAL | C8: 44879 | D8: 2500
A9: 3R18331 | B9: STE SCAPA | C9: 44885 | D9: 3895
A10: 4R12182 | B10: S T A A S | C10: 44885 | D10: 1766.101
A11: 4R14015 | B11: STE EL GHARBI EQUIP.GENERAL | C11: 44886 | D11: 2500
A12: 3R18338 | B12: STE COMPTOIR SFAXIEN PIECES | C12: 44895 | D12: 2165.6
A13: 3R18331 | B13: STE SCAPA | C13: 44895 | D13: 3893.523
... A41: 4R13147 | B41: STE KACEM ET FRERES | C41: 44971 | D41: 24938.263
A42: TOTAL TRAITE | D42: =SUM(D2:D41) -> 163060.93

Sheet SNA
A1: TYPE | B1: DESIGN | C1: OP N° | D1: DATE-OP | E1: DATE-RECU | F1: MT OUV | G1: REG | I1: MT | J1: Échéance | K1: Agence | L1: N° CHQ
A2: CH | B2: SALAIRE | C2: 00012403 | D2: 43320 | E2: 43322 | F2: =SUM(I2*G2) -> 46.744 | G2: 1 | H2: =IF(E2="",1,0) -> 0 | I2: 46.744 | J2: =D2 -> 43320 | K2: MEGRINE | L2: 0002362
A3: CH | B3: SALAIRE | C3: 00012564 | D3: 43361 | E3: 43410 | F3: =SUM(I3*G3) -> 46.759 | G3: 1 | H3: =IF(E3="",1,0) -> 0 | I3: 46.759 | J3: =+D3 -> 43361 | K3: MEGRINE | L3: 0002491
A4: CH | B4: SALAIRE HADJI RIHAB | C4: 00012719 | D4: 43391 | E4: 43712 | F4: =SUM(I4*G4) -> 35.703 | G4: 1 | H4: =IF(E4="",1,0) -> 0 | I4: 35.703 | J4: 43391 | K4: MEGRINE | L4: 0002610
A5: CH | B5: SALAIRE | C5: 00013343 | D5: 43530 | E5: 43532 | F5: =SUM(I5*G5) -> 536.393 | G5: 1 | H5: =IF(E5="",1,0) -> 0 | I5: 536.393 | J5: =+D5 -> 43530 | K5: MEGRINE | L5: 0003261
A6: CH | B6: IRPP | C6: 00013492 | D6: 43550 | E6: 43554 | F6: =SUM(I6*G6) -> 598.751 | G6: 1 | H6: =IF(E6="",1,0) -> 0 | I6: 598.751 | J6: =+D6 -> 43550 | K6: MEGRINE | L6: 0003379
A7: CH | B7: IRPP | C7: 00013500 | D7: 43550 | E7: 43554 | F7: =SUM(I7*G7) -> 1107.198 | G7: 1 | H7: =IF(E7="",1,0) -> 0 | I7: 1107.198 | J7: =+D7 -> 43550 | K7: MEGRINE | L7: 0003387
A8: CH | B8: IRPP | C8: 00013501 | D8: 43550 | E8: 43554 | F8: =SUM(I8*G8) -> 222.528 | G8: 1 | H8: =IF(E8="",1,0) -> 0 | I8: 222.528 | J8: =+D8 -> 43550 | K8: MEGRINE | L8: 0003388
A9: CH | B9: IRPP | C9: 00013506 | D9: 43550 | E9: 43554 | F9: =SUM(I9*G9) -> 103.777 | G9: 1 | H9: =IF(E9="",1,0) -> 0 | I9: 103.777 | J9: =+D9 -> 43550 | K9: MEGRINE | L9: 0003393
A10: CH | B10: IRPP | C10: 00013509 | D10: 43550 | E10: 43554 | F10: =SUM(I10*G10) -> 82.738 | G10: 1 | H10: =IF(E10="",1,0) -> 0 | I10: 82.738 | J10: =+D10 -> 43550 | K10: MEGRINE | L10: 0003396
A11: CH | B11: POUR ECRITURE HORS EXPLOITAT | C11: 00015490 | D11: 43901 | E11: 43903 | F11: =SUM(I11*G11) -> 11.249 | G11: 1 | H11: =IF(E11="",1,0) -> 0 | I11: 11.249 | J11: =+D11 -> 43901 | K11: MEGRINE | L11: 0004937
A12: CH | B12: LA POSTE | C12: 00016688 | D12: 44125 | F12: =SUM(I12*G12) -> 0 | G12: 1 | H12: =IF(E12="",1,0) -> 1 | I12: 0 | J12: =+D12 -> 44125 | K12: MEGRINE | L12: 0005880
A13: CH | B13: POUR ECRITURE HORS EXPLOITAT | C13: 00017179 | D13: 44188 | E13: 44190 | F13: =SUM(I13*G13) -> 257.143 | G13: 1 | H13: =IF(E13="",1,0) -> 0 | I13: 257.143 | J13: =+D13 -> 44188 | K13: MEGRINE | L13: 0006294
A14: CH | B14: STAM | C14: 00017815 | D14: 44279 | F14: =SUM(I14*G14) -> 0 | G14: 1 | H14: =IF(E14="",1,0) -> 1 | I14: 0 | J14: =+D14 -> 44279 | K14: MEGRINE | L14: 0006832
A15: CH | B15: AST (AVENIR SERVICE TRANSPOR | C15: 00018440 | D15: 44392 | F15: =SUM(I15*G15) -> 0 | G15: 1 | H15: =IF(E15="",1,0) -> 1 | I15: 0 | J15: =+D15 -> 44392 | K15: MEGRINE | L15: 0007349
A16: CH | B16: INNORPI | C16: 00018545 | D16: 44413 | F16: =SUM(I16*G16) -> 0 | G16: 1 | H16: =IF(E16="",1,0) -> 1 | I16: 0 | J16: =+D16 -> 44413 | K16: MEGRINE | L16: 0007368
A17: CH | B17: IFC (INTERNATIONAL FREIGHT | C17: 00018663 | D17: 44434 | F17: =SUM(I17*G17) -> 0 | G17: 1 | H17: =IF(E17="",1,0) -> 1 | I17: 0 | J17: =+D17 -> 44434 | K17: MEGRINE | L17: 0007402
A18: CH | B18: I F C | C18: 00018816 | D18: 44456 | F18: =SUM(I18*G18) -> 0 | G18: 1 | H18: =IF(E18="",1,0) -> 1 | I18: 0 | J18: =+D18 -> 44456 | K18: MEGRINE | L18: 0007436
A19: CH | B19: SEA LOG | C19: 00018831 | D19: 44460 | E19: 44462 | F19: =SUM(I19*G19) -> 0 | G19: 1 | H19: =IF(E19="",1,0) -> 0 | I19: 0 | J19: =+D19 -> 44460 | K19: MEGRINE | L19: 0007440
A20: CH | B20: Trans Glory Tunise | C20: 00020498 | D20: 44704 | F20: =SUM(I20*G20) -> 0 | G20: 1 | H20: =IF(E20="",1,0) -> 1 | I20: 0 | J20: =+D20 -> 44704 | K20: MEGRINE | L20: 0007906
A21: CH | B21: CMA CGM | C21: 00020540 | D21: 44713 | F21: =SUM(I21*G21) -> 0 | G21: 1 | H21: =IF(E21="",1,0) -> 1 | I21: 0 | J21: =+D21 -> 44713 | K21: MEGRINE | L21: 0007949
A22: CH | B22: GENMAR | C22: 00020808 | D22: 44749 | F22: =SUM(I22*G22) -> 0 | G22: 1 | H22: =IF(E22="",1,0) -> 1 | I22: 0 | J22: =+D22 -> 44749 | K22: MEGRINE | L22: 0008178
A23: CH | B23: GENMAR | C23: 00020810 | D23: 44749 | F23: =SUM(I23*G23) -> 0 | G23: 1 | H23: =IF(E23="",1,0) -> 1 | I23: 0 | J23: =+D23 -> 44749 | K23: MEGRINE | L23: 0008180
A24: CH | B24: LA DOUANE | C24: 00020817 | D24: 44749 | F24: =SUM(I24*G24) -> 0 | G24: 1 | H24: =IF(E24="",1,0) -> 1 | I24: 0 | J24: =+D24 -> 44749 | K24: MEGRINE | L24: 0008187
A25: CH | B25: GERMANETTI | C25: 00021462 | D25: 44846 | F25: =SUM(I25*G25) -> 0 | G25: 1 | H25: =IF(E25="",1,0) -> 1 | I25: 0 | J25: =+D25 -> 44846 | K25: MEGRINE | L25: 0008740
A26: CH | B26: TUNISHIP | C26: 00021472 | D26: 44847 | F26: =SUM(I26*G26) -> 0 | G26: 1 | H26: =IF(E26="",1,0) -> 1 | I26: 0 | J26: =+D26 -> 44847 | K26: MEGRINE | L26: 0008749
A27: CH | B27: MAERSK TUNISIE | C27: 00021479 | D27: 44847 | F27: =SUM(I27*G27) -> 0 | G27: 1 | H27: =IF(E27="",1,0) -> 1 | I27: 0 | J27: =+D27 -> 44847 | K27: MEGRINE | L27: 0008756
A28: CH | B28: POUR ECRITURE HORS EXPLOITAT | C28: 00021656 | D28: 44869 | F28: =SUM(I28*G28) -> 73.627 | G28: 1 | H28: =IF(E28="",1,0) -> 1 | I28: 73.627 | J28: =+D28 -> 44869 | K28: MEGRINE | L28: 0008897
A29: CH | B29: POUR ECRITURE HORS EXPLOITAT | C29: 00021661 | D29: 44869 | F29: =SUM(I29*G29) -> 239.289 | G29: 1 | H29: =IF(E29="",1,0) -> 1 | I29: 239.289 | J29: =+D29 -> 44869 | K29: MEGRINE | L29: 0008903
A30: CH | B30: GROUPMENT MEDECIN DE TRAVAIL | C30: 00021662 | D30: 44869 | F30: =SUM(I30*G30) -> 4766.38 | G30: 1 | H30: =IF(E30="",1,0) -> 1 | I30: 4766.38 | J30: =+D30 -> 44869 | K30: MEGRINE | L30: 0008904
A31: CH | B31: FOURNISSEURS ACHATS | C31: 00021669 | D31: 44872 | F31: =SUM(I31*G31) -> 850 | G31: 1 | H31: =IF(E31="",1,0) -> 1 | I31: 850 | J31: =+D31 -> 44872 | K31: MEGRINE | L31: 0008909
... A50: CH | B50: LA POSTE | C50: 00022848 | D50: 45033 | F50: =SUM(I50*G50) -> 0 | G50: 1 | H50: =IF(E50="",1,0) -> 1 | I50: 0 | J50: =+D50 -> 45033 | K50: MEGRINE | L50: 0009858
A51: CH | B51: FOURNISSEURS ACHATS | C51: 00022958 | D51: 45051 | F51: =SUM(I51*G51) -> 160 | G51: 1 | H51: =IF(E51="",1,0) -> 1 | I51: 160 | J51: 45050 | K51: MEGRINE | L51: 0009950
A52: CH | B52: BSA | C52: 00022961 | D52: 45051 | F52: =SUM(I52*G52) -> 0 | G52: 0 | H52: =IF(E52="",1,0) -> 1 | I52: 3112.353 | J52: 45051 | K52: MEGRINE | L52: 0009952
A53: CH | B53: SPHD-SELMA PRODUITS | C53: 00022972 | D53: 45054 | F53: =SUM(I53*G53) -> 0 | G53: 0 | H53: =IF(E53="",1,0) -> 1 | I53: 119.524 | J53: 45054 | K53: MEGRINE | L53: 0009962
A54: CH | B54: 2RE | C54: 00022978 | D54: 45054 | F54: =SUM(I54*G54) -> 0 | G54: 0 | H54: =IF(E54="",1,0) -> 1 | I54: 237.68 | J54: 45054 | K54: MEGRINE | L54: 0009967
A55: CH | B55: MFN AUTOMATION-SARL | C55: 00022985 | D55: 45054 | F55: =SUM(I55*G55) -> 0 | G55: 0 | H55: =IF(E55="",1,0) -> 1 | I55: 432.613 | J55: 45054 | K55: MEGRINE | L55: 0009972
A56: CH | B56: ESILAB | C56: 00023007 | D56: 45055 | F56: =SUM(I56*G56) -> 0 | G56: 0 | H56: =IF(E56="",1,0) -> 1 | I56: 628.13 | J56: 45055 | K56: MEGRINE | L56: 0009995
A57: CH | B57: BSA | C57: 00023013 | D57: 45056 | F57: =SUM(I57*G57) -> 0 | G57: 0 | H57: 0 | I57: 403.22 | J57: =+D57 -> 45056 | K57: MEGRINE | L57: 0010001
A58: CH | B58: STE TOP ETANCHEITE | C58: 00023092 | D58: 45069 | F58: =SUM(I58*G58) -> 0 | G58: 0 | H58: =IF(E58="",1,0) -> 1 | I58: 324.228 | J58: 45069 | K58: MEGRINE | L58: 0010026
A59: CH | B59: STE MOHSEN GUEDRI | C59: 00023169 | D59: 45076 | F59: =SUM(I59*G59) -> 0 | G59: 0 | H59: =IF(E59="",1,0) -> 1 | I59: 487.218 | J59: =+D59 -> 45076 | K59: MEGRINE | L59: 0010089
A60: CH | B60: TUNISIE VEHICULES INDUSTRIEL | C60: 00023174 | D60: 45077 | F60: =SUM(I60*G60) -> 0 | G60: 0 | H60: =IF(E60="",1,0) -> 1 | I60: 192.662 | J60: =+D60 -> 45077 | K60: MEGRINE | L60: 0010092
A61: CH | B61: 2RE | C61: 00023187 | D61: 45077 | F61: =SUM(I61*G61) -> 0 | G61: 0 | H61: =IF(E61="",1,0) -> 1 | I61: 549.017 | J61: =+D61 -> 45077 | K61: MEGRINE | L61: 0010100
A62: CH | B62: SPZ | C62: 00023188 | D62: 45077 | F62: =SUM(I62*G62) -> 0 | G62: 0 | H62: =IF(E62="",1,0) -> 1 | I62: 188.006 | J62: =+D62 -> 45077 | K62: MEGRINE | L62: 0010101
A63: CH | B63: GreenLab | C63: 00023189 | D63: 45077 | F63: =SUM(I63*G63) -> 0 | G63: 0 | H63: =IF(E63="",1,0) -> 1 | I63: 390.052 | J63: =+D63 -> 45077 | K63: MEGRINE | L63: 0010102
A64: CH | B64: STE EL KHADRA | C64: 00023199 | D64: 45077 | F64: =SUM(I64*G64) -> 0 | G64: 0 | H64: =IF(E64="",1,0) -> 1 | I64: 6941.817 | J64: =+D64 -> 45077 | K64: MEGRINE | L64: 0010108 | M64: M P
A65: CH | B65: CEH-CPT DE L'EQU HAMMAMET | C65: 00023076 | D65: 45068 | F65: =SUM(I65*G65) -> 226.029 | G65: 1 | H65: =IF(E65="",1,0) -> 1 | I65: 226.029 | J65: 45068 | K65: MEGRINE | L65: 0010161
A66: CH | B66: FOURNISSEURS ACHATS | C66: 00023088 | D66: 45069 | F66: =SUM(I66*G66) -> 0 | G66: 0 | H66: =IF(E66="",1,0) -> 1 | I66: 220 | J66: 45069 | K66: MEGRINE | L66: 0010172
A67: CH | B67: PREVENTION PLUS | C67: 00023091 | D67: 45069 | F67: =SUM(I67*G67) -> 0 | G67: 0 | H67: =IF(E67="",1,0) -> 1 | I67: 1848.044 | J67: 45069 | K67: MEGRINE | L67: 0010175
A68: CH | B68: LOUKIL VEHICULES INDUSTRIELS | C68: 00023250 | D68: 45086 | F68: =SUM(I68*G68) -> 2663.973 | G68: 1 | H68: =IF(E68="",1,0) -> 1 | I68: 2663.973 | J68: =D68 -> 45086 | K68: MEGRINE | L68: 0010184
A69: CH | B69: GreenLab | C69: 00023252 | D69: 45086 | F69: =SUM(I69*G69) -> 0 | G69: 0 | H69: =IF(E69="",1,0) -> 1 | I69: 390.052 | J69: =D69 -> 45086 | K69: MEGRINE | L69: 0010186
A70: CH | B70: IMEC INTERNATIONAL | C70: 00023266 | D70: 45089 | F70: =SUM(I70*G70) -> 0 | G70: 0 | H70: =IF(E70="",1,0) -> 1 | I70: 893.1 | J70: =D70 -> 45089 | K70: MEGRINE | L70: 0010201
A71: CH | B71: CARTHAGE TOURS | C71: 00023268 | D71: 45089 | F71: =SUM(I71*G71) -> 611 | G71: 1 | H71: =IF(E71="",1,0) -> 1 | I71: 611 | J71: =D71 -> 45089 | K71: MEGRINE | L71: 0010203
A72: CH | B72: BSA | C72: 00023271 | D72: 45089 | F72: =SUM(I72*G72) -> 0 | G72: 0 | H72: =IF(E72="",1,0) -> 1 | I72: 3829.815 | J72: =D72 -> 45089 | K72: MEGRINE | L72: 0010206
A73: CH | B73: GreenLab | C73: 00023275 | D73: 45089 | F73: =SUM(I73*G73) -> 0 | G73: 0 | H73: =IF(E73="",1,0) -> 1 | I73: 341.902 | J73: =D73 -> 45089 | K73: MEGRINE | L73: 0010209
A74: CH | B74: PRECISOIN ELECTRONIQUE | C74: 00023276 | D74: 45089 | F74: =SUM(I74*G74) -> 0 | G74: 0 | H74: =IF(E74="",1,0) -> 1 | I74: 1225.818 | J74: =D74 -> 45089 | K74: MEGRINE | L74: 0010210
A75: CH | B75: CHAMBRE DE COMMERCE | C75: 00023296 | D75: 45090 | F75: =SUM(I75*G75) -> 0 | G75: 0 | H75: =IF(E75="",1,0) -> 1 | I75: 304.3 | J75: =D75 -> 45090 | K75: MEGRINE | L75: 0010227
A76: CH | B76: STPA | C76: 00023605 | D76: 45149 | F76: =SUM(I76*G76) -> 197.97 | G76: 1 | H76: =IF(E76="",1,0) -> 1 | I76: 197.97 | J76: =D76 -> 45149 | K76: MEGRINE | L76: 0010238
A77: CH | B77: MSC | C77: 00023349 | D77: 45100 | E77: 45103 | F77: =SUM(I77*G77) -> 0 | G77: 0 | H77: =IF(E77="",1,0) -> 0 | I77: 6000 | J77: =D77 -> 45100 | K77: MEGRINE | L77: 0010273
A78: CH | B78: MSC | C78: 00023350 | D78: 45100 | E78: 45103 | F78: =SUM(I78*G78) -> 0 | G78: 0 | H78: =IF(E78="",1,0) -> 0 | I78: 2002.58 | J78: =D78 -> 45100 | K78: MEGRINE | L78: 0010274
A79: CH | B79: LA DOUANE | C79: 00023351 | D79: 45100 | E79: 45103 | F79: =SUM(I79*G79) -> 0 | G79: 0 | H79: =IF(E79="",1,0) -> 0 | I79: 1208.217 | J79: =D79 -> 45100 | K79: MEGRINE | L79: 0010276
A80: CH | B80: STAM | C80: 00023352 | D80: 45100 | E80: 45103 | F80: =SUM(I80*G80) -> 0 | G80: 0 | H80: =IF(E80="",1,0) -> 0 | I80: 2063.746 | J80: =D80 -> 45100 | K80: MEGRINE | L80: 0010277
A81: CH | B81: STE RAYHANA PRINT | C81: 00023357 | D81: 45110 | F81: =SUM(I81*G81) -> 0 | G81: 0 | H81: =IF(E81="",1,0) -> 1 | I81: 481.76 | J81: =D81 -> 45110 | K81: MEGRINE | L81: 0010281
A82: CH | B82: SUMP | C82: 00023361 | D82: 45110 | F82: =SUM(I82*G82) -> 0 | G82: 0 | H82: =IF(E82="",1,0) -> 1 | I82: 397.627 | J82: =D82 -> 45110 | K82: MEGRINE | L82: 0010285
A83: CH | B83: STI-RELEC | C83: 00023362 | D83: 45110 | F83: =SUM(I83*G83) -> 0 | G83: 0 | H83: =IF(E83="",1,0) -> 1 | I83: 632.071 | J83: =D83 -> 45110 | K83: MEGRINE | L83: 0010286
A84: CH | B84: 2RE | C84: 00023367 | D84: 45110 | F84: =SUM(I84*G84) -> 0 | G84: 0 | H84: =IF(E84="",1,0) -> 1 | I84: 357.964 | J84: =D84 -> 45110 | K84: MEGRINE | L84: 0010287
A85: CH | B85: BSA | C85: 00023381 | D85: 45111 | F85: =SUM(I85*G85) -> 0 | G85: 0 | H85: =IF(E85="",1,0) -> 1 | I85: 1848.251 | J85: =D85 -> 45111 | K85: MEGRINE | L85: 0010297
A86: CH | B86: DEVELOPPEMENT TECHNIQUE | C86: 00023385 | D86: 45111 | F86: =SUM(I86*G86) -> 1473.219 | G86: 1 | H86: =IF(E86="",1,0) -> 1 | I86: 1473.219 | J86: =D86 -> 45111 | K86: MEGRINE | L86: 0010300
A87: CH | B87: AMINE BOUALEGUE | C87: 00023386 | D87: 45111 | F87: =SUM(I87*G87) -> 0 | G87: 0 | H87: =IF(E87="",1,0) -> 1 | I87: 308 | J87: =D87 -> 45111 | K87: MEGRINE | L87: 0010301
A88: CH | B88: EQUIPEMENT MODERNE HARDWARE | C88: 00023394 | D88: 45111 | F88: =SUM(I88*G88) -> 0 | G88: 0 | H88: =IF(E88="",1,0) -> 1 | I88: 155.466 | J88: =D88 -> 45111 | K88: MEGRINE | L88: 0010305
A89: CH | B89: MSC | C89: 00023398 | D89: 45111 | F89: =SUM(I89*G89) -> 0 | G89: 0 | H89: =IF(E89="",1,0) -> 1 | I89: 2529.806 | J89: =D89 -> 45111 | K89: MEGRINE | L89: 0010307
A90: CH | B90: MSC | C90: 00023407 | D90: 45113 | E90: 45114 | F90: =SUM(I90*G90) -> 0 | G90: 0 | H90: =IF(E90="",1,0) -> 0 | I90: 1727.12 | J90: =D90 -> 45113 | K90: MEGRINE | L90: 0010317
A91: CH | B91: MSC | C91: 00023408 | D91: 45113 | E91: 45114 | F91: =SUM(I91*G91) -> 0 | G91: 0 | H91: =IF(E91="",1,0) -> 0 | I91: 8000 | J91: =D91 -> 45113 | K91: MEGRINE | L91: 0010318
A92: CH | B92: LA DOUANE | C92: 00023409 | D92: 45113 | E92: 45114 | F92: =SUM(I92*G92) -> 0 | G92: 0 | H92: =IF(E92="",1,0) -> 0 | I92: 35197.374 | J92: =D92 -> 45113 | K92: MEGRINE | L92: 0010319
A93: CH | B93: STAM | C93: 00023410 | D93: 45113 | E93: 45114 | F93: =SUM(I93*G93) -> 0 | G93: 0 | H93: =IF(E93="",1,0) -> 0 | I93: 779.26 | J93: =D93 -> 45113 | K93: MEGRINE | L93: 0010321
A94: CH | B94: DELTA ELECTRICAL SOLUTIONS | C94: 00023419 | D94: 45113 | F94: =SUM(I94*G94) -> 0 | G94: 0 | H94: =IF(E94="",1,0) -> 1 | I94: 930.319 | J94: =D94 -> 45113 | K94: MEGRINE | L94: 0010329
A95: CH | B95: AMINE BOUALEGUE | C95: 00023421 | D95: 45113 | F95: =SUM(I95*G95) -> 0 | G95: 0 | H95: =IF(E95="",1,0) -> 1 | I95: 2867.04 | J95: =D95 -> 45113 | K95: MEGRINE | L95: 0010331
A96: CH | B96: IMEC INTERNATIONAL | C96: 00023422 | D96: 45113 | F96: =SUM(I96*G96) -> 0 | G96: 0 | H96: =IF(E96="",1,0) -> 1 | I96: 1157.75 | J96: =D96 -> 45113 | K96: MEGRINE | L96: 0010332
A97: CH | B97: STE RAYHANA PRINT | C97: 00023423 | D97: 45113 | F97: =SUM(I97*G97) -> 0 | G97: 0 | H97: =IF(E97="",1,0) -> 1 | I97: 529.836 | J97: =D97 -> 45113 | K97: MEGRINE | L97: 0010333
A98: CH | B98: CHIMEX | C98: 00023425 | D98: 45113 | F98: =SUM(I98*G98) -> 0 | G98: 0 | H98: =IF(E98="",1,0) -> 1 | I98: 13897.858 | J98: =D98 -> 45113 | K98: MEGRINE | L98: 0010335 | M98: M P
A99: CH | B99: STAR EQUIPEMENT | C99: 00023433 | D99: 45114 | F99: =SUM(I99*G99) -> 0 | G99: 0 | H99: =IF(E99="",1,0) -> 1 | I99: 527.27 | J99: =D99 -> 45114 | K99: MEGRINE | L99: 0010338
A100: CH | B100: MATECH | C100: 00023435 | D100: 45114 | F100: =SUM(I100*G100) -> 4448.606 | G100: 1 | H100: =IF(E100="",1,0) -> 1 | I100: 4448.606 | J100: =D100 -> 45114 | K100: MEGRINE | L100: 0010339
A101: CH | B101: Electro Diesel Tunisie | C101: 00023436 | D101: 45114 | F101: =SUM(I101*G101) -> 0 | G101: 0 | H101: =IF(E101="",1,0) -> 1 | I101: 997.663 | J101: =D101 -> 45114 | K101: MEGRINE | L101: 0010340
A102: CH | B102: MFN AUTOMATION-SARL | C102: 00023438 | D102: 45114 | F102: =SUM(I102*G102) -> 0 | G102: 0 | H102: =IF(E102="",1,0) -> 1 | I102: 1669.206 | J102: =D102 -> 45114 | K102: MEGRINE | L102: 0010341
A103: CH | B103: SPHD-SELMA PRODUITS | C103: 00023445 | D103: 45114 | F103: =SUM(I103*G103) -> 0 | G103: 0 | H103: =IF(E103="",1,0) -> 1 | I103: 119.524 | J103: =D103 -> 45114 | K103: MEGRINE | L103: 0010346
A104: CH | B104: GROUPE GAZELLE SAHARA | C104: 00023451 | D104: 45114 | F104: =SUM(I104*G104) -> 0 | G104: 0 | H104: =IF(E104="",1,0) -> 1 | I104: 835 | J104: =D104 -> 45114 | K104: MEGRINE | L104: 0010349
A105: CH | B105: HOUSSEM MOUSSA | C105: 00023455 | D105: 45114 | F105: =SUM(I105*G105) -> 0 | G105: 0 | H105: =IF(E105="",1,0) -> 1 | I105: 409.658 | J105: =D105 -> 45114 | K105: MEGRINE | L105: 0010353
A106: CH | B106: MSC | C106: 00023469 | D106: 45118 | F106: =SUM(I106*G106) -> 311.569 | G106: 1 | H106: =IF(E106="",1,0) -> 1 | I106: 311.569 | J106: =D106 -> 45118 | K106: MEGRINE | L106: 0010360
A107: CH | B107: COTECH | C107: 00023494 | D107: 45124 | F107: =SUM(I107*G107) -> 596 | G107: 1 | H107: =IF(E107="",1,0) -> 1 | I107: 596 | J107: =D107 -> 45124 | K107: MEGRINE | L107: 0010380
A108: CH | B108: S O N E D E | C108: 00023496 | D108: 45124 | F108: =SUM(I108*G108) -> 7191.043 | G108: 1 | H108: =IF(E108="",1,0) -> 1 | I108: 7191.043 | J108: =D108 -> 45124 | K108: MEGRINE | L108: 0010382
A109: CH | B109: LAB EQUIPEMENT | C109: 00023503 | D109: 45125 | F109: =SUM(I109*G109) -> 0 | G109: 0 | H109: =IF(E109="",1,0) -> 1 | I109: 4006.53 | J109: =D109 -> 45125 | K109: MEGRINE | L109: 0010385
A110: CH | B110: STIRELEC COMMERCE | C110: 00023504 | D110: 45125 | F110: =SUM(I110*G110) -> 0 | G110: 0 | H110: =IF(E110="",1,0) -> 1 | I110: 2161.624 | J110: =D110 -> 45125 | K110: MEGRINE | L110: 0010386
A111: CH | B111: CHIMEX | C111: 00023505 | D111: 45125 | F111: =SUM(I111*G111) -> 0 | G111: 0 | H111: =IF(E111="",1,0) -> 1 | I111: 14887.462 | J111: =D111 -> 45125 | K111: MEGRINE | L111: 0010387 | M111: M P
A112: CH | B112: GreenLab | C112: 00023507 | D112: 45125 | F112: =SUM(I112*G112) -> 0 | G112: 0 | H112: =IF(E112="",1,0) -> 1 | I112: 390.052 | J112: =D112 -> 45125 | K112: MEGRINE | L112: 0010388
A113: CH | B113: GENPACK | C113: 00023509 | D113: 45125 | F113: =SUM(I113*G113) -> 0 | G113: 0 | H113: =IF(E113="",1,0) -> 1 | I113: 619.8 | J113: =D113 -> 45125 | K113: MEGRINE | L113: 0010389
A114: CH | B114: EXPRESS TRANSIT | C114: 00023512 | D114: 45125 | F114: =SUM(I114*G114) -> 0 | G114: 0 | H114: =IF(E114="",1,0) -> 1 | I114: 1897.687 | J114: =D114 -> 45125 | K114: MEGRINE | L114: 0010392
A115: CH | B115: NAWFIL HAMZI | C115: 00023513 | D115: 45125 | F115: =SUM(I115*G115) -> 0 | G115: 0 | H115: =IF(E115="",1,0) -> 1 | I115: 1431.045 | J115: =D115 -> 45125 | K115: MEGRINE | L115: 0010393
A116: CH | B116: RETAURANT LE BON GOUT | C116: 00023514 | D116: 45125 | F116: =SUM(I116*G116) -> 0 | G116: 0 | H116: =IF(E116="",1,0) -> 1 | I116: 338.5 | J116: =D116 -> 45125 | K116: MEGRINE | L116: 0010394
A117: CH | B117: 2RE | C117: 00023521 | D117: 45125 | F117: =SUM(I117*G117) -> 0 | G117: 0 | H117: =IF(E117="",1,0) -> 1 | I117: 675.73 | J117: =D117 -> 45125 | K117: MEGRINE | L117: 0010396
A118: CH | B118: RESSORT BEN AISSA | C118: 00023527 | D118: 45125 | F118: =SUM(I118*G118) -> 0 | G118: 0 | H118: =IF(E118="",1,0) -> 1 | I118: 131.406 | J118: =D118 -> 45125 | K118: MEGRINE | L118: 0010401
...

Sheet SND
A1: TYPE | B1: DESIGN | C1: OP N° | D1: DATE-OP | E1: DATE-RECU | F1: MT OUV | G1: REG | I1: MT | J1: Banque | K1: Échéance | L1: N° CHQ | M1: STATUT
A2: CH | B2: HELA SEMMERI | C2: 00005927 | D2: 43105 | F2: =SUM(I2*G2) -> 522.746 | G2: 1 | H2: =IF(E2="",1,0) -> 1 | I2: 522.746 | J2: MEGRINE | K2: =D2 -> 43105 | L2: 0000507 | M2: FINANCES
A3: CH | B3: FOURNISSEUR HORS EXPLOITAT. | C3: 00011129 | D3: 45008 | F3: =SUM(I3*G3) -> 436.741 | G3: 1 | H3: =IF(E3="",1,0) -> 1 | I3: 436.741 | L3: 0000614
A4: CH | B4: FOURNISSEUR HORS EXPLOITAT. | C4: 00011143 | D4: 45020 | F4: =SUM(I4*G4) -> 257.67 | G4: 1 | H4: =IF(E4="",1,0) -> 1 | I4: 257.67 | L4: 0000615
A5: CH | B5: FOURNISSEUR HORS EXPLOITAT. | C5: 00011273 | D5: 45058 | F5: =SUM(I5*G5) -> 478.506 | G5: 1 | H5: =IF(E5="",1,0) -> 1 | I5: 478.506 | L5: 0000622
A6: CH | B6: ZRIBI MAKRAM | C6: 00006362 | D6: 43284 | F6: =SUM(I6*G6) -> 95.2 | G6: 1 | H6: =IF(E6="",1,0) -> 1 | I6: 95.2 | J6: MEGRINE | K6: =D6 -> 43284 | L6: 0000724 | M6: FINANCES
A7: CH | B7: ZRIBI MAKRAM | C7: 00006375 | D7: 43287 | F7: =SUM(I7*G7) -> 303.45 | G7: 1 | H7: =IF(E7="",1,0) -> 1 | I7: 303.45 | J7: MEGRINE | K7: =D7 -> 43287 | L7: 0000730 | M7: FINANCES
A8: CH | B8: FOURNISSEUR HORS EXPLOITAT. | C8: 00011141 | D8: 45014 | F8: =SUM(I8*G8) -> 1223.413 | G8: 1 | H8: =IF(E8="",1,0) -> 1 | I8: 1223.413 | L8: 0000883
A9: CH | B9: FOURNISSEUR HORS EXPLOITAT. | C9: 00011198 | D9: 45035 | F9: =SUM(I9*G9) -> 559.604 | G9: 1 | H9: =IF(E9="",1,0) -> 1 | I9: 559.604 | L9: 0000888
A10: CH | B10: FOURNISSEUR HORS EXPLOITAT. | C10: 00011276 | D10: 45063 | F10: =SUM(I10*G10) -> 494.125 | G10: 1 | H10: =IF(E10="",1,0) -> 1 | I10: 494.125 | L10: 0000894
A11: CH | B11: FOURNISSEUR HORS EXPLOITAT. | C11: 00011083 | D11: 44985 | F11: =SUM(I11*G11) -> 1340.396 | G11: 1 | H11: =IF(E11="",1,0) -> 1 | I11: 1340.396 | J11: GAFSA | K11: =+D11 -> 44985 | L11: 0000895
A12: CH | B12: FOURNISSEUR HORS EXPLOITAT. | C12: 00011279 | D12: 45063 | F12: =SUM(I12*G12) -> 36.4 | G12: 1 | H12: =IF(E12="",1,0) -> 1 | I12: 36.4 | L12: 0000895
A13: CH | B13: FOURNISSEUR HORS EXPLOITAT. | C13: 00011144 | D13: 45020 | F13: =SUM(I13*G13) -> 554.825 | G13: 1 | H13: =IF(E13="",1,0) -> 1 | I13: 554.825 | L13: 0000901
A14: CH | B14: FOURNISSEUR HORS EXPLOITAT. | C14: 00011197 | D14: 45035 | F14: =SUM(I14*G14) -> 420.5 | G14: 1 | H14: =IF(E14="",1,0) -> 1 | I14: 420.5 | L14: 0000906
A15: CH | B15: FOURNISSEUR HORS EXPLOITAT. | C15: 00011236 | D15: 45050 | F15: =SUM(I15*G15) -> 778.798 | G15: 1 | H15: =IF(E15="",1,0) -> 1 | I15: 778.798 | L15: 0000909
A16: CH | B16: FOURNISSEUR HORS EXPLOITAT. | C16: 00011277 | D16: 45063 | F16: =SUM(I16*G16) -> 461.689 | G16: 1 | H16: =IF(E16="",1,0) -> 1 | I16: 461.689 | L16: 0000913
A17: CH | B17: FOURNISSEUR HORS EXPLOITAT. | C17: 00011084 | D17: 44985 | F17: =SUM(I17*G17) -> 2240.363 | G17: 1 | H17: =IF(E17="",1,0) -> 1 | I17: 2240.363 | J17: SFAX | K17: =+D17 -> 44985 | L17: 0001603
A18: CH | B18: FOURNISSEUR HORS EXPLOITAT. | C18: 00011142 | D18: 45020 | F18: =SUM(I18*G18) -> 710.914 | G18: 1 | H18: =IF(E18="",1,0) -> 1 | I18: 710.914 | L18: 0001608
A19: CH | B19: FOURNISSEUR HORS EXPLOITAT. | C19: 00011278 | D19: 45063 | F19: =SUM(I19*G19) -> 362.345 | G19: 1 | H19: =IF(E19="",1,0) -> 1 | I19: 362.345 | L19: 0001617
A20: CH | B20: FOURNISSEUR HORS EXPLOITAT. | C20: 00011280 | D20: 45063 | F20: =SUM(I20*G20) -> 1705.406 | G20: 1 | H20: =IF(E20="",1,0) -> 1 | I20: 1705.406 | L20: 0001618
A21: CH | B21: FOURNISSEUR HORS EXPLOITAT. | C21: 00011121 | D21: 45006 | F21: =SUM(I21*G21) -> 1669.098 | G21: 1 | H21: =IF(E21="",1,0) -> 1 | I21: 1669.098 | L21: 0002177
A22: CH | B22: FOURNISSEUR HORS EXPLOITAT. | C22: 00011230 | D22: 45049 | F22: =SUM(I22*G22) -> 659.498 | G22: 1 | H22: =IF(E22="",1,0) -> 1 | I22: 659.498 | L22: 0002186
A23: CH | B23: FOURNISSEUR HORS EXPLOITAT. | C23: 00011244 | D23: 45055 | F23: =SUM(I23*G23) -> 1146.895 | G23: 1 | H23: =IF(E23="",1,0) -> 1 | I23: 1146.895 | L23: 0002188
A24: CH | B24: STE BEN MASSOUD FRERES | C24: 00007804 | D24: 43845 | F24: =SUM(I24*G24) -> 60.1 | G24: 1 | H24: =IF(E24="",1,0) -> 1 | I24: 60.1 | J24: MEGRINE | K24: =+D24 -> 43845 | L24: 0006464 | M24: FINANCES
A25: CH | B25: PROCAR TUNISIE | C25: 00007955 | D25: 43900 | F25: =SUM(I25*G25) -> 115.083 | G25: 1 | H25: =IF(E25="",1,0) -> 1 | I25: 115.083 | J25: MEGRINE | K25: =+D25 -> 43900 | L25: 0007329 | M25: FINANCES
A26: CH | B26: ATCM | C26: 00010713 | D26: 44859 | F26: =SUM(I26*G26) -> 0 | G26: 1 | H26: =IF(E26="",1,0) -> 1 | I26: 0 | J26: MEGRINE | K26: =+D26 -> 44859 | L26: 0008400
A27: CH | B27: FOURN ACHATS COMPTANT | C27: 00011046 | D27: 44974 | F27: =SUM(I27*G27) -> 541.401 | G27: 1 | H27: =IF(E27="",1,0) -> 1 | I27: 541.401 | J27: MEGRINE | K27: =+D27 -> 44974 | L27: 0008443
A28: CH | B28: Ma羡re Nabil dabboussi | C28: 00011002 | D28: 44956 | F28: =SUM(I28*G28) -> 577.15 | G28: 1 | H28: =IF(E28="",1,0) -> 1 | I28: 577.15 | J28: MEGRINE | K28: =+D28 -> 44956 | L28: 0008520
A29: CH | B29: STE OUBAY PIECES AUTOMOBILES | C29: 00011064 | D29: 44981 | F29: =SUM(I29*G29) -> 1827.452 | G29: 1 | H29: =IF(E29="",1,0) -> 1 | I29: 1827.452 | J29: MEGRINE | K29: =+D29 -> 44981 | L29: 0008526
A30: CH | B30: FOURN ACHATS COMPTANT | C30: 00011068 | D30: 44981 | F30: =SUM(I30*G30) -> 525.39 | G30: 1 | H30: =IF(E30="",1,0) -> 1 | I30: 525.39 | J30: MEGRINE | K30: =+D30 -> 44981 | L30: 0008530
A31: CH | B31: REFLEX NUMERIQUE | C31: 00011088 | D31: 44986 | F31: =SUM(I31*G31) -> 902.425 | G31: 1 | H31: =IF(E31="",1,0) -> 1 | I31: 902.425 | J31: MEGRINE | K31: =+D31 -> 44986 | L31: 0008538
A32: CH | B32: FOURN ACHATS COMPTANT | C32: 00011116 | D32: 45000 | F32: =SUM(I32*G32) -> 729.531 | G32: 1 | H32: =IF(E32="",1,0) -> 1 | I32: 729.531 | L32: 0008545
A33: ch | B33: FBI | C33: 00011140 | D33: 45013 | F33: =SUM(I33*G33) -> 3634.32 | G33: 1 | H33: =IF(E33="",1,0) -> 1 | I33: 3634.32 | L33: 0008548
A34: CH | B34: FOURN ACHATS COMPTANT | C34: 00011148 | D34: 45021 | F34: =SUM(I34*G34) -> 0 | G34: 1 | H34: =IF(E34="",1,0) -> 1 | I34: 0 | L34: 0009122
A35: CH | B35: FOURN ACHATS COMPTANT | C35: 00011150 | D35: 45021 | F35: =SUM(I35*G35) -> 0 | G35: 1 | H35: 1 | I35: 0 | L35: 0009124
A36: CH | B36: FOURN ACHATS COMPTANT | C36: 00011152 | D36: 45021 | F36: =SUM(I36*G36) -> 0 | G36: 1 | H36: =IF(E36="",1,0) -> 1 | I36: 0 | L36: 0009126
A37: CH | B37: S. T. E. G. | C37: 00011174 | D37: 45028 | F37: =SUM(I37*G37) -> 301 | G37: 1 | H37: =IF(E37="",1,0) -> 1 | I37: 301 | L37: 0009132
A38: CH | B38: S. T. E. G. | C38: 00011176 | D38: 45028 | F38: =SUM(I38*G38) -> 1930 | G38: 1 | H38: =IF(E38="",1,0) -> 1 | I38: 1930 | L38: 0009154
A39: CH | B39: JEBALI HAMED | C39: 00011177 | D39: 45028 | F39: =SUM(I39*G39) -> 80 | G39: 1 | H39: =IF(E39="",1,0) -> 1 | I39: 80 | L39: 0009155
A40: CH | B40: STE OUBAY PIECES AUTOMOBILES | C40: 00011178 | D40: 45028 | F40: =SUM(I40*G40) -> 344.59 | G40: 1 | H40: =IF(E40="",1,0) -> 1 | I40: 344.59 | L40: 0009156
A41: ch | B41: JEBALI HAMED | C41: 00011211 | D41: 45042 | F41: =SUM(I41*G41) -> 170 | G41: 1 | H41: =IF(E41="",1,0) -> 1 | I41: 170 | L41: 0009163
A42: CH | B42: STE OUBAY PIECES AUTOMOBILES | C42: 00011212 | D42: 45042 | F42: =SUM(I42*G42) -> 243.214 | G42: 1 | H42: =IF(E42="",1,0) -> 1 | I42: 243.214 | L42: 0009164
A43: CH | B43: FBI | C43: 00011215 | D43: 45042 | F43: =SUM(I43*G43) -> 213.9 | G43: 1 | H43: =IF(E43="",1,0) -> 1 | I43: 213.9 | L43: 0009167
A44: CH | B44: FOURN ACHATS COMPTANT | C44: 00011257 | D44: 45058 | F44: =SUM(I44*G44) -> 390.927 | G44: 1 | H44: =IF(E44="",1,0) -> 1 | I44: 390.927 | L44: 0009176
A45: ch | B45: GLOBAL NET | C45: 00011262 | D45: 45058 | F45: =SUM(I45*G45) -> 1679.145 | G45: 1 | H45: =IF(E45="",1,0) -> 1 | I45: 1679.145 | L45: 0009177
A46: ch | B46: FBI | C46: 00011263 | D46: 45058 | F46: =SUM(I46*G46) -> 2068.368 | G46: 1 | H46: =IF(E46="",1,0) -> 1 | I46: 2068.368 | L46: 0009178
A47: ch | B47: GLOBAL NET | C47: 00011264 | D47: 45058 | F47: =SUM(I47*G47) -> 1767.328 | G47: 1 | H47: =IF(E47="",1,0) -> 1 | I47: 1767.328 | L47: 0009179
... A52: ch | B52: JEBALI HAMED | C52: 00011271 | D52: 45058 | F52: =SUM(I52*G52) -> 170 | G52: 1 | H52: =IF(E52="",1,0) -> 1 | I52: 170 | L52: 0009186
A53: CH | B53: FOURNISSEUR HORS EXPLOITAT. | C53: 00010799 | D53: 44881 | F53: =SUM(I53*G53) -> 142.303 | G53: 1 | H53: =IF(E53="",1,0) -> 1 | I53: 142.303 | J53: MEGRINE | K53: =+D53 -> 44881 | L53: 0009217
A54: CH | B54: FOURN ACHATS COMPTANT | C54: 00010800 | D54: 44881 | F54: =SUM(I54*G54) -> 1500 | G54: 1 | H54: =IF(E54="",1,0) -> 1 | I54: 1500 | J54: MEGRINE | K54: =+D54 -> 44881 | L54: 0009218
A55: CH | B55: R.FINANCE MEGRINE | C55: 00011275 | D55: 45062 | F55: =SUM(I55*G55) -> 0 | G55: 1 | H55: =IF(E55="",1,0) -> 1 | I55: 0 | L55: 0009704
A56: CH | B56: R.FINANCE MEGRINE | C56: 00011281 | D56: 45064 | F56: =SUM(I56*G56) -> 0 | G56: 1 | H56: =IF(E56="",1,0) -> 1 | I56: 0 | L56: 0009705
A57: CH | B57: ALPHA FORD | C57: 00011289 | D57: 45065 | F57: =SUM(I57*G57) -> 0 | G57: 1 | H57: =IF(E57="",1,0) -> 1 | I57: 0 | L57: 0009708
F58: =SUM(I58*G58) -> 0 | G58: 1 | H58: =IF(E58="",1,0) -> 1
F59: =SUM(I59*G59) -> 0 | G59: 1 | H59: =IF(E59="",1,0) -> 1
F60: =SUM(I60*G60) -> 0 | G60: 1 | H60: =IF(E60="",1,0) -> 1
F61: =SUM(I61*G61) -> 0 | G61: 1 | H61: =IF(E61="",1,0) -> 1
F62: =SUM(I62*G62) -> 0 | G62: 1 | H62: =IF(E62="",1,0) -> 1
F63: =SUM(I63*G63) -> 0 | G63: 1 | H63: =IF(E63="",1,0) -> 1
F64: =SUM(I64*G64) -> 0 | G64: 1 | H64: =IF(E64="",1,0) -> 1
F65: =SUM(I65*G65) -> 0 | G65: 1 | H65: 1
F66: =SUM(I66*G66) -> 0 | G66: 1 | H66: =IF(E66="",1,0) -> 1
F67: =SUM(I67*G67) -> 0 | G67: 1 | H67: =IF(E67="",1,0) -> 1
F68: =SUM(I68*G68) -> 0 | G68: 1 | H68: =IF(E68="",1,0) -> 1
F69: =SUM(I69*G69) -> 0 | G69: 1 | H69: =IF(E69="",1,0) -> 1
F70: =SUM(I70*G70) -> 0 | G70: 1 | H70: =IF(E70="",1,0) -> 1
F71: =SUM(I71*G71) -> 0 | G71: 1 | H71: =IF(E71="",1,0) -> 1
F72: =SUM(I72*G72) -> 0 | G72: 1 | H72: =IF(E72="",1,0) -> 1
F73: =SUM(I73*G73) -> 0 | G73: 1 | H73: =IF(E73="",1,0) -> 1
F74: =SUM(I74*G74) -> 0 | G74: 1 | H74: =IF(E74="",1,0) -> 1
F75: =SUM(I75*G75) -> 0 | G75: 1 | H75: =IF(E75="",1,0) -> 1
F76: =SUM(I76*G76) -> 0 | G76: 1 | H76: =IF(E76="",1,0) -> 1
F77: =SUM(I77*G77) -> 0 | G77: 1 | H77: =IF(E77="",1,0) -> 1
... F92: =SUM(I92*G92) -> 0 | G92: 1 | H92: =IF(E92="",1,0) -> 1
F93: =SUM(I93*G93) -> 0 | G93: 1 | H93: 1
F94: =SUM(I94*G94) -> 0 | G94: 1 | H94: =IF(E94="",1,0) -> 1
F95: =SUM(I95*G95) -> 0 | G95: 1 | H95: =IF(E95="",1,0) -> 1
F96: =SUM(I96*G96) -> 0 | G96: 1 | H96: =IF(E96="",1,0) -> 1
F97: =SUM(I97*G97) -> 0 | G97: 1 | H97: =IF(E97="",1,0) -> 1
F98: =SUM(I98*G98) -> 0 | G98: 1 | H98: =IF(E98="",1,0) -> 1
F99: =SUM(I99*G99) -> 0 | G99: 1 | H99: =IF(E99="",1,0) -> 1
F100: =SUM(I100*G100) -> 0 | G100: 1 | H100: =IF(E100="",1,0) -> 1
F101: =SUM(I101*G101) -> 0 | G101: 1 | H101: =IF(E101="",1,0) -> 1
F102: =SUM(I102*G102) -> 0 | G102: 1 | H102: =IF(E102="",1,0) -> 1
F103: =SUM(I103*G103) -> 0 | G103: 1 | H103: =IF(E103="",1,0) -> 1
F104: =SUM(I104*G104) -> 0 | G104: 1 | H104: =IF(E104="",1,0) -> 1
F105: =SUM(I105*G105) -> 0 | G105: 1 | H105: =IF(E105="",1,0) -> 1
... F116: =SUM(I116*G116) -> 0 | G116: 1 | H116: =IF(E116="",1,0) -> 1

Sheet TIP
A1: TYPE | B1: DESIGN | C1: OP N° | D1: DATE-OP | E1: DATE-RECU | F1: MT OUV | G1: REG | I1: MT | J1: Échéance | K1: N° CHQ | L1: STATUT
A2: CH | B2: SFAXIEN INDUSTRI.AUTOMOBILE | C2: 00000718 | D2: 45069 | F2: =SUM(I2*G2) -> 315.973 | G2: 1 | H2: =IF(E2="",1,0) -> 1 | I2: 315.973 | J2: =D2 -> 45069 | K2: 0000770
A3: CH | B3: FBI | C3: 00000733 | D3: 45090 | F3: =SUM(I3*G3) -> 2389.712 | G3: 1 | H3: =IF(E3="",1,0) -> 1 | I3: 2389.712 | J3: =D3 -> 45090 | K3: 0000788
A4: CH | B4: TUNICOM | C4: 00000741 | D4: 45111 | F4: =SUM(I4*G4) -> 0 | G4: 0 | H4: =IF(E4="",1,0) -> 1 | I4: 590.05 | J4: =D4 -> 45111 | K4: 0000796
A5: CH | B5: GENERAL INCENDIE | C5: 00000747 | D5: 45118 | F5: =SUM(I5*G5) -> 3535.29 | G5: 1 | H5: =IF(E5="",1,0) -> 1 | I5: 3535.29 | J5: =D5 -> 45118 | K5: 0000451
A6: CH | B6: PLOMB PI INDUSTRIELLE | C6: 00000754 | D6: 45190 | F6: =SUM(I6*G6) -> 0 | G6: 0 | H6: =IF(E6="",1,0) -> 1 | I6: 888.902 | J6: =D6 -> 45190 | K6: 0000456
A7: CH | B7: EQUIPEMENT MODERNE INDUSTRIE | C7: 00000755 | D7: 45190 | F7: =SUM(I7*G7) -> 0 | G7: 0 | H7: =IF(E7="",1,0) -> 1 | I7: 845.299 | J7: =D7 -> 45190 | K7: 0000457
A8: CH | B8: PROSID | C8: 00000756 | D8: 45190 | F8: =SUM(I8*G8) -> 4715.04 | G8: 1 | H8: =IF(E8="",1,0) -> 1 | I8: 4715.04 | J8: =D8 -> 45190 | K8: 0000458
A9: CH | B9: FOURNISSEUR HORS EXPLOITAT. | C9: 00000757 | D9: 45194 | F9: =SUM(I9*G9) -> 75 | G9: 1 | H9: =IF(E9="",1,0) -> 1 | I9: 75 | J9: =D9 -> 45194 | K9: 0000459
A10: CH | B10: COMPTOIR AGRICOLE INDUSTRIEL | C10: 00000758 | D10: 45195 | F10: =SUM(I10*G10) -> 0 | G10: 0 | H10: =IF(E10="",1,0) -> 1 | I10: 6503.738 | J10: =D10 -> 45195 | K10: 0000460
A11: CH | B11: DELTA ELECTRICAL SOLUTIONS | C11: 00000759 | D11: 45195 | F11: =SUM(I11*G11) -> 0 | G11: 0 | H11: =IF(E11="",1,0) -> 1 | I11: 9815.367 | J11: =D11 -> 45195 | K11: 0000461
A12: CH | B12: CMG BAYOUDH | C12: 00000760 | D12: 45195 | F12: =SUM(I12*G12) -> 0 | G12: 0 | H12: =IF(E12="",1,0) -> 1 | I12: 1885.95 | J12: =D12 -> 45195 | K12: 0000462
A13: CH | B13: PROSID | C13: 00000761 | D13: 45195 | F13: =SUM(I13*G13) -> 4763.828 | G13: 1 | H13: =IF(E13="",1,0) -> 1 | I13: 4763.828 | J13: =D13 -> 45195 | K13: 0000463
... A29: CH | B29: LA COMPETENCE INDUSTRIELLE | C29: 00000777 | D29: 45233 | F29: =SUM(I29*G29) -> 0 | G29: 0 | H29: =IF(E29="",1,0) -> 1 | I29: 4917.18 | J29: =D29 -> 45233 | K29: 0000476
F30: =SUM(I30*G30) -> 0 | G30: 1 | H30: =IF(E30="",1,0) -> 1
F31: =SUM(I31*G31) -> 0 | G31: 1 | H31: =IF(E31="",1,0) -> 1
F32: =SUM(I32*G32) -> 0 | G32: 1 | H32: =IF(E32="",1,0) -> 1
F33: =SUM(I33*G33) -> 0 | G33: 1 | H33: =IF(E33="",1,0) -> 1
F34: =SUM(I34*G34) -> 0 | G34: 1 | H34: =IF(E34="",1,0) -> 1
F35: =SUM(I35*G35) -> 0 | G35: 1 | H35: =IF(E35="",1,0) -> 1
F36: =SUM(I36*G36) -> 0 | G36: 1 | H36: =IF(E36="",1,0) -> 1
F37: =SUM(I37*G37) -> 0 | G37: 1 | H37: =IF(E37="",1,0) -> 1
F38: =SUM(I38*G38) -> 0 | G38: 1 | H38: =IF(E38="",1,0) -> 1
F39: =SUM(I39*G39) -> 0 | G39: 1 | H39: =IF(E39="",1,0) -> 1
F40: =SUM(I40*G40) -> 0 | G40: 1 | H40: =IF(E40="",1,0) -> 1
F41: =SUM(I41*G41) -> 0 | G41: 1 | H41: =IF(E41="",1,0) -> 1
F42: =SUM(I42*G42) -> 0 | G42: 1 | H42: 1
F43: =SUM(I43*G43) -> 0 | G43: 1 | H43: =IF(E43="",1,0) -> 1
F44: =SUM(I44*G44) -> 0 | G44: 1 | H44: =IF(E44="",1,0) -> 1
F45: =SUM(I45*G45) -> 0 | G45: 1 | H45: =IF(E45="",1,0) -> 1
F46: =SUM(I46*G46) -> 0 | G46: 1 | H46: =IF(E46="",1,0) -> 1
F47: =SUM(I47*G47) -> 0 | G47: 1 | H47: =IF(E47="",1,0) -> 1
F48: =SUM(I48*G48) -> 0 | G48: 1 | H48: =IF(E48="",1,0) -> 1
F49: =SUM(I49*G49) -> 0 | G49: 1 | H49: =IF(E49="",1,0) -> 1
F50: =SUM(I50*G50) -> 0 | G50: 1 | H50: =IF(E50="",1,0) -> 1
F51: =SUM(I51*G51) -> 0 | G51: 1 | H51: =IF(E51="",1,0) -> 1
F52: =SUM(I52*G52) -> 0 | G52: 1 | H52: =IF(E52="",1,0) -> 1
F53: =SUM(I53*G53) -> 0 | G53: 1 | H53: =IF(E53="",1,0) -> 1
F54: =SUM(I54*G54) -> 0 | G54: 1 | H54: =IF(E54="",1,0) -> 1
... F69: =SUM(I69*G69) -> 0 | G69: 1 | H69: =IF(E69="",1,0) -> 1
F70: =SUM(I70*G70) -> 0 | G70: 1 | H70: 1
F71: =SUM(I71*G71) -> 0 | G71: 1 | H71: =IF(E71="",1,0) -> 1
F72: =SUM(I72*G72) -> 0 | G72: 1 | H72: =IF(E72="",1,0) -> 1
F73: =SUM(I73*G73) -> 0 | G73: 1 | H73: =IF(E73="",1,0) -> 1
F74: =SUM(I74*G74) -> 0 | G74: 1 | H74: =IF(E74="",1,0) -> 1
F75: =SUM(I75*G75) -> 0 | G75: 1 | H75: =IF(E75="",1,0) -> 1
F76: =SUM(I76*G76) -> 0 | G76: 1 | H76: =IF(E76="",1,0) -> 1
F77: =SUM(I77*G77) -> 0 | G77: 1 | H77: =IF(E77="",1,0) -> 1
F78: =SUM(I78*G78) -> 0 | G78: 1 | H78: =IF(E78="",1,0) -> 1
F79: =SUM(I79*G79) -> 0 | G79: 1 | H79: =IF(E79="",1,0) -> 1
F80: =SUM(I80*G80) -> 0 | G80: 1 | H80: =IF(E80="",1,0) -> 1
F81: =SUM(I81*G81) -> 0 | G81: 1 | H81: =IF(E81="",1,0) -> 1
F82: =SUM(I82*G82) -> 0 | G82: 1 | H82: =IF(E82="",1,0) -> 1
... F93: =SUM(I93*G93) -> 0 | G93: 1 | H93: =IF(E93="",1,0) -> 1

Sheet NBI
A1: TYPE | B1: DESIGN | C1: OP N° | D1: DATE-OP | E1: DATE-RECU | F1: MT OUV | G1: REG | I1: MT | J1: Échéance | K1: N° CHQ | L1: STATUT
F2: =SUM(I2*G2) -> 0 | G2: 1 | H2: =IF(E2="",1,0) -> 1
F3: =SUM(I3*G3) -> 0 | G3: 1 | H3: =IF(E3="",1,0) -> 1
F4: =SUM(I4*G4) -> 0 | G4: 1 | H4: =IF(E4="",1,0) -> 1
F5: =SUM(I5*G5) -> 0 | G5: 1 | H5: =IF(E5="",1,0) -> 1
F6: =SUM(I6*G6) -> 0 | G6: 1 | H6: =IF(E6="",1,0) -> 1
F7: =SUM(I7*G7) -> 0 | G7: 1 | H7: =IF(E7="",1,0) -> 1
F8: =SUM(I8*G8) -> 0 | G8: 1 | H8: =IF(E8="",1,0) -> 1
F9: =SUM(I9*G9) -> 0 | G9: 1 | H9: =IF(E9="",1,0) -> 1
F10: =SUM(I10*G10) -> 0 | G10: 1 | H10: =IF(E10="",1,0) -> 1
F11: =SUM(I11*G11) -> 0 | G11: 1 | H11: =IF(E11="",1,0) -> 1
F12: =SUM(I12*G12) -> 0 | G12: 1 | H12: =IF(E12="",1,0) -> 1
F13: =SUM(I13*G13) -> 0 | G13: 1 | H13: =IF(E13="",1,0) -> 1

Sheet Feuil1
A1: Prix d'achat Batterie, Plomb et Etain 10/01/2022
B3: KAIS TAYACHI | C3: SLIM AYADI | D3: LINA METAL | E3: SOTRAM
A4: BATTERIES USAGEES | B4: 1.9 | C4: 1.9 | D4: 1.9 | E4: 1.9
A5: PLOMB TUBE
A6: PLOMB D'ŒUVRE
A7: ETAIN PUR

Sheet NOUR AKKU
A1: due date | B1: Amount | C1: amount received | D1: date received | F1: balance
A2: 44409 | B2: 5330 | C2: 5000 | D2: 44454 | F2: =B2-C2 -> 330
A3: 44440 | B3: 5330 | C3: 5600 | D3: 44494 | F3: =F2+B3-C3 -> 60
A4: 44470 | B4: 5330 | C4: 8176 | D4: 44538 | F4: =F3+B4-C4 -> -2786
A5: 44501 | B5: 5330 | C5: =7000+4000 -> 11000 | D5: 44649 | F5: =F4+B5-C5 -> -8456
A6: 44531 | B6: 5330 | C6: 6000 | D6: 44666 | F6: =F5+B6-C6 -> -9126
A7: 44562 | B7: 5330 | C7: 4000 | D7: 44713 | F7: =F6+B7-C7 -> -7796
A8: 44593 | B8: 5330 | C8: 9615.86 | D8: 44768 | F8: =F7+B8-C8 -> -12081.86
A9: 44621 | B9: 5330 | C9: 5000 | D9: 44830 | F9: =F8+B9-C9 -> -11751.86
A10: 44652 | B10: 5330 | C10: 5000 | D10: 44889 | F10: =F9+B10-C10 -> -11421.86
A11: 44682 | B11: 5330 | C11: 5000 | D11: 44953 | F11: =F10+B11-C11 -> -11091.86
A12: 44713 | B12: 5330 | C12: 2000 | D12: 45040 | F12: =F11+B12-C12 -> -7761.86
A13: 44743 | B13: 5330 | C13: 8000 | D13: 45044 | F13: =F12+B13-C13 -> -10431.86
A14: 44774 | B14: 5330 | C14: 6000 | D14: 45131 | F14: =F13+B14-C14 -> -11101.86
A15: 44805 | B15: 5330 | F15: =F14+B15-C15 -> -5771.86
A16: 44835 | B16: 5330 | F16: =F15+B16-C16 -> -441.86
A17: 44866 | B17: 5330 | F17: =F16+B17-C17 -> 4888.14
A18: 44896 | B18: 5330 | F18: =F17+B18-C18 -> 10218.14
A19: 44927 | B19: 5330 | F19: =F18+B19-C19 -> 15548.14
A20: 44958 | B20: 5330 | F20: =F19+B20-C20 -> 20878.14
A21: 44986 | B21: 5330 | F21: =F20+B21-C21 -> 26208.14
A22: 45017 | B22: 5330 | F22: =F21+B22-C22 -> 31538.14
A23: 45047 | B23: 5330 | F23: =F22+B23-C23 -> 36868.14
A24: 45078 | B24: 5330 | F24: =F23+B24-C24 -> 42198.14
A25: 45108 | B25: 5330 | F25: =F24+B25-C25 -> 47528.14
A26: 45139 | B26: 5330 | F26: =F25+B26-C26 -> 52858.14
... A31: 45292 | B31: 5430 | F31: =F30+B31-C31 -> 79608.14
B32: =SUM(B2:B31) -> 160000 | C32: =SUM(C2:C31) -> 80391.86

Sheet ENGAGEMENT
A1: SOCIETE | B1: FOURNISSEUR | C1: MARCHANDISES | D1: DEVISE | E1: MONTANT FACT | F1: AVANCE | G1: DATE AVANCE | H1: DATE LIVRAISON | I1: DATE REGLEMENT | J1: MONTANT REGLEMENT
A2: SNA | B2: SOVEMA | C2: MOULES | D2: EUR | E2: 52150 | F2: =15645+10430 -> 26075 | G2: 44665 | H2: =+G2+150 -> 44815 | I2: =+H2 -> 44815 | J2: =+E2-F2 -> 26075
A3: SNA | B3: JIANGSU | C3: PUNCHING | D3: USD | E3: 567200 | F3: 0 | H3: 44727 | I3: 44834 | J3: =+E3*0.9 -> 510480
I4: =+I3+90 -> 44924 | J4: =+E3*0.1 -> 56720
A6: SNR | B6: BOTOU | C6: WET SCRUBBER | D6: USD | E6: 9363 | F6: 0 | H6: 44696 | I6: 44696 | J6: 9363 | K6: PAYEE | L6: T = 3,21 | M6: 44760
A7: SNR | B7: DROSS | C7: UNITE DE FUSION DE PLOMB | D7: EUR | E7: 555000 | F7: 166500 | G7: 44658 | H7: =+G7+180 -> 44838 | I7: 44838 | J7: 222000
I8: =+H7+180 -> 45018 | J8: 166500
A9: SNR | B9: STC | C9: CASSE BATTERIE | D9: EUR | E9: 740000 | F9: 222000 | G9: 44657 | H9: =+G9+180 -> 44837 | I9: =+H9 -> 44837 | J9: 413000
I10: =+I9+60 -> 44897 | J10: 52500
I11: =+I9+120 -> 44957 | J11: 52500

Sheet POLO SEDAN
A1: CONTRAT N°311449
A2: POLO SEDAN
A3: N° | B3: Date | C3: PRINCIPAL | D3: INTERET | E3: TVA | F3: FRAIS | G3: TOTAL TTC
A4: 1 | B4: 44722 | C4: 1784.196 | D4: 103.439 | E4: =(C4+D4)*0.19 -> 358.65065 | F4: 0.6 | G4: =SUM(C4:F4) -> 2246.8856
A5: =+A4+1 -> 2 | B5: 44752 | C5: 1272.455 | D5: 615.18 | E5: =(C5+D5)*0.19 -> 358.65065 | F5: 2.215 | G5: =SUM(C5:F5) -> 2248.5006
A6: =+A5+1 -> 3 | B6: 44783 | C6: 1287.3 | D6: 600.335 | E6: =(C6+D6)*0.19 -> 358.65065 | F6: 2.215 | G6: =SUM(C6:F6) -> 2248.5006
A7: =+A6+1 -> 4 | B7: 44814 | C7: 1302.319 | D7: 585.316 | E7: =(C7+D7)*0.19 -> 358.65065 | F7: 2.215 | G7: =SUM(C7:F7) -> 2248.5006
A8: =+A7+1 -> 5 | B8: 44844 | C8: 1317.512 | D8: 570.123 | E8: =(C8+D8)*0.19 -> 358.65065 | F8: 2.215 | G8: =SUM(C8:F8) -> 2248.5006
A9: =+A8+1 -> 6 | B9: 44875 | C9: 1332.883 | D9: 554.752 | E9: =(C9+D9)*0.19 -> 358.65065 | F9: 2.215 | G9: =SUM(C9:F9) -> 2248.5006
A10: =+A9+1 -> 7 | B10: 44905 | C10: 1348.434 | D10: 539.201 | E10: =(C10+D10)*0.19 -> 358.65065 | F10: 2.215 | G10: =SUM(C10:F10) -> 2248.5006
A11: =+A10+1 -> 8 | B11: 44936 | C11: 1364.165 | D11: 523.47 | E11: =(C11+D11)*0.19 -> 358.65065 | F11: 2.215 | G11: =SUM(C11:F11) -> 2248.5006
A12: =+A11+1 -> 9 | B12: 44967 | C12: 1380.081 | D12: 507.554 | E12: =(C12+D12)*0.19 -> 358.65065 | F12: 2.215 | G12: =SUM(C12:F12) -> 2248.5006
A13: =+A12+1 -> 10 | B13: 44995 | C13: 1396.181 | D13: 491.454 | E13: =(C13+D13)*0.19 -> 358.65065 | F13: 2.215 | G13: =SUM(C13:F13) -> 2248.5006
A14: =+A13+1 -> 11 | B14: 45026 | C14: 1412.47 | D14: 475.165 | E14: =(C14+D14)*0.19 -> 358.65065 | F14: 2.215 | G14: =SUM(C14:F14) -> 2248.5006
A15: =+A14+1 -> 12 | B15: 45056 | C15: 1428.949 | D15: 458.686 | E15: =(C15+D15)*0.19 -> 358.65065 | F15: 2.215 | G15: =SUM(C15:F15) -> 2248.5006
A16: =+A15+1 -> 13 | B16: 45087 | C16: 1445.62 | D16: 442.015 | E16: =(C16+D16)*0.19 -> 358.65065 | F16: 2.215 | G16: =SUM(C16:F16) -> 2248.5006
... A39: =+A38+1 -> 36 | B39: 45787 | C39: 1887.623 | D39: 0.012 | E39: =(C39+D39)*0.19 -> 358.65065 | F39: 2.215 | G39: =SUM(C39:F39) -> 2248.5006
A40: Total | C40: =SUM(C4:C39) -> 56400.552 | D40: =SUM(D4:D39) -> 11554.308 | E40: =SUM(E4:E39) -> 12911.423 | F40: =SUM(F4:F39) -> 78.125 | G40: =SUM(G4:G39) -> 80944.408
A41: Règlement | C41: =C4+C5+C6+C7 -> 5646.27 | D41: =D4+D5+D6+D7 -> 1904.27 | E41: =E4+E5+E6+E7 -> 1434.6026 | F41: =F4+F5+F6+F7 -> 7.245 | G41: =G4+G5+G6+G7 -> 8992.3876
A42: Restant dû | C42: =+C40-C41 -> 50754.282 | D42: =+D40-D41 -> 9650.038 | E42: =+E40-E41 -> 11476.821 | F42: =+F40-F41 -> 70.88 | G42: =+G40-G41 -> 71952.021

Sheet SWIFT
A1: CONTRAT N°311502
A2: SUZUKI SWIFT
A3: N° | B3: Date | C3: PRINCIPAL | D3: INTERET | E3: TVA | F3: FRAIS | G3: TOTAL TTC
A4: 1 | B4: 44767 | C4: 1310.819 | D4: 46.382 | E4: =(C4+D4)*0.19 -> 257.86819 | F4: 0.6 | G4: =SUM(C4:F4) -> 1615.6692
A5: =+A4+1 -> 2 | B5: 44798 | C5: 914.887 | D5: 442.314 | E5: =(C5+D5)*0.19 -> 257.86819 | F5: 3.215 | G5: =SUM(C5:F5) -> 1618.2842
A6: =+A5+1 -> 3 | B6: 44829 | C6: 925.561 | D6: 431.64 | E6: =(C6+D6)*0.19 -> 257.86819 | F6: 3.215 | G6: =SUM(C6:F6) -> 1618.2842
A7: =+A6+1 -> 4 | B7: 44859 | C7: 936.359 | D7: 420.842 | E7: =(C7+D7)*0.19 -> 257.86819 | F7: 3.215 | G7: =SUM(C7:F7) -> 1618.2842
A8: =+A7+1 -> 5 | B8: 44890 | C8: 947.283 | D8: 409.918 | E8: =(C8+D8)*0.19 -> 257.86819 | F8: 3.215 | G8: =SUM(C8:F8) -> 1618.2842
A9: =+A8+1 -> 6 | B9: 44920 | C9: 958.335 | D9: 398.866 | E9: =(C9+D9)*0.19 -> 257.86819 | F9: 3.215 | G9: =SUM(C9:F9) -> 1618.2842
A10: =+A9+1 -> 7 | B10: 44951 | C10: 969.515 | D10: 387.686 | E10: =(C10+D10)*0.19 -> 257.86819 | F10: 3.215 | G10: =SUM(C10:F10) -> 1618.2842
A11: =+A10+1 -> 8 | B11: 44982 | C11: 980.826 | D11: 376.375 | E11: =(C11+D11)*0.19 -> 257.86819 | F11: 3.215 | G11: =SUM(C11:F11) -> 1618.2842
A12: =+A11+1 -> 9 | B12: 45010 | C12: 992.269 | D12: 364.932 | E12: =(C12+D12)*0.19 -> 257.86819 | F12: 3.215 | G12: =SUM(C12:F12) -> 1618.2842
A13: =+A12+1 -> 10 | B13: 45041 | C13: 1003.846 | D13: 353.355 | E13: =(C13+D13)*0.19 -> 257.86819 | F13: 3.215 | G13: =SUM(C13:F13) -> 1618.2842
A14: =+A13+1 -> 11 | B14: 45071 | C14: 1015.557 | D14: 341.644 | E14: =(C14+D14)*0.19 -> 257.86819 | F14: 3.215 | G14: =SUM(C14:F14) -> 1618.2842
A15: =+A14+1 -> 12 | B15: 45102 | C15: 1027.406 | D15: 329.795 | E15: =(C15+D15)*0.19 -> 257.86819 | F15: 3.215 | G15: =SUM(C15:F15) -> 1618.2842
A16: =+A15+1 -> 13 | B16: 45132 | C16: 1039.392 | D16: 317.809 | E16: =(C16+D16)*0.19 -> 257.86819 | F16: 3.215 | G16: =SUM(C16:F16) -> 1618.2842
... A39: =+A38+1 -> 36 | B39: 45833 | C39: 1357.189 | D39: 0.012 | E39: =(C39+D39)*0.19 -> 257.86819 | F39: 3.215 | G39: =SUM(C39:F39) -> 1618.2842
A40: Total | C40: =SUM(C4:C39) -> 40579.639 | D40: =SUM(D4:D39) -> 8279.597 | E40: =SUM(E4:E39) -> 9283.2548 | F40: =SUM(F4:F39) -> 113.125 | G40: =SUM(G4:G39) -> 58255.616
A41: Règlement | C41: =+C4+C5 -> 2225.706 | D41: =+D4+D5 -> 488.696 | E41: =+E4+E5 -> 515.73638 | F41: =+F4+F5 -> 3.815 | G41: =+G4+G5 -> 3233.9534
A42: Restant dû | C42: =+C40-C41 -> 38353.933 | D42: =+D40-D41 -> 7790.901 | E42: =+E40-E41 -> 8767.5185 | F42: =+F40-F41 -> 109.31 | G42: =+G40-G41 -> 55021.662

Sheet CIAZ
A1: CONTRAT N°311510
A2: SUZUKI CIAZ
A3: N° | B3: Date | C3: PRINCIPAL | D3: INTERET | E3: TVA | F3: FRAIS | G3: TOTAL TTC
A4: 1 | B4: 44783 | C4: 1875.061 | D4: 65.335 | E4: =(C4+D4)*0.19 -> 368.67524 | F4: 0.6 | G4: =SUM(C4:F4) -> 2309.6712 | H4: CHEQUE
A5: =+A4+1 -> 2 | B5: 44814 | C5: 1308.021 | D5: 632.375 | E5: =(C5+D5)*0.19 -> 368.67524 | F5: 2.215 | G5: =SUM(C5:F5) -> 2311.2862
A6: =+A5+1 -> 3 | B6: 44844 | C6: 1323.282 | D6: 617.114 | E6: =(C6+D6)*0.19 -> 368.67524 | F6: 2.215 | G6: =SUM(C6:F6) -> 2311.2862
A7: =+A6+1 -> 4 | B7: 44875 | C7: 1338.72 | D7: 601.676 | E7: =(C7+D7)*0.19 -> 368.67524 | F7: 2.215 | G7: =SUM(C7:F7) -> 2311.2862
A8: =+A7+1 -> 5 | B8: 44905 | C8: 1354.338 | D8: 586.058 | E8: =(C8+D8)*0.19 -> 368.67524 | F8: 2.215 | G8: =SUM(C8:F8) -> 2311.2862
A9: =+A8+1 -> 6 | B9: 44936 | C9: 1370.139 | D9: 570.257 | E9: =(C9+D9)*0.19 -> 368.67524 | F9: 2.215 | G9: =SUM(C9:F9) -> 2311.2862
A10: =+A9+1 -> 7 | B10: 44967 | C10: 1386.124 | D10: 554.272 | E10: =(C10+D10)*0.19 -> 368.67524 | F10: 2.215 | G10: =SUM(C10:F10) -> 2311.2862
A11: =+A10+1 -> 8 | B11: 44995 | C11: 1402.295 | D11: 538.101 | E11: =(C11+D11)*0.19 -> 368.67524 | F11: 2.215 | G11: =SUM(C11:F11) -> 2311.2862
A12: =+A11+1 -> 9 | B12: 45026 | C12: 1418.655 | D12: 521.741 | E12: =(C12+D12)*0.19 -> 368.67524 | F12: 2.215 | G12: =SUM(C12:F12) -> 2311.2862
A13: =+A12+1 -> 10 | B13: 45056 | C13: 1435.206 | D13: 505.19 | E13: =(C13+D13)*0.19 -> 368.67524 | F13: 2.215 | G13: =SUM(C13:F13) -> 2311.2862
A14: =+A13+1 -> 11 | B14: 45087 | C14: 1451.95 | D14: 488.446 | E14: =(C14+D14)*0.19 -> 368.67524 | F14: 2.215 | G14: =SUM(C14:F14) -> 2311.2862
A15: =+A14+1 -> 12 | B15: 45117 | C15: 1468.89 | D15: 471.506 | E15: =(C15+D15)*0.19 -> 368.67524 | F15: 2.215 | G15: =SUM(C15:F15) -> 2311.2862
A16: =+A15+1 -> 13 | B16: 45148 | C16: 1486.027 | D16: 454.369 | E16: =(C16+D16)*0.19 -> 368.67524 | F16: 2.215 | G16: =SUM(C16:F16) -> 2311.2862
... A39: =+A38+1 -> 36 | B39: 45848 | C39: 1940.385 | D39: 0.011 | E39: =(C39+D39)*0.19 -> 368.67524 | F39: 2.215 | G39: =SUM(C39:F39) -> 2311.2862
A40: Total | C40: =SUM(C4:C39) -> 58018.007 | D40: =SUM(D4:D39) -> 11836.249 | E40: =SUM(E4:E39) -> 13272.309 | F40: =SUM(F4:F39) -> 78.125 | G40: =SUM(G4:G39) -> 83204.69
A41: Règlement | C41: 0 | D41: 0 | E41: 0 | F41: 0 | G41: 0
A42: Restant dû | C42: =+C40-C41 -> 58018.007 | D42: =+D40-D41 -> 11836.249 | E42: =+E40-E41 -> 13272.309 | F42: =+F40-F41 -> 78.125 | G42: =+G40-G41 -> 83204.69

Sheet CT 10
A1: Chèq. | B1: Adr fact | C1: Nom | D1: Amount | E1: Date | F1: ar__dte02 | G1: Remarque
A2: 23601510 | B2: 6r21178 | C2: STE B.ABDESSALEM PIECES AUTO | D2: 3000 | E2: 45188 | F2: 45188 | G2: p/bna+gabes-5465367
A3: 23601567 | B3: 6r21178 | C3: STE B.ABDESSALEM PIECES AUTO | D3: 3000 | E3: 45197 | F3: 45197 | G3: p/bna+gabes-5465369
A4: 23302055 | B4: 3R18430 | C4: FATHI BEN FRADJ AZOUZI | D4: 1000 | E4: 45198 | F4: 45198 | G4: P/STB+SFAX-0000372
A5: 23601575 | B5: 6r21178 | C5: STE B.ABDESSALEM PIECES AUTO | D5: 3000 | E5: 45198 | F5: 45198 | G5: p/bna+gabes-5465370
A6: 23801444 | B6: 1S10001 | C6: STE MARJA DE DEVELOPPEMENT | D6: 1155.275 | E6: 45198 | F6: 45198 | G6: P/BT+BOUSALEM-1304991
A7: 23701329 | B7: 7S19026 | C7: STE BEN YOUNES DE TRANSPORT | D7: 345.576 | E7: 45199 | F7: 45199 | G7: P/STB+METLAOUI-0003974
A8: 23125551 | B8: 1R05024 | C8: OUARDA HALLOUMI-TOTAL | D8: 541.367 | E8: 45198 | F8: 45200 | G8: P/BT+BORJ CEDRIA-09015
A9: 23401917 | B9: 4R12227 | C9: HAKIM BEN SADOK KHEMIS | D9: 690 | E9: 45190 | F9: 45200 | G9: D/BIAT+SOUSSE-0000822
A10: 23601507 | B10: 6R23187 | C10: STE NALOUTI SRCES.PETROLIERE | D10: 3780.485 | E10: 45188 | F10: 45202 | G10: P/BT+MEDNINE-0620125
A11: 23801470 | B11: 8R09006 | C11: GHARBI JALEL BEN BRAHIM | D11: 5200 | E11: 45203 | F11: 45203 | G11: P/BTE+BEJA-6670080
A12: 23302100 | B12: 3R15047 | C12: STE ELWASAT | D12: 260 | E12: 45205 | F12: 45205 | G12: D/UBCI+MAHDIA-4828525
A13: 23124872 | B13: 1R05186 | C13: STE AFRICA DES PIECES AUTOS | D13: 14265.784 | E13: 45121 | F13: 45206 | G13: P/ATB+ZAGHOUAN-7843807
... A1696: 23401967 | B1696: 4R13149 | C1696: STE BEN AISSA AUTO | D1696: 4000 | E1696: 45197 | F1696: 45371 | G1696: D/BT+JEMMAL-1274012

Sheet TR
A1: Référence | B1: Lot | C1: Statut | D1: Adr fact | E1: Nom | F1: Bq | G1: Mé | H1: Effet le | I1: Echéance | J1: Dev | K1: Montant | L1: Mont ouvert | M1: Traite Payé
A2: 23304355 | B2: 444173 | C2: Approuvé | D2: 3R18068 | E2: MOHAMED GHARIANI | F2: S3 | G2: TR | H2: 45194 | I2: 45199 | J2: TND | K2: 22305.798 | L2: 22305.798 | M2: 009849130516
A3: 23127913 | B3: 443132 | C3: Approuvé | D3: 1S02146 | E3: STE AGRICOLE SIDI OTHMANE | F3: 12 | G3: TR | H3: 45184 | I3: 45227 | J3: TND | K3: 595.851 | L3: 595.851 | M3: 009724572428
A4: 23127914 | B4: 443133 | C4: Approuvé | D4: 1S02149 | E4: STE AGRICOLE SAOUEF | F4: 12 | G4: TR | H4: 45184 | I4: 45227 | J4: TND | K4: 1585.675 | L4: 1585.675 | M4: 009724572234
A5: 23804128 | B5: 441861 | C5: Approuvé | D5: 8R09076 | E5: STE TUN DE PRODUITS AGRICOLE | F5: S8 | G5: TR | H5: 45173 | I5: 45227 | J5: TND | K5: 3287.359 | L5: 3287.359 | M5: 009804398966
A6: 23127879 | B6: 438208 | C6: Approuvé | D6: 1R04124 | E6: STE PIECES RECHANGES "SPJA" | F6: 12 | G6: TR | H6: 45168 | I6: 45229 | J6: TND | K6: 2385.073 | L6: 2385.073 | M6: 009808031810
A7: 23127912 | B7: 443130 | C7: Approuvé | D7: 1G01004 | E7: SOCIETE ENNAJAH | F7: 12 | G7: TR | H7: 45184 | I7: 45229 | J7: TND | K7: 720.017 | L7: 720.017 | M7: 009724572331
A8: 23127917 | B8: 443185 | C8: Approuvé | D8: 1R06034 | E8: ETABLISSEMENTS AUPEICLE | F8: 12 | G8: TR | H8: 45184 | I8: 45229 | J8: TND | K8: 5161.641 | L8: 5161.641 | M8: 009808034041
A9: 23127940 | B9: 443776 | C9: Approuvé | D9: 1R06028 | E9: TAREK BEN KHEMAIES LAHBIB | F9: 12 | G9: TR | H9: 45190 | I9: 45229 | J9: TND | K9: 8516.921 | L9: 8516.921 | M9: 009808034138
A10: 23127941 | B10: 443819 | C10: Approuvé | D10: 1R05035 | E10: SAIDA SARRAY VEUVE FENINA | F10: 12 | G10: TR | H10: 45190 | I10: 45229 | J10: TND | K10: 12942.832 | L10: 12942.832 | M10: 009808033168
A11: 23304344 | B11: 443127 | C11: Approuvé | D11: 3R12001 | E11: STE FATHALLAH PNEUMATIQUE | F11: S3 | G11: TR | H11: 45184 | I11: 45229 | J11: TND | K11: 2675.03 | L11: 2675.03 | M11: 009861276177
A12: 23804123 | B12: 438181 | C12: Approuvé | D12: 8R10037 | E12: WALID BEN HABIB CHORFI | F12: S8 | G12: TR | H12: 45168 | I12: 45229 | J12: TND | K12: 4148.739 | L12: 4148.739 | M12: 009600078166
A13: 23127890 | B13: 438223 | C13: Approuvé | D13: 1R02205 | E13: AUTO ZARGA | F13: 12 | G13: TR | H13: 45168 | I13: 45230 | J13: TND | K13: 1623.607 | L13: 1623.607 | M13: 009858622839
A14: 23127896 | B14: 441692 | C14: Approuvé | D14: 1R02143 | E14: STE COMPTOIR CYRINE-MARIEM | F14: 12 | G14: TR | H14: 45170 | I14: 45230 | J14: TND | K14: 1699.001 | L14: 1699.001 | M14: 007579408019
A15: 23127900 | B15: 441756 | C15: Approuvé | D15: 1R02038 | E15: SPECIALITE PIECES ELEC. AUTO | F15: 12 | G15: TR | H15: 45171 | I15: 45230 | J15: TND | K15: 6634.459 | L15: 6634.459 | M15: 009815478403
A16: 23127901 | B16: 442060 | C16: Approuvé | D16: 1s02111 | E16: INTERMETAL | F16: 12 | G16: TR | H16: 45175 | I16: 45230 | J16: TND | K16: 2027.131 | L16: 2027.131 | M16: 009815840892
A17: 23127919 | B17: 443294 | C17: Approuvé | D17: 1R02234 | E17: STE JAPAN MOTORS COMPANY | F17: 12 | G17: TR | H17: 45187 | I17: 45230 | J17: TND | K17: 3000 | L17: 3000 | M17: 009730220156
A18: 23304307 | B18: 437212 | C18: Approuvé | D18: 3R18074 | E18: S I A BEN JEMAA ET CIE | F18: S3 | G18: TR | H18: 45159 | I18: 45230 | J18: TND | K18: 4273.164 | L18: 4273.164 | M18: 009833017652
A19: 23304352 | B19: 443914 | C19: Approuvé | D19: 3R18112 | E19: SOCIETE AMMOUS ET CIE | F19: S3 | G19: TR | H19: 45191 | I19: 45230 | J19: TND | K19: 2154.882 | L19: 2154.882 | M19: 009817306077
A20: 23404237 | B20: 437790 | C20: Approuvé | D20: 4R12284 | E20: LETAIEF KHAL BECHIR | F20: S4 | G20: TR | H20: 45164 | I20: 45230 | J20: TND | K20: 2315.99 | L20: 2315.99 | M20: 009822378595
A21: 23404261 | B21: 442367 | C21: Approuvé | D21: 4S12021 | E21: SOTUDIS | F21: S4 | G21: TR | H21: 45177 | I21: 45230 | J21: TND | K21: 16838.773 | L21: 16838.773 | M21: 009790223289
A22: 23604135 | B22: 437895 | C22: Approuvé | D22: 6R23048 | E22: TAIEB GHRIBI | F22: S6 | G22: TR | H22: 45166 | I22: 45230 | J22: TND | K22: 3082.113 | L22: 3082.113 | M22: 009314118577
A23: 23604138 | B23: 437899 | C23: Approuvé | D23: 6R23146 | E23: ZAMMOURIA FATMA EPS MANSOURI | F23: S6 | G23: TR | H23: 45166 | I23: 45230 | J23: TND | K23: 791.077 | L23: 791.077 | M23: 009771561847
A24: 23704040 | B24: 437858 | C24: Approuvé | D24: 7R22002 | E24: STE GLE DE COMMERCE PIECES | F24: S7 | G24: TR | H24: 45164 | I24: 45230 | J24: TND | K24: 3875.756 | L24: 3875.756 | M24: 009628001653
A25: 23804120 | B25: 437438 | C25: Approuvé | D25: 8R11111 | E25: SONAF | F25: S8 | G25: TR | H25: 45161 | I25: 45230 | J25: TND | K25: 1847.803 | L25: 1847.803 | M25: 009343539356
A26: 23804121 | B26: 437561 | C26: Approuvé | D26: 8R09094 | E26: STE AMDOOS PARTS COMPANY | F26: S8 | G26: TR | H26: 45161 | I26: 45230 | J26: TND | K26: 4412.484 | L26: 4412.484 | M26: 009534390251
A27: 23127907 | B27: 442770 | C27: Approuvé | D27: 1R02009 | E27: ETS.BEN JOMAA AUTOS | F27: 12 | G27: TR | H27: 45182 | I27: 45231 | J27: TND | K27: 1348.745 | L27: 1348.745 | M27: 009756025648
A28: 23127884 | B28: 438210 | C28: Approuvé | D28: 1R03186 | E28: STE PIECES AUTO NAIMA "PAN" | F28: 12 | G28: TR | H28: 45168 | I28: 45232 | J28: TND | K28: 649.747 | L28: 649.747 | M28: 009812506226
A29: 23127892 | B29: 438225 | C29: Approuvé | D29: 1R05212 | E29: STE BICHIOU BRICO HOME | F29: 12 | G29: TR | H29: 45168 | I29: 45232 | J29: TND | K29: 4300 | L29: 4300 | M29: 009543427256
A30: 23127875 | B30: 437938 | C30: Approuvé | D30: 1S18011 | E30: SOCIETE CHAABANE ET CIE | F30: 12 | G30: TR | H30: 45166 | I30: 45233 | J30: TND | K30: 14893.025 | L30: 14893.025 | M30: 009816643276
A31: 23127882 | B31: 438210 | C31: Approuvé | D31: 1R03186 | E31: STE PIECES AUTO NAIMA "PAN" | F31: 12 | G31: TR | H31: 45168 | I31: 45234 | J31: TND | K31: 649.747 | L31: 649.747 | M31: 009808030646
A32: 23127908 | B32: 442770 | C32: Approuvé | D32: 1R02009 | E32: ETS.BEN JOMAA AUTOS | F32: 12 | G32: TR | H32: 45182 | I32: 45236 | J32: TND | K32: 1348.745 | L32: 1348.745 | M32: 009756025551
A33: 23127883 | B33: 438210 | C33: Approuvé | D33: 1R03186 | E33: STE PIECES AUTO NAIMA "PAN" | F33: 12 | G33: TR | H33: 45168 | I33: 45238 | J33: TND | K33: 649.747 | L33: 649.747 | M33: 009812506129
A34: 23127887 | B34: 438210 | C34: Approuvé | D34: 1R03186 | E34: STE PIECES AUTO NAIMA "PAN" | F34: 12 | G34: TR | H34: 45168 | I34: 45240 | J34: TND | K34: 649.747 | L34: 649.747 | M34: 009812506032
A35: 23127891 | B35: 438225 | C35: Approuvé | D35: 1R05212 | E35: STE BICHIOU BRICO HOME | F35: 12 | G35: TR | H35: 45168 | I35: 45240 | J35: TND | K35: 4334.088 | L35: 4334.088 | M35: 009543427159
A36: 23127936 | B36: 443585 | C36: Approuvé | D36: 1S01236 | E36: CARTHAGE CEMENT SA | F36: 12 | G36: TR | H36: 45189 | I36: 45240 | J36: TND | K36: 5911.33 | L36: 5911.33 | M36: 009820623283
A37: 23304293 | B37: 436879 | C37: Approuvé | D37: 3R18279 | E37: HELMI PIECES ELECTRIQUES | F37: S3 | G37: TR | H37: 45155 | I37: 45240 | J37: TND | K37: 1000.207 | L37: 1000.207 | M37: 009829863891
A38: 23304296 | B38: 437005 | C38: Approuvé | D38: 3R18074 | E38: S I A BEN JEMAA ET CIE | F38: S3 | G38: TR | H38: 45156 | I38: 45240 | J38: TND | K38: 4273.164 | L38: 4273.164 | M38: 009656244949
A39: 23304318 | B39: 438065 | C39: Approuvé | D39: 3R18357 | E39: F.I.A.M | F39: S3 | G39: TR | H39: 45167 | I39: 45240 | J39: TND | K39: 11983.25 | L39: 11983.25 | M39: 009782661654
A40: 23304329 | B40: 441685 | C40: Approuvé | D40: 3R18331 | E40: STE SCAPA | F40: S3 | G40: TR | H40: 45170 | I40: 45240 | J40: TND | K40: 3950 | L40: 3950 | M40: 009784738715
A41: 23304343 | B41: 443127 | C41: Approuvé | D41: 3R12001 | E41: STE FATHALLAH PNEUMATIQUE | F41: S3 | G41: TR | H41: 45184 | I41: 45240 | J41: TND | K41: 2650 | L41: 2650 | M41: 009861276080
A42: 23127853 | B42: 437613 | C42: Approuvé | D42: 1R02192 | E42: COMPTOIR PIECES AUTO ET | F42: 12 | G42: TR | H42: 45162 | I42: 45242 | J42: TND | K42: 7976.172 | L42: 7976.172 | M42: 009806918347
A43: 23127886 | B43: 438210 | C43: Approuvé | D43: 1R03186 | E43: STE PIECES AUTO NAIMA "PAN" | F43: 12 | G43: TR | H43: 45168 | I43: 45242 | J43: TND | K43: 649.747 | L43: 649.747 | M43: 009812505935
A44: 23127868 | B44: 437706 | C44: Approuvé | D44: 1R05072 | E44: STE EQUIP.GEN.BAROUDI[E.G.B] | F44: 12 | G44: TR | H44: 45163 | I44: 45243 | J44: TND | K44: 4000 | L44: 4000 | M44: 009756020895
A45: 23127885 | B45: 438210 | C45: Approuvé | D45: 1R03186 | E45: STE PIECES AUTO NAIMA "PAN" | F45: 12 | G45: TR | H45: 45168 | I45: 45244 | J45: TND | K45: 649.747 | L45: 649.747 | M45: 009812505838
A46: 23127881 | B46: 438209 | C46: Approuvé | D46: 1R01105 | E46: NOUREDDINE ZOUCH | F46: 12 | G46: TR | H46: 45168 | I46: 45245 | J46: TND | K46: 4000 | L46: 4000 | M46: 009808032101
A47: 23127894 | B47: 439752 | C47: Approuvé | D47: 1R02249 | E47: STE OUBAY DE PIECES | F47: 12 | G47: TR | H47: 45169 | I47: 45245 | J47: TND | K47: 2561.595 | L47: 2561.595 | M47: 009813737932
A48: 23127920 | B48: 443295 | C48: Approuvé | D48: 1R02234 | E48: STE JAPAN MOTORS COMPANY | F48: 12 | G48: TR | H48: 45187 | I48: 45245 | J48: TND | K48: 1943.427 | L48: 1943.427 | M48: 009730213657
A49: 23127931 | B49: 443448 | C49: Approuvé | D49: 1R04124 | E49: STE PIECES RECHANGES "SPJA" | F49: 12 | G49: TR | H49: 45188 | I49: 45245 | J49: TND | K49: 3000 | L49: 3000 | M49: 009808034720
A50: 23304317 | B50: 437941 | C50: Approuvé | D50: 3R18410 | E50: SOCIETE C P R A | F50: S3 | G50: TR | H50: 45166 | I50: 45245 | J50: TND | K50: 2400 | L50: 2400 | M50: 009618484886
A51: 23304319 | B51: 438065 | C51: Approuvé | D51: 3R18357 | E51: F.I.A.M | F51: S3 | G51: TR | H51: 45167 | I51: 45245 | J51: TND | K51: 11983.25 | L51: 11983.25 | M51: 009813276309
A52: 23804130 | B52: 442864 | C52: Approuvé | D52: 8R11010 | E52: ISSAOUI ABDERRAHMEN | F52: S8 | G52: TR | H52: 45183 | I52: 45245 | J52: TND | K52: 1989.673 | L52: 1989.673 | M52: 009810646251
A53: 23127909 | B53: 442770 | C53: Approuvé | D53: 1R02009 | E53: ETS.BEN JOMAA AUTOS | F53: 12 | G53: TR | H53: 45182 | I53: 45247 | J53: TND | K53: 1348.746 | L53: 1348.746 | M53: 009823765016
A54: 23404255 | B54: 439903 | C54: Approuvé | D54: 4R14015 | E54: STE EL GHARBI EQUIP.GENERAL | F54: S4 | G54: TR | H54: 45169 | I54: 45248 | J54: TND | K54: 2500 | L54: 2500 | M54: 009858564154
A55: 23304299 | B55: 437006 | C55: Approuvé | D55: 3R18074 | E55: S I A BEN JEMAA ET CIE | F55: S3 | G55: TR | H55: 45156 | I55: 45250 | J55: TND | K55: 4273.164 | L55: 4273.164 | M55: 009813276406
A56: 23304342 | B56: 443127 | C56: Approuvé | D56: 3R12001 | E56: STE FATHALLAH PNEUMATIQUE | F56: S3 | G56: TR | H56: 45184 | I56: 45250 | J56: TND | K56: 2650 | L56: 2650 | M56: 009861275983
A57: 23404241 | B57: 437914 | C57: Approuvé | D57: 4R12240 | E57: STE DES EQUIP.INDUST.&TRANSP | F57: S4 | G57: TR | H57: 45166 | I57: 45250 | J57: TND | K57: 2892.492 | L57: 2892.492 | M57: 009830632810
A58: 23604136 | B58: 437896 | C58: Approuvé | D58: 6R23048 | E58: TAIEB GHRIBI | F58: S6 | G58: TR | H58: 45166 | I58: 45250 | J58: TND | K58: 3500 | L58: 3500 | M58: 009314118383
A59: 23127899 | B59: 441693 | C59: Approuvé | D59: 1R07048 | E59: JAMEL BEN HEDI BEN KHSIB | F59: 12 | G59: TR | H59: 45170 | I59: 45252 | J59: TND | K59: 2765.773 | L59: 2765.773 | M59: 009858622936
A60: 23127910 | B60: 442770 | C60: Approuvé | D60: 1R02009 | E60: ETS.BEN JOMAA AUTOS | F60: 12 | G60: TR | H60: 45182 | I60: 45254 | J60: TND | K60: 1348.746 | L60: 1348.746 | M60: 009823765113
A61: 23127873 | B61: 437936 | C61: Approuvé | D61: 1S01038 | E61: E T E P | F61: 12 | G61: TR | H61: 45166 | I61: 45255 | J61: TND | K61: 3164.133 | L61: 3164.133 | M61: 009838898471
A62: 23127902 | B62: 442061 | C62: Approuvé | D62: 1G03002 | E62: S E T C A R | F62: 12 | G62: TR | H62: 45175 | I62: 45255 | J62: TND | K62: 18091.165 | L62: 18091.165 | M62: 009825898628
A63: 23304320 | B63: 438066 | C63: Approuvé | D63: 3R18357 | E63: F.I.A.M | F63: S3 | G63: TR | H63: 45167 | I63: 45255 | J63: TND | K63: 11983.25 | L63: 11983.25 | M63: 009813276212
A64: 23604137 | B64: 437897 | C64: Approuvé | D64: 6R23048 | E64: TAIEB GHRIBI | F64: S6 | G64: TR | H64: 45166 | I64: 45255 | J64: TND | K64: 3500 | L64: 3500 | M64: 009314118480
A65: 23304335 | B65: 441973 | C65: Approuvé | D65: 3R18271 | E65: CENTRE DE DISTRIBUT. PIECES | F65: S3 | G65: TR | H65: 45174 | I65: 45257 | J65: TND | K65: 2109 | L65: 2109 | M65: 009813278055
A66: 23127880 | B66: 438209 | C66: Approuvé | D66: 1R01105 | E66: NOUREDDINE ZOUCH | F66: 12 | G66: TR | H66: 45168 | I66: 45260 | J66: TND | K66: 3936.625 | L66: 3936.625 | M66: 009808032004
A67: 23127895 | B67: 439792 | C67: Approuvé | D67: 1R02196 | E67: SOCIETE SOPI | F67: 12 | G67: TR | H67: 45169 | I67: 45260 | J67: TND | K67: 1024.271 | L67: 1024.271 | M67: 009594316754
A68: 23127904 | B68: 442665 | C68: Approuvé | D68: 1R02143 | E68: STE COMPTOIR CYRINE-MARIEM | F68: 12 | G68: TR | H68: 45181 | I68: 45260 | J68: TND | K68: 634.254 | L68: 634.254 | M68: 009819465685
A69: 23127905 | B69: 442666 | C69: Approuvé | D69: 1R01195 | E69: CHAMAKHI YOUSSEF | F69: 12 | G69: TR | H69: 45181 | I69: 45260 | J69: TND | K69: 3946.712 | L69: 3946.712 | M69: 009808033265
A70: 23127906 | B70: 442667 | C70: Approuvé | D70: 1R02310 | E70: STE DARDOURI AUTO | F70: 12 | G70: TR | H70: 45181 | I70: 45260 | J70: TND | K70: 2380.596 | L70: 2380.596 | M70: 009808033362
A71: 23127921 | B71: 443296 | C71: Approuvé | D71: 1R02234 | E71: STE JAPAN MOTORS COMPANY | F71: 12 | G71: TR | H71: 45187 | I71: 45260 | J71: TND | K71: 3000 | L71: 3000 | M71: 009730220253
A72: 23127924 | B72: 443430 | C72: Approuvé | D72: 1R01625 | E72: STE MONCEF ET SOFIYA PIECE A | F72: 12 | G72: TR | H72: 45188 | I72: 45260 | J72: TND | K72: 3941.763 | L72: 3941.763 | M72: 009808034817
A73: 23127925 | B73: 443431 | C73: Approuvé | D73: 1R01481 | E73: ETABLISSEMENT DABOUSSI | F73: 12 | G73: TR | H73: 45188 | I73: 45260 | J73: TND | K73: 3848.34 | L73: 3848.34 | M73: 009808034332
A74: 23127929 | B74: 443436 | C74: Approuvé | D74: 1R02192 | E74: COMPTOIR PIECES AUTO ET | F74: 12 | G74: TR | H74: 45188 | I74: 45260 | J74: TND | K74: 8398.66 | L74: 8398.66 | M74: 009814019329
A75: 23127932 | B75: 443449 | C75: Approuvé | D75: 1R04124 | E75: STE PIECES RECHANGES "SPJA" | F75: 12 | G75: TR | H75: 45188 | I75: 45260 | J75: TND | K75: 2908.418 | L75: 2908.418 | M75: 009808034623
A76: 23127937 | B76: 443654 | C76: Approuvé | D76: 1R02309 | E76: STE COGEPA BE AROUS | F76: 12 | G76: TR | H76: 45189 | I76: 45260 | J76: TND | K76: 4000 | L76: 4000 | M76: 009808033556
A77: 23127968 | B77: 444273 | C77: Approuvé | D77: 1R05152 | E77: TEMANI SADOK | F77: 12 | G77: TR | H77: 45195 | I77: 45260 | J77: TND | K77: 2408.909 | L77: 2408.909 | M77: 009808033071
A78: 23304300 | B78: 437010 | C78: Approuvé | D78: 3R18042 | E78: SFAX TECH. AUTO-CHARFEDINE | F78: S3 | G78: TR | H78: 45156 | I78: 45260 | J78: TND | K78: 4112.354 | L78: 4112.354 | M78: 009813276503
A79: 23304301 | B79: 437010 | C79: Approuvé | D79: 3R18345 | E79: GENERALE PIECES AUTO"GPA" | F79: S3 | G79: TR | H79: 45156 | I79: 45260 | J79: TND | K79: 9087.846 | L79: 9087.846 | M79: 009813278152
A80: 23304310 | B80: 437334 | C80: Approuvé | D80: 3R18092 | E80: C C P D | F80: S3 | G80: TR | H80: 45160 | I80: 45260 | J80: TND | K80: 1029.531 | L80: 1029.531 | M80: 009813276794
A81: 23304311 | B81: 437334 | C81: Approuvé | D81: 3R18363 | E81: SOCIETE VEPRA | F81: S3 | G81: TR | H81: 45160 | I81: 45260 | J81: TND | K81: 1130 | L81: 1130 | M81: 009755778783
A82: 23304314 | B82: 437620 | C82: Approuvé | D82: 3R18046 | E82: ELECTRO-AUTO | F82: S3 | G82: TR | H82: 45162 | I82: 45260 | J82: TND | K82: 1297.689 | L82: 1297.689 | M82: 009813276891
A83: 23304321 | B83: 438066 | C83: Approuvé | D83: 3R18357 | E83: F.I.A.M | F83: S3 | G83: TR | H83: 45167 | I83: 45260 | J83: TND | K83: 11983.348 | L83: 11983.348 | M83: 009813276115
A84: 23304322 | B84: 438066 | C84: Approuvé | D84: 3R18439 | E84: STE CPF SALLEMI | F84: S3 | G84: TR | H84: 45167 | I84: 45260 | J84: TND | K84: 2227.405 | L84: 2227.405 | M84: 009860073280
A85: 23304332 | B85: 441685 | C85: Approuvé | D85: 3R18279 | E85: HELMI PIECES ELECTRIQUES | F85: S3 | G85: TR | H85: 45170 | I85: 45260 | J85: TND | K85: 2033.236 | L85: 2033.236 | M85: 009829861272
A86: 23304349 | B86: 443772 | C86: Approuvé | D86: 3R18074 | E86: S I A BEN JEMAA ET CIE | F86: S3 | G86: TR | H86: 45190 | I86: 45260 | J86: TND | K86: 4885.307 | L86: 4885.307 | M86: 009861279281
A87: 23404238 | B87: 437910 | C87: Approuvé | D87: 4R12240 | E87: STE DES EQUIP.INDUST.&TRANSP | F87: S4 | G87: TR | H87: 45166 | I87: 45260 | J87: TND | K87: 5000 | L87: 5000 | M87: 009781738893
A88: 23404264 | B88: 443203 | C88: Approuvé | D88: 4R12284 | E88: LETAIEF KHAL BECHIR | F88: S4 | G88: TR | H88: 45185 | I88: 45260 | J88: TND | K88: 6115.432 | L88: 6115.432 | M88: 009822378886
A89: 23404277 | B89: 443853 | C89: Approuvé | D89: 4R13156 | E89: STE MA . APC | F89: S4 | G89: TR | H89: 45191 | I89: 45260 | J89: TND | K89: 2084.473 | L89: 2084.473 | M89: 009889690193
... A99: 23804134 | B99: 443689 | C99: Approuvé | D99: 8R09078 | E99: STE TUNISIENNE AGRICOLE | F99: S8 | G99: TR | H99: 45190 | I99: 45261 | J99: TND | K99: 3063.394 | L99: 3063.394 | M99: 009762534348
A100: 23127951 | B100: 443894 | C100: Approuvé | D100: 1R03186 | E100: STE PIECES AUTO NAIMA "PAN" | F100: 12 | G100: TR | H100: 45191 | I100: 45262 | J100: TND | K100: 766.667 | L100: 766.667 | M100: 009875491915
A101: 23127877 | B101: 438207 | C101: Approuvé | D101: 1R01465 | E101: MATERIELS POIDS LOURDS | F101: 12 | G101: TR | H101: 45168 | I101: 45265 | J101: TND | K101: 878.206 | L101: 878.206 | M101: 009734064169
A102: 23304312 | B102: 437334 | C102: Approuvé | D102: 3R18363 | E102: SOCIETE VEPRA | F102: S3 | G102: TR | H102: 45160 | I102: 45265 | J102: TND | K102: 1148.663 | L102: 1148.663 | M102: 009813277861
A103: 23304330 | B103: 441685 | C103: Approuvé | D103: 3R18331 | E103: STE SCAPA | F103: S3 | G103: TR | H103: 45170 | I103: 45265 | J103: TND | K103: 3950 | L103: 3950 | M103: 009784738812
A104: 23304333 | B104: 441685 | C104: Approuvé | D104: 3R18279 | E104: HELMI PIECES ELECTRIQUES | F104: S3 | G104: TR | H104: 45170 | I104: 45265 | J104: TND | K104: 2033.236 | L104: 2033.236 | M104: 009829861175
A105: 23127950 | B105: 443894 | C105: Approuvé | D105: 1R03186 | E105: STE PIECES AUTO NAIMA "PAN" | F105: 12 | G105: TR | H105: 45191 | I105: 45266 | J105: TND | K105: 766.667 | L105: 766.667 | M105: 009875492012
A106: 23304302 | B106: 437164 | C106: Approuvé | D106: 3R18097 | E106: S. BADREDDINE CHERIF & CIES | F106: S3 | G106: TR | H106: 45159 | I106: 45266 | J106: TND | K106: 3093.745 | L106: 3093.745 | M106: 009813278249
A107: 23804126 | B107: 438231 | C107: Approuvé | D107: 8R09067 | E107: SOCIETE GENERAL DE PNEUS | F107: S8 | G107: TR | H107: 45168 | I107: 45266 | J107: TND | K107: 10120.928 | L107: 10120.928 | M107: 009804397123
A108: 23127863 | B108: 437703 | C108: Approuvé | D108: 1R05211 | E108: STE EL HAMDI PIECES.RECHANGE | F108: 12 | G108: TR | H108: 45163 | I108: 45267 | J108: TND | K108: 3368 | L108: 3368 | M108: 009828696205
A109: 23404229 | B109: 437567 | C109: Approuvé | D109: 4R13116 | E109: AHMED BEN ALI TEKAYA | F109: S4 | G109: TR | H109: 45161 | I109: 45267 | J109: TND | K109: 2100 | L109: 2100 | M109: 009144465480
...

Sheet Mouvements
A1: Date | B1: RIB Payeur | C1: Montant | D1: Numero | E1: Statut | F1: Date Dispo | G1: Manuel
A2: 05/10/2023 | B2: 14033033101700257689 | C2: 1623.865 | D2: 5189427 | E2: En attente de compensation | F2: 09/10/2023 | G2: Non
A3: 05/10/2023 | B3: 12006000003301831423 | C3: 1189.617 | D3: 1801697 | E3: En attente de compensation | F3: 09/10/2023 | G3: Non
A4: 05/10/2023 | B4: 14033033100701005593 | C4: 7500 | D4: 4049977 | E4: En attente de compensation | F4: 09/10/2023 | G4: Non
A5: 05/10/2023 | B5: 14033033100701005593 | C5: 5000 | D5: 4692135 | E5: En attente de compensation | F5: 09/10/2023 | G5: Non
A6: 05/10/2023 | B6: 05009000028310129023 | C6: 430.816 | D6: 0052636 | E6: En attente de compensation | F6: 09/10/2023 | G6: Non
A7: 05/10/2023 | B7: 08102000731005620579 | C7: 1236.016 | D7: 0001964 | E7: En attente de compensation | F7: 09/10/2023 | G7: Non
A8: 05/10/2023 | B8: 05007000029350305218 | C8: 724.746 | D8: 9833925 | E8: En attente de compensation | F8: 09/10/2023 | G8: Non
A9: 05/10/2023 | B9: 05049000117300143285 | C9: 6331.767 | D9: 1067495 | E9: En attente de compensation | F9: 09/10/2023 | G9: Non
A10: 05/10/2023 | B10: 26007000002511006010 | C10: 4675.21 | D10: 3136269 | E10: En attente de compensation | F10: 09/10/2023 | G10: Non
A11: 05/10/2023 | B11: 03112101011500415276 | C11: 5823.938 | D11: 9257390 | E11: En attente de compensation | F11: 09/10/2023 | G11: Non
A12: 05/10/2023 | B12: 03112101010100203883 | C12: 2682.423 | D12: 8870210 | E12: En attente de compensation | F12: 09/10/2023 | G12: Non
A13: 05/10/2023 | B13: 08206000041000433078 | C13: 1767.452 | D13: 0001881 | E13: En attente de compensation | F13: 09/10/2023 | G13: Non
... A18: 05/10/2023 | B18: 03907082011500439039 | C18: 4261.688 | D18: 8564112 | E18: En attente de compensation | F18: 09/10/2023 | G18: Non
A19: 06/10/2023 | B19: 03002028011500610116 | C19: 250 | D19: 7366737 | E19: Envoye a la compensation | G19: Non
A20: 06/10/2023 | B20: 08109000031000769232 | C20: 2623.135 | D20: 0001475 | E20: Envoye a la compensation | G20: Non
A21: 06/10/2023 | B21: 25134000000039163934 | C21: 3762.95 | D21: 4002342 | E21: Envoye a la compensation | G21: Non
A22: 06/10/2023 | B22: 25134000000039163934 | C22: 3780 | D22: 4002369 | E22: Envoye a la compensation | G22: Non
A23: 06/10/2023 | B23: 01001020110009020685 | C23: 1467.583 | D23: 0000343 | E23: Envoye a la compensation | G23: Non
A24: 06/10/2023 | B24: 11706000106300278848 | C24: 314.826 | D24: 1425505 | E24: Envoye a la compensation | G24: Non
A25: 06/10/2023 | B25: 08137030081000050755 | C25: 1500 | D25: 0006195 | E25: Envoye a la compensation | G25: Non
A26: 06/10/2023 | B26: 03506060011500518130 | C26: 3500 | D26: 8903641 | E26: Envoye a la compensation | G26: Non
A27: 06/10/2023 | B27: 03024152011500420178 | C27: 3000.801 | D27: 9213517 | E27: Envoye a la compensation | G27: Non
A28: 06/10/2023 | B28: 05800000010307287539 | C28: 21126.692 | D28: 1195024 | E28: Envoye a la compensation | G28: Non
A29: 06/10/2023 | B29: 08059021031000114130 | C29: 6831.559 | D29: 0006226 | E29: Envoye a la compensation | G29: Non
A30: 06/10/2023 | B30: 26007000890183055872 | C30: 1839.033 | D30: 3136033 | E30: Envoye a la compensation | G30: Non
... A37: 06/10/2023 | B37: 28005035638100000144 | C37: 1000 | D37: 4438643 | E37: Envoye a la compensation | G37: Non
A38: 02/10/2023 | B38: 03706039011500498928 | C38: 6113.809 | D38: 8505340 | E38: TempReject | F38: 10/10/2023 | G38: Non
A39: 02/10/2023 | B39: 24016085028251220196 | C39: 11671.913 | D39: 6670120 | E39: TempReject | F39: 10/10/2023 | G39: Non
A40: 02/10/2023 | B40: 04053138005258559306 | C40: 2045.913 | D40: 0080232 | E40: TempReject | F40: 09/10/2023 | G40: Non
A41: 02/10/2023 | B41: 14059059101700133969 | C41: 900 | D41: 4671997 | E41: TempReject | F41: 10/10/2023 | G41: Non
A42: 03/10/2023 | B42: 03123108011500457887 | C42: 350 | D42: 9387425 | E42: TempReject | F42: 10/10/2023 | G42: Non
A43: 03/10/2023 | B43: 08042013051000383887 | C43: 1800 | D43: 0000546 | E43: TempReject | F43: 10/10/2023 | G43: Non
A44: 05/10/2023 | B44: 11046000107600278880 | C44: 5200 | D44: 0708775 | E44: TempReject | F44: 12/10/2023 | G44: Non

Sheet ct 12
A1: arcrrp.p | D1: 27.6.5.18 EDIT | E1: statut des | F1: chèques | G1: Date: 01/12/23
A2: Page: | B2: 1 | D2: SND | E2: PROD | G2: Hre: 16:33:34
A4: Chèq. | B4: Adr fact | C4: Nom | D4: Amount | E4: Date | F4: ar__dte02 | G4: Remarque
A5: -------- | B5: -------- | C5: ---------------------------- | D5: ------------------ | E5: -------- | F5: --------- | G5: ----------------------
A7: Banque: | B7: 12 | C7: Compte: 53205600
A9: 23125859 | B9: 1R02277 | C9: STE COMPTOIR PCES RCHGS+ELEC | D9: 1,188.840 | E9: 45230 | F9: 45301 | G9: P/BT+HAMMAM LIF-154194
A10: 23125253 | B10: 1R03074 | C10: BEJI FAYCEL | D10: 896.524 | E10: 45168 | F10: 45284 | G10: P/BIAT+RAOUED-0004052
A11: 23125858 | B11: 1R02277 | C11: STE COMPTOIR PCES RCHGS+ELEC | D11: 1,188.840 | E11: 45230 | F11: 45291 | G11: P/BT+HAMMAM LIF-154194
A12: 23125596 | B12: 1R02174 | C12: SOCIETE DRIDI AUTO (SDA) | D12: 1,432.386 | E12: 45203 | F12: 45284 | G12: P/AMEN B+BEN AROUS-415
A13: 23125857 | B13: 1R02277 | C13: STE COMPTOIR PCES RCHGS+ELEC | D13: 1,188.840 | E13: 45230 | F13: 45280 | G13: P/BT+HAMMAM LIF-154194
A14: 23125254 | B14: 1R03074 | C14: BEJI FAYCEL | D14: 896.524 | E14: 45168 | F14: 45278 | G14: P/BIAT+RAOUED-0004051
A15: 23125839 | B15: 1R07041 | C15: BOUAZIZ SLAH | D15: 3,600.000 | E15: 45230 | F15: 45291 | G15: P/STB+EL FAHS-0004282
A16: 23125366 | B16: 1R02193 | C16: KHALED DRIDI | D16: 1,752.451 | E16: 45187 | F16: 45316 | G16: P/UBCI+TN-1385968
A17: 23125840 | B17: 1R07041 | C17: BOUAZIZ SLAH | D17: 3,600.000 | E17: 45230 | F17: 45322 | G17: P/STB+EL FAHS-0004283
A18: 23125407 | B18: 1r02308 | C18: STE VERT AUTO | D18: 6,163.000 | E18: 45189 | F18: 45337 | G18: p/biat+tn-0000581
A19: 23126117 | B19: 1R03074 | C19: BEJI FAYCEL | D19: 1,135.294 | E19: 45260 | F19: 45371 | G19: P/BIAT+TN-0004138
A20: 23125198 | B20: 1R04163 | C20: STE DOUBLE L AUTOS | D20: 2,541.332 | E20: 45166 | F20: 45266 | G20: P/BTL+DENDEN-3136071
... A56: 23125326 | B56: 1R03176 | C56: ESSAFI AUTO | D56: 1,627.423 | E56: 45180 | F56: 45289 | G56: P/BT+MNIHLA-1453554
A57: _x000C_arcrrp. | B57: p | D57: 27.6.5.18 EDIT | E57: statut de | F57: s chèques | G57: Date: 01/12/23
A58: Page: | B58: 2 | D58: SND | E58: PROD | G58: Hre: 16:33:34
A60: Chèq. | B60: Adr fact | C60: Nom | D60: Amount | E60: Date | F60: ar__dte02 | G60: Remarque
A61: -------- | B61: -------- | C61: ---------------------------- | D61: ------------------ | E61: -------- | F61: --------- | G61: ----------------------
A62: 23125757 | B62: 1R05159 | C62: NEJI EL JAZI | D62: 3,000.000 | E62: 45225 | F62: 45290 | G62: P/BNA+EL MIDA-8660022
A63: 23125327 | B63: 1R03176 | C63: ESSAFI AUTO | D63: 1,627.423 | E63: 45180 | F63: 45280 | G63: P/BT+MNIHLA-1453553
A64: 23125755 | B64: 1R06125 | C64: NAJET BENT SALAH ZAMELI | D64: 400.860 | E64: 45225 | F64: 45301 | G64: P/BH+MEL BOURGUIBA-592
A65: 23125328 | B65: 1R03176 | C65: ESSAFI AUTO | D65: 1,627.423 | E65: 45180 | F65: 45270 | G65: P/BT+MNIHLA-1453552
A66: 23125754 | B66: 1R05195 | C66: STE MDIALE PCE AUTOMOBILES | D66: 2,206.087 | E66: 45225 | F66: 45271 | G66: P/BIAT+MEL BOUZELFA-00
A67: 23125324 | B67: 1R03176 | C67: ESSAFI AUTO | D67: 1,627.423 | E67: 45180 | F67: 45264 | G67: P/BT+MNIHLA-1453556
A68: 23125753 | B68: 1R05195 | C68: STE MDIALE PCE AUTOMOBILES | D68: 2,399.338 | E68: 45225 | F68: 45302 | G68: P/BIAT+MEL BOUZELFA-00
A69: 23125325 | B69: 1R03176 | C69: ESSAFI AUTO | D69: 1,627.423 | E69: 45180 | F69: 45301 | G69: P/BT+MNIHLA-1453555
A70: 23125431 | B70: 1R05241 | C70: MOHAMED SALAH RIDENE | D70: 8,254.613 | E70: 45191 | F70: 45291 | G70: P/BIAT+MEL TEMIME-0001
A71: 23125167 | B71: 1R05103 | C71: JALEL BEN AHMED EL GABSI | D71: 900.000 | E71: 45162 | F71: 45287 | G71: P/STB+KELIBIA-0010059
A72: 23125432 | B72: 1R05228 | C72: STE CAP AUTO PIECES SA | D72: 1,900.157 | E72: 45191 | F72: 45273 | G72: P/BNA+MEL TEMIME-87668
A73: 23125166 | B73: 1R05103 | C73: JALEL BEN AHMED EL GABSI | D73: 860.000 | E73: 45162 | F73: 45280 | G73: P/STB+KELIBIA-0010067
... A112: 23125716 | B112: 1R01580 | C112: FAKHREDDINE SAKYES | D112: 8,562.500 | E112: 45224 | F112: 45288 | G112: P/BH+SIJOUMI-6062901
A113: _x000C_arcrrp. | B113: p | D113: 27.6.5.18 EDIT | E113: statut de | F113: s chèques | G113: Date: 01/12/23
A114: Page: | B114: 3 | D114: SND | E114: PROD | G114: Hre: 16:33:35
A116: Chèq. | B116: Adr fact | C116: Nom | D116: Amount | E116: Date | F116: ar__dte02 | G116: Remarque
A117: -------- | B117: -------- | C117: ---------------------------- | D117: ------------------ | E117: -------- | F117: --------- | G117: ----------------------
A118: 23125427 | B118: 1R02238 | C118: SMPA MASMOUDI PIECES AUTOS | D118: 2,047.194 | E118: 45191 | F118: 45306 | G118: P/BIAT+BEN AROUS-00017
A119: 23125715 | B119: 1R01580 | C119: FAKHREDDINE SAKYES | D119: 8,562.500 | E119: 45224 | F119: 45283 | G119: P/BH+SIJOUMI-6062900
A120: 23125685 | B120: 1R05234 | C120: STE METHAMEN AUTO PLUS | D120: 3,000.000 | E120: 45222 | F120: 45291 | G120: P/STB+ENFIDHA-0000192
A121: 23125429 | B121: 1R05217 | C121: EL HORRY FARES PAWER AUTO | D121: 5,689.970 | E121: 45191 | F121: 45291 | G121: P/TB+KELIBIA-0001004
A122: 23125138 | B122: 1R03169 | C122: MOHAMED RACHED AMAMOU | D122: 3,198.522 | E122: 45161 | F122: 45280 | G122: P/BIAT+ARIANA-0002535
A123: 23125868 | B123: 1S02073 | C123: STUFEME | D123: 2,021.870 | E123: 45230 | F123: 45330 | G123: P/BNA+TN-9452921
A124: 23125137 | B124: 1R03169 | C124: MOHAMED RACHED AMAMOU | D124: 3,198.522 | E124: 45161 | F124: 45275 | G124: P/BIAT+ARIANA-0002534
A125: 23125709 | B125: 1R02141 | C125: CHEDLY AOUINI | D125: 12,500.000 | E125: 45223 | F125: 45337 | G125: P/STB+TN-0000870
A126: 23125136 | B126: 1R03169 | C126: MOHAMED RACHED AMAMOU | D126: 3,198.522 | E126: 45161 | F126: 45270 | G126: P/BIAT+ARIANA-0002533
A127: 23125708 | B127: 1R02141 | C127: CHEDLY AOUINI | D127: 12,500.000 | E127: 45223 | F127: 45306 | G127: P/STB+TN-0000876
A128: 23125812 | B128: 1R01590 | C128: STE COMPTOIR VOITURE MODERNE | D128: 2,570.090 | E128: 45229 | F128: 45327 | G128: P/UIB+TN-4706006
A129: 23125707 | B129: 1R02264 | C129: AOUINI SAFOUANE | D129: 28,049.776 | E129: 45223 | F129: 45397 | G129: P/STB+TN-0000683
... A168: 23125401 | B168: 1R01517 | C168: NAIM BERRICH | D168: 1,200.000 | E168: 45189 | F168: 45288 | G168: P/BZ+TN-4002533
A169: _x000C_arcrrp. | B169: p | D169: 27.6.5.18 EDIT | E169: statut de | F169: s chèques | G169: Date: 01/12/23
A170: Page: | B170: 4 | D170: SND | E170: PROD | G170: Hre: 16:33:35
A172: Chèq. | B172: Adr fact | C172: Nom | D172: Amount | E172: Date | F172: ar__dte02 | G172: Remarque
A173: -------- | B173: -------- | C173: ---------------------------- | D173: ------------------ | E173: -------- | F173: --------- | G173: ----------------------
A174: 23125851 | B174: 1R02287 | C174: STE GLOBALE BATTERIES DAOUDI | D174: 30,104.060 | E174: 45230 | F174: 45335 | G174: P/BT+BEN AROUS-1546154
A175: 23125400 | B175: 1R01517 | C175: NAIM BERRICH | D175: 1,200.000 | E175: 45189 | F175: 45274 | G175: P/BZ+TN-4002532
A176: 23125852 | B176: 1R02287 | C176: STE GLOBALE BATTERIES DAOUDI | D176: 30,104.060 | E176: 45230 | F176: 45341 | G176: P/BT+BEN AROUS-1546153
A177: 23126105 | B177: 1R01573 | C177: LAJNAF SALHA | D177: 191.000 | E177: 45260 | F177: 45306 | G177: P/BIAT+TN-0006252
A178: 23125853 | B178: 1R02287 | C178: STE GLOBALE BATTERIES DAOUDI | D178: 30,104.060 | E178: 45230 | F178: 45355 | G178: P/BT+BEN AROUS-1546155
A179: 23125747 | B179: 1R05194 | C179: TAHER KABOUS ROYAL AUTO | D179: 1,120.000 | E179: 45224 | F179: 45284 | G179: P/BIAT+NABEUL-0003223
A180: 23125560 | B180: 1R03074 | C180: BEJI FAYCEL | D180: 10,172.458 | E180: 45198 | F180: 45296 | G180: P/BIAT+EL GHAZELA-0004
A181: 23125745 | B181: 1R05103 | C181: JALEL BEN AHMED EL GABSI | D181: 855.000 | E181: 45224 | F181: 45363 | G181: P/STB+KELIBIA-0010318
A182: 23125559 | B182: 1R01564 | C182: AMENI DES PIECES DETACHEES | D182: 4,377.151 | E182: 45198 | F182: 45265 | G182: P/ATTJ BQ+DENDEN-02515
A183: 23125693 | B183: 1R02282 | C183: COMPTOIR AUTO.SVCES RAPIDES | D183: 1,263.900 | E183: 45223 | F183: 45342 | G183: P/STB+FOUCHANA-0000605
A184: 23125921 | B184: 1R01548 | C184: BEN SALEM MALIKA | D184: 2,292.506 | E184: 45246 | F184: 45322 | G184: P/STB+EL HRAIRIA-00019
A185: 23125392 | B185: 1R01445 | C185: COMPTOIR METOUIEN AUTOMOBILE | D185: 12,334.687 | E185: 45189 | F185: 45291 | G185: P/UBCI+TN-1535368
... A224: 23125457 | B224: 1R04157 | C224: OMEGA PIECES | D224: 1,540.277 | E224: 45194 | F224: 45291 | G224: P/ATB+CITE EL KHADRA-0
A225: _x000C_arcrrp. | B225: p | D225: 27.6.5.18 EDIT | E225: statut de | F225: s chèques | G225: Date: 01/12/23
A226: Page: | B226: 5 | D226: SND | E226: PROD | G226: Hre: 16:33:36
A228: Chèq. | B228: Adr fact | C228: Nom | D228: Amount | E228: Date | F228: ar__dte02 | G228: Remarque
A229: -------- | B229: -------- | C229: ---------------------------- | D229: ------------------ | E229: -------- | F229: --------- | G229: ----------------------
A230: 23125236 | B230: 1R01161 | C230: ALI YAHYAOUI | D230: 866.800 | E230: 45168 | F230: 45270 | G230: P/UIB+BARDO-2339589
A231: 23125533 | B231: 1R03169 | C231: MOHAMED RACHED AMAMOU | D231: 2,787.791 | E231: 45197 | F231: 45301 | G231: P/BIAT+ARIANA-0002585
A232: 23125635 | B232: 1R03189 | C232: HICHRI MOHAMED | D232: 2,779.995 | E232: 45215 | F232: 45291 | G232: P/AMEN B+SIDI THABET-3
A233: 23125534 | B233: 1R03169 | C233: MOHAMED RACHED AMAMOU | D233: 2,787.791 | E233: 45197 | F233: 45306 | G233: P/BIAT+ARIANA-0002586
A234: 23125566 | B234: 1R01614 | C234: STE ESPACE ZORRAGA AUTO | D234: 27,580.981 | E234: 45199 | F234: 45337 | G234: P/QNB+BEN AROUS-000973
A235: 23125524 | B235: 1R05187 | C235: SAMI BEN EZZEDINE B ABDALLAH | D235: 10,237.889 | E235: 45197 | F235: 45275 | G235: P/STB+JEBENIANA-000026
A236: 23125885 | B236: 1R06178 | C236: ST BEN ISMAIL DES PIECES | D236: 2,542.365 | E236: 45238 | F236: 45290 | G236: P/UIB+MATEUR-1782287
A237: 23125523 | B237: 1R05187 | C237: SAMI BEN EZZEDINE B ABDALLAH | D237: 10,237.889 | E237: 45197 | F237: 45290 | G237: P/STB+JEBENIANA-000026
A238: 23125345 | B238: 1R05071 | C238: FATHI NAJJAR | D238: 5,000.000 | E238: 45182 | F238: 45301 | G238: P/BIAT+KELIBIA-0006386
A239: 23125527 | B239: 1R06125 | C239: NAJET BENT SALAH ZAMELI | D239: 856.098 | E239: 45197 | F239: 45270 | G239: P/BH+MEL BOURGUIBA-592
A240: 23125346 | B240: 1R05071 | C240: FATHI NAJJAR | D240: 5,004.826 | E240: 45182 | F240: 45299 | G240: P/BIAT+KELIBIA-0006385
A241: 23125531 | B241: 1R03169 | C241: MOHAMED RACHED AMAMOU | D241: 2,787.791 | E241: 45197 | F241: 45285 | G241: P/BIAT+ARIANA-0002583
... A280: 23124943 | B280: 1R05103 | C280: JALEL BEN AHMED EL GABSI | D280: 803.642 | E280: 45135 | F280: 45288 | G280: P/STB+KELIBIA-0009939
A281: _x000C_arcrrp. | B281: p | D281: 27.6.5.18 EDIT | E281: statut de | F281: s chèques | G281: Date: 01/12/23
A282: Page: | B282: 6 | D282: SND | E282: PROD | G282: Hre: 16:33:36
A284: Chèq. | B284: Adr fact | C284: Nom | D284: Amount | E284: Date | F284: ar__dte02 | G284: Remarque
A285: -------- | B285: -------- | C285: ---------------------------- | D285: ------------------ | E285: -------- | F285: --------- | G285: ----------------------
A286: 23125520 | B286: 1R05103 | C286: JALEL BEN AHMED EL GABSI | D286: 820.000 | E286: 45197 | F286: 45334 | G286: P/STB+KELIBIA-0010141
A287: 23125976 | B287: 1R05217 | C287: EL HORRY FARES PAWER AUTO | D287: 3,778.059 | E287: 45252 | F287: 45322 | G287: P/STB+TN-0001120
A288: 23125519 | B288: 1R05103 | C288: JALEL BEN AHMED EL GABSI | D288: 825.000 | E288: 45197 | F288: 45333 | G288: P/STB+KELIBIA-0010140
A289: 23125371 | B289: 1R03203 | C289: STE ABHS AUTOS | D289: 23,472.021 | E289: 45188 | F289: 45295 | G289: P/BZ+TN-4000263
A290: 23125918 | B290: 1R01511 | C290: CHERIF MOHAMED | D290: 1,310.421 | E290: 45246 | F290: 45290 | G290: P/ATTJ BQ+ETTADHAMEN-0
A291: 23125313 | B291: 1R02306 | C291: STE ZORRAGA PICES AUTOS | D291: 4,472.814 | E291: 45176 | F291: 45296 | G291: P/QNB+BEN AROUS-000328
A292: 23125632 | B292: 1R06038 | C292: SOCIETE AUTOS PIECES | D292: 6,449.144 | E292: 45212 | F292: 45290 | G292: P/ATB+BIZERTE-8402120
A293: 23125639 | B293: 1R03199 | C293: STE PIECE AUTO TUNISIENNE | D293: 1,238.617 | E293: 45217 | F293: 45321 | G293: P/BTE+SFAX-6840920
A294: 23125640 | B294: 1R01492 | C294: RAMEH JAMILA BEN SADOK | D294: 1,337.703 | E294: 45217 | F294: 45290 | G294: P/ATTJ BQ+EL HRAIRIA-0
A295: 23124918 | B295: 1R02308 | C295: STE VERT AUTO | D295: 6,301.766 | E295: 45133 | F295: 45275 | G295: P/BIAT+BEN AROUS-00003
...

Sheet tr 12
A1: dmdmrp01.p | E1: 27.6.6.4 Registre | F1: ré | G1: sum | H1: é des eff | I1: ets | L1: Date: 01/12/23
A2: Page: 1 | E2: SND P | F2: RO | G2: D | L2: Hre: 16:16:30
A4: Référence | B4: Lot | C4: Statut | D4: Adr fact | E4: Nom | F4: Bq | G4: Mé | H4: Effet le | I4: Echéance | J4: Dev | K4: Montant | L4: Mont ouvert | M4: Traite Payé
A5: --------- | B5: -------- | C5: ---------- | D5: -------- | E5: ---------------------------- | F5: -- | G5: -- | H5: -------- | I5: -------- | J5: --- | K5: ------------------ | L5: ------------------ | M5: ------------ --------
A6: 23128182 | B6: 455222 | C6: Approuvé | D6: 1S01236 | E6: CARTHAGE CEMENT SA | F6: 12 | G6: TR | H6: 45254 | I6: 45275 | J6: TND | K6: 629.320 | L6: 629.320 | M6: 009886887669
A7: 23128164 | B7: 454825 | C7: Approuvé | D7: 1R05168 | E7: STE AGRI.QUINCAILLERIE AMEL | F7: 12 | G7: TR | H7: 45251 | I7: 45290 | J7: TND | K7: 1,446.991 | L7: 1,446.991 | M7: 009812519224
A8: 23128181 | B8: 455044 | C8: Approuvé | D8: 1R06028 | E8: TAREK BEN KHEMAIES LAHBIB | F8: 12 | G8: TR | H8: 45253 | I8: 45290 | J8: TND | K8: 2,066.966 | L8: 2,066.966 | M8: 009812519418
A9: 23804167 | B9: 453591 | C9: Approuvé | D9: 8R10037 | E9: WALID BEN HABIB CHORFI | F9: S8 | G9: TR | H9: 45238 | I9: 45290 | J9: TND | K9: 2,540.490 | L9: 2,540.490 | M9: 009877247615
A10: 23304453 | B10: 454581 | C10: Approuvé | D10: 3R18368 | E10: STE KRIAA GENERALE PIECES | F10: S3 | G10: TR | H10: 45248 | I10: 45296 | J10: TND | K10: 553.594 | L10: 553.594 | M10: 009935620275
A11: 23128184 | B11: 455224 | C11: Approuvé | D11: 1S01236 | E11: CARTHAGE CEMENT SA | F11: 12 | G11: TR | H11: 45254 | I11: 45306 | J11: TND | K11: 2,955.665 | L11: 2,955.665 | M11: 009886886893
A12: 23128183 | B12: 455223 | C12: Approuvé | D12: 1S01236 | E12: CARTHAGE CEMENT SA | F12: 12 | G12: TR | H12: 45254 | I12: 45311 | J12: TND | K12: 4,925.448 | L12: 4,925.448 | M12: 009886897660
A13: 23304452 | B13: 454581 | C13: Approuvé | D13: 3R18368 | E13: STE KRIAA GENERALE PIECES | F13: S3 | G13: TR | H13: 45248 | I13: 45319 | J13: TND | K13: 500.000 | L13: 500.000 | M13: 009861284616
A14: 23804170 | B14: 454356 | C14: Approuvé | D14: 8R08043 | E14: STE RAHMANI DE PIECES AUTOS | F14: S8 | G14: TR | H14: 45246 | I14: 45321 | J14: TND | K14: 13,763.341 | L14: 13,763.341 | M14: 009810645766
A15: 23404371 | B15: 454242 | C15: Approuvé | D15: 4R12284 | E15: LETAIEF KHAL BECHIR | F15: S4 | G15: TR | H15: 45245 | I15: 45322 | J15: TND | K15: 4,377.584 | L15: 4,377.584 | M15: 009877097362
A16: 23404372 | B16: 454243 | C16: Approuvé | D16: 4R12220 | E16: LOTFI BEN MOHAMED KRIAA | F16: S4 | G16: TR | H16: 45245 | I16: 45322 | J16: TND | K16: 686.648 | L16: 686.648 | M16: 009933701518
A17: 23704054 | B17: 454235 | C17: Approuvé | D17: 7R22002 | E17: STE GLE DE COMMERCE PIECES | F17: S7 | G17: TR | H17: 45245 | I17: 45322 | J17: TND | K17: 3,345.146 | L17: 3,345.146 | M17: 009328776344
A18: 23804168 | B18: 453592 | C18: Approuvé | D18: 8R10037 | E18: WALID BEN HABIB CHORFI | F18: S8 | G18: TR | H18: 45238 | I18: 45322 | J18: TND | K18: 1,230.397 | L18: 1,230.397 | M18: 009810645960
A19: 23128160 | B19: 454795 | C19: Approuvé | D19: 1R01579 | E19: MARSA BATTERIES | F19: 12 | G19: TR | H19: 45251 | I19: 45332 | J19: TND | K19: 6,500.000 | L19: 6,500.000 | M19: 009812520291
A20: 23304451 | B20: 454580 | C20: Approuvé | D20: 3R18074 | E20: S I A BEN JEMAA ET CIE | F20: S3 | G20: TR | H20: 45248 | I20: 45332 | J20: TND | K20: 3,139.284 | L20: 3,139.284 | M20: 009918205380
A21: 23128161 | B21: 454796 | C21: Approuvé | D21: 1R01579 | E21: MARSA BATTERIES | F21: 12 | G21: TR | H21: 45251 | I21: 45342 | J21: TND | K21: 6,500.000 | L21: 6,500.000 | M21: 009812520388
A22: 23128159 | B22: 454794 | C22: Approuvé | D22: 1R01575 | E22: STE FARAH | F22: 12 | G22: TR | H22: 45251 | I22: 45350 | J22: TND | K22: 2,004.524 | L22: 2,004.524 | M22: 009184110350
A23: 23128162 | B23: 454797 | C23: Approuvé | D23: 1R01579 | E23: MARSA BATTERIES | F23: 12 | G23: TR | H23: 45251 | I23: 45350 | J23: TND | K23: 6,879.082 | L23: 6,879.082 | M23: 009812520194
A24: 23404374 | B24: 454790 | C24: Approuvé | D24: 4R12182 | E24: S T A A S | F24: S4 | G24: TR | H24: 45251 | I24: 45350 | J24: TND | K24: 3,228.548 | L24: 3,228.548 | M24: 009848272648
A25: 23804169 | B25: 453778 | C25: Approuvé | D25: 8R09067 | E25: SOCIETE GENERAL DE PNEUS | F25: S8 | G25: TR | H25: 45239 | I25: 45350 | J25: TND | K25: 14,538.944 | L25: 14,538.944 | M25: 009858516721
A26: 23127852 | B26: 437582 | C26: Approuvé | D26: 1S01243 | E26: CERI TUNISIE | F26: 12 | G26: TR | H26: 45162 | I26: 45351 | J26: TND | K26: 4,394.384 | L26: 4,394.384 | M26: 009182933158
A27: 23128074 | B27: 450345 | C27: Approuvé | D27: 1R05055 | E27: RHIM CHEDLY | F27: 12 | G27: TR | H27: 45225 | I27: 45351 | J27: TND | K27: 2,850.000 | L27: 2,850.000 | M27: 009812517381
A28: 23304430 | B28: 452908 | C28: Approuvé | D28: 3R18108 | E28: SFAX VEHICULES INDUSTRIELS | F28: S3 | G28: TR | H28: 45230 | I28: 45351 | J28: TND | K28: 9,994.283 | L28: 9,994.283 | M28: 009708392246
A29: 23304432 | B29: 452951 | C29: Approuvé | D29: 3R18287 | E29: HABIB KHECHAREM | F29: S3 | G29: TR | H29: 45231 | I29: 45351 | J29: TND | K29: 8,742.241 | L29: 8,742.241 | M29: 009813276018
A30: 23304439 | B30: 453940 | C30: Approuvé | D30: 3R18042 | E30: SFAX TECH. AUTO-CHARFEDINE | F30: S3 | G30: TR | H30: 45244 | I30: 45351 | J30: TND | K30: 2,760.366 | L30: 2,760.366 | M30: 009861283743
A31: 23304448 | B31: 454275 | C31: Approuvé | D31: 3R18092 | E31: C C P D | F31: S3 | G31: TR | H31: 45246 | I31: 45351 | J31: TND | K31: 2,372.564 | L31: 2,372.564 | M31: 009861283549
A32: 23304450 | B32: 454386 | C32: Approuvé | D32: 3R18345 | E32: GENERALE PIECES AUTO"GPA" | F32: S3 | G32: TR | H32: 45247 | I32: 45351 | J32: TND | K32: 4,412.857 | L32: 4,412.857 | M32: 009869171686
A33: 23404269 | B33: 443259 | C33: Approuvé | D33: 4R14029 | E33: JAADI MONCEF | F33: S4 | G33: TR | H33: 45187 | I33: 45351 | J33: TND | K33: 1,347.000 | L33: 1,347.000 | M33: 009858560953
A34: 23404320 | B34: 449440 | C34: Approuvé | D34: 4R12147 | E34: ETS. JEDIDI RIADH | F34: S4 | G34: TR | H34: 45217 | I34: 45351 | J34: TND | K34: 3,500.000 | L34: 3,500.000 | M34: 009858567161
A35: 23604193 | B35: 449580 | C35: Approuvé | D35: 6R24005 | E35: KHALED SALLAY | F35: S6 | G35: TR | H35: 45218 | I35: 45351 | J35: TND | K35: 4,416.038 | L35: 4,416.038 | M35: 009563465128
A36: 23604204 | B36: 453740 | C36: Approuvé | D36: 6R23081 | E36: CHOKRI KSIKSI | F36: S6 | G36: TR | H36: 45239 | I36: 45351 | J36: TND | K36: 860.478 | L36: 860.478 | M36: 009856666252
A37: 23604209 | B37: 454066 | C37: Approuvé | D37: 6R21045 | E37: MOHAMED GUIZA | F37: S6 | G37: TR | H37: 45245 | I37: 45351 | J37: TND | K37: 4,713.980 | L37: 4,713.980 | M37: 009825393452
A38: 23128058 | B38: 449945 | C38: Approuvé | D38: 1R03182 | E38: FIRST AUTOMOTIVE | F38: 12 | G38: TR | H38: 45222 | I38: 45356 | J38: TND | K38: 11,582.008 | L38: 11,582.008 | M38: 009812512531
A39: 23128075 | B39: 450345 | C39: Approuvé | D39: 1R05055 | E39: RHIM CHEDLY | F39: 12 | G39: TR | H39: 45225 | I39: 45356 | J39: TND | K39: 2,850.000 | L39: 2,850.000 | M39: 009812517575
A40: 23128099 | B40: 450734 | C40: Approuvé | D40: 1R01587 | E40: STE BEST BATTERIE | F40: 12 | G40: TR | H40: 45229 | I40: 45356 | J40: TND | K40: 11,000.000 | L40: 11,000.000 | M40: 009812516023
A41: 23404356 | B41: 451352 | C41: Approuvé | D41: 4R13125 | E41: STE SARRA AUTO | F41: S4 | G41: TR | H41: 45230 | I41: 45356 | J41: TND | K41: 2,400.000 | L41: 2,400.000 | M41: 009848273133
A42: 23604168 | B42: 448939 | C42: Approuvé | D42: 6R21048 | E42: AMOR B.SADEK AOUDH | F42: S6 | G42: TR | H42: 45212 | I42: 45356 | J42: TND | K42: 11,309.913 | L42: 11,309.913 | M42: 009853788650
A43: 23128120 | B43: 450824 | C43: Approuvé | D43: 1R05171 | E43: STE L'HORIZON DE PIECES DE | F43: 12 | G43: TR | H43: 45229 | I43: 45357 | J43: TND | K43: 2,000.000 | L43: 2,000.000 | M43: 009880796069
A44: 23128051 | B44: 449680 | C44: Approuvé | D44: 1R05211 | E44: STE EL HAMDI PIECES.RECHANGE | F44: 12 | G44: TR | H44: 45218 | I44: 45358 | J44: TND | K44: 1,922.000 | L44: 1,922.000 | M44: 009907231673
A45: 23128169 | B45: 454997 | C45: Approuvé | D45: 1R03141 | E45: BEN ALI HAMDI | F45: 12 | G45: TR | H45: 45253 | I45: 45358 | J45: TND | K45: 5,568.315 | L45: 5,568.315 | M45: 009812508263
A46: 23404308 | B46: 448945 | C46: Approuvé | D46: 4R12196 | E46: SKANDER MABROUK | F46: S4 | G46: TR | H46: 45212 | I46: 45358 | J46: TND | K46: 2,945.000 | L46: 2,945.000 | M46: 009858567840
A47: 23404337 | B47: 449807 | C47: Approuvé | D47: 4R13116 | E47: AHMED BEN ALI TEKAYA | F47: S4 | G47: TR | H47: 45219 | I47: 45358 | J47: TND | K47: 2,805.000 | L47: 2,805.000 | M47: 009863697976
A48: 23404339 | B48: 450030 | C48: Approuvé | D48: 4R13031 | E48: ETS.AMOR SGHAIER ET CIE | F48: S4 | G48: TR | H48: 45223 | I48: 45359 | J48: TND | K48: 16,500.000 | L48: 16,500.000 | M48: 009737090763
A49: 23128100 | B49: 450734 | C49: Approuvé | D49: 1R01587 | E49: STE BEST BATTERIE | F49: 12 | G49: TR | H49: 45229 | I49: 45361 | J49: TND | K49: 11,640.575 | L49: 11,640.575 | M49: 009812516993
A50: 23128167 | B50: 454981 | C50: Approuvé | D50: 1R05055 | E50: RHIM CHEDLY | F50: 12 | G50: TR | H50: 45253 | I50: 45361 | J50: TND | K50: 3,150.000 | L50: 3,150.000 | M50: 009812520970
A51: 23304428 | B51: 451366 | C51: Approuvé | D51: 3R18263 | E51: LAJNEF SAMI BEN MOHAMED | F51: S3 | G51: TR | H51: 45230 | I51: 45361 | J51: TND | K51: 12,604.804 | L51: 12,604.804 | M51: 009861276468
A52: 23304435 | B52: 453940 | C52: Approuvé | D52: 3R18133 | E52: KHENFIR MOHAMED LAMJED | F52: S3 | G52: TR | H52: 45244 | I52: 45361 | J52: TND | K52: 41,278.501 | L52: 41,278.501 | M52: 009869171395
A53: 23304454 | B53: 454830 | C53: Approuvé | D53: 3R18363 | E53: SOCIETE VEPRA | F53: S3 | G53: TR | H53: 45251 | I53: 45361 | J53: TND | K53: 1,530.931 | L53: 1,530.931 | M53: 009887998804
A54: _x000C_dmdmrp01. | B54: p | E54: 27.6.6.4 Registre | F54: r | G54: ésu | H54: mé des ef | I54: fets | L54: Date: 01/12/23
A55: Page: 2 | E55: SND P | F55: RO | G55: D | L55: Hre: 16:17:04
A57: Référence | B57: Lot | C57: Statut | D57: Adr fact | E57: Nom | F57: Bq | G57: Mé | H57: Effet le | I57: Echéance | J57: Dev | K57: Montant | L57: Mont ouvert | M57: Traite Payé
A58: --------- | B58: -------- | C58: ---------- | D58: -------- | E58: ---------------------------- | F58: -- | G58: -- | H58: -------- | I58: -------- | J58: --- | K58: ------------------ | L58: ------------------ | M58: ------------ --------
A59: 23404297 | B59: 444782 | C59: Approuvé | D59: 4R13125 | E59: STE SARRA AUTO | F59: S4 | G59: TR | H59: 45198 | I59: 45361 | J59: TND | K59: 2,530.000 | L59: 2,530.000 | M59: 009858569877
A60: 23404316 | B60: 449437 | C60: Approuvé | D60: 4R12262 | E60: STE CIPA | F60: S4 | G60: TR | H60: 45217 | I60: 45361 | J60: TND | K60: 8,000.000 | L60: 8,000.000 | M60: 009858568713
A61: 23404322 | B61: 449442 | C61: Approuvé | D61: 4R12147 | E61: ETS. JEDIDI RIADH | F61: S4 | G61: TR | H61: 45217 | I61: 45361 | J61: TND | K61: 4,043.000 | L61: 4,043.000 | M61: 009858567258
A62: 23404361 | B62: 451367 | C62: Approuvé | D62: 4R12240 | E62: STE DES EQUIP.INDUST.&TRANSP | F62: S4 | G62: TR | H62: 45230 | I62: 45361 | J62: TND | K62: 6,403.905 | L62: 6,403.905 | M62: 009685387910
A63: 23404270 | B63: 443260 | C63: Approuvé | D63: 4R14029 | E63: JAADI MONCEF | F63: S4 | G63: TR | H63: 45187 | I63: 45362 | J63: TND | K63: 1,339.658 | L63: 1,339.658 | M63: 009858563087
A64: 23128150 | B64: 454478 | C64: Approuvé | D64: 1R05211 | E64: STE EL HAMDI PIECES.RECHANGE | F64: 12 | G64: TR | H64: 45247 | I64: 45363 | J64: TND | K64: 2,376.977 | L64: 2,376.977 | M64: 009907239433
A65: 23404338 | B65: 449808 | C65: Approuvé | D65: 4R13116 | E65: AHMED BEN ALI TEKAYA | F65: S4 | G65: TR | H65: 45219 | I65: 45363 | J65: TND | K65: 2,796.708 | L65: 2,796.708 | M65: 009863698073
A66: 23404340 | B66: 450031 | C66: Approuvé | D66: 4R13031 | E66: ETS.AMOR SGHAIER ET CIE | F66: S4 | G66: TR | H66: 45223 | I66: 45363 | J66: TND | K66: 16,604.836 | L66: 16,604.836 | M66: 009737094449
A67: 23128170 | B67: 454998 | C67: Approuvé | D67: 1R03141 | E67: BEN ALI HAMDI | F67: 12 | G67: TR | H67: 45253 | I67: 45365 | J67: TND | K67: 5,568.315 | L67: 5,568.315 | M67: 009812508069
A68: 23128168 | B68: 454982 | C68: Approuvé | D68: 1R05055 | E68: RHIM CHEDLY | F68: 12 | G68: TR | H68: 45253 | I68: 45366 | J68: TND | K68: 3,150.000 | L68: 3,150.000 | M68: 009812520485
A69: 23304446 | B69: 454275 | C69: Approuvé | D69: 3R18416 | E69: SOCIETE T I P S | F69: S3 | G69: TR | H69: 45246 | I69: 45366 | J69: TND | K69: 26,760.552 | L69: 26,760.552 | M69: 009869171880
A70: 23404298 | B70: 444783 | C70: Approuvé | D70: 4R13125 | E70: STE SARRA AUTO | F70: S4 | G70: TR | H70: 45198 | I70: 45366 | J70: TND | K70: 2,530.000 | L70: 2,530.000 | M70: 009858569974
A71: 23604187 | B71: 449005 | C71: Approuvé | D71: 6R21027 | E71: S O G E M | F71: S6 | G71: TR | H71: 45212 | I71: 45366 | J71: TND | K71: 5,150.000 | L71: 5,150.000 | M71: 009714160254
A72: 23304443 | B72: 454229 | C72: Approuvé | D72: 3R18068 | E72: MOHAMED GHARIANI | F72: S3 | G72: TR | H72: 45245 | I72: 45367 | J72: TND | K72: 32,620.000 | L72: 32,620.000 | M72: 009861283064
A73: 23404309 | B73: 448947 | C73: Approuvé | D73: 4R12196 | E73: SKANDER MABROUK | F73: S4 | G73: TR | H73: 45212 | I73: 45367 | J73: TND | K73: 2,945.000 | L73: 2,945.000 | M73: 009858566288
A74: 23404323 | B74: 449443 | C74: Approuvé | D74: 4R14029 | E74: JAADI MONCEF | F74: S4 | G74: TR | H74: 45217 | I74: 45367 | J74: TND | K74: 765.000 | L74: 765.000 | M74: 009858568228
A75: 23127996 | B75: 446593 | C75: Approuvé | D75: 1G01014 | E75: STE LUMIERE LOGISTIQUE | F75: 12 | G75: TR | H75: 45199 | I75: 45370 | J75: TND | K75: 7,494.060 | L75: 7,494.060 | M75: 009845121312
A76: 23404274 | B76: 443844 | C76: Approuvé | D76: 4R13147 | E76: STE KACEM ET FRERES | F76: S4 | G76: TR | H76: 45191 | I76: 45370 | J76: TND | K76: 32,962.862 | L76: 32,962.862 | M76: 009512581062
A77: 23128171 | B77: 454999 | C77: Approuvé | D77: 1R03141 | E77: BEN ALI HAMDI | F77: 12 | G77: TR | H77: 45253 | I77: 45371 | J77: TND | K77: 5,568.315 | L77: 5,568.315 | M77: 009812507972
A78: 23404299 | B78: 444784 | C78: Approuvé | D78: 4R13125 | E78: STE SARRA AUTO | F78: S4 | G78: TR | H78: 45198 | I78: 45371 | J78: TND | K78: 2,530.000 | L78: 2,530.000 | M78: 009858568034
A79: 23128151 | B79: 454478 | C79: Approuvé | D79: 1R05211 | E79: STE EL HAMDI PIECES.RECHANGE | F79: 12 | G79: TR | H79: 45247 | I79: 45372 | J79: TND | K79: 2,376.977 | L79: 2,376.977 | M79: 009907239239
A80: 23404324 | B80: 449444 | C80: Approuvé | D80: 4R14029 | E80: JAADI MONCEF | F80: S4 | G80: TR | H80: 45217 | I80: 45372 | J80: TND | K80: 766.000 | L80: 766.000 | M80: 009858568325
A81: 23404310 | B81: 448949 | C81: Approuvé | D81: 4R12196 | E81: SKANDER MABROUK | F81: S4 | G81: TR | H81: 45212 | I81: 45374 | J81: TND | K81: 2,945.000 | L81: 2,945.000 | M81: 009858567937
A82: 23128046 | B82: 449321 | C82: Approuvé | D82: 1R04037 | E82: SOCIETE ZAGHLA FRERES | F82: 12 | G82: TR | H82: 45216 | I82: 45376 | J82: TND | K82: 15,209.471 | L82: 15,209.471 | M82: 009812512628
A83: 23128174 | B83: 455003 | C83: Approuvé | D83: 1R03141 | E83: BEN ALI HAMDI | F83: 12 | G83: TR | H83: 45253 | I83: 45376 | J83: TND | K83: 5,568.315 | L83: 5,568.315 | M83: 009812507681
A84: 23304444 | B84: 454229 | C84: Approuvé | D84: 3R18068 | E84: MOHAMED GHARIANI | F84: S3 | G84: TR | H84: 45245 | I84: 45376 | J84: TND | K84: 32,620.000 | L84: 32,620.000 | M84: 009861283161
A85: 23304447 | B85: 454275 | C85: Approuvé | D85: 3R18416 | E85: SOCIETE T I P S | F85: S3 | G85: TR | H85: 45246 | I85: 45376 | J85: TND | K85: 26,760.552 | L85: 26,760.552 | M85: 009869171783
A86: 23404300 | B86: 444785 | C86: Approuvé | D86: 4R13125 | E86: STE SARRA AUTO | F86: S4 | G86: TR | H86: 45198 | I86: 45376 | J86: TND | K86: 2,537.121 | L86: 2,537.121 | M86: 009858568131
A87: 23404318 | B87: 449439 | C87: Approuvé | D87: 4R12262 | E87: STE CIPA | F87: S4 | G87: TR | H87: 45217 | I87: 45376 | J87: TND | K87: 8,000.000 | L87: 8,000.000 | M87: 009858568616
A88: 23404370 | B88: 454241 | C88: Approuvé | D88: 4R12147 | E88: ETS. JEDIDI RIADH | F88: S4 | G88: TR | H88: 45245 | I88: 45376 | J88: TND | K88: 3,806.000 | L88: 3,806.000 | M88: 009812517963
A89: 23604171 | B89: 448944 | C89: Approuvé | D89: 6R21048 | E89: AMOR B.SADEK AOUDH | F89: S6 | G89: TR | H89: 45212 | I89: 45376 | J89: TND | K89: 10,256.734 | L89: 10,256.734 | M89: 009853788844
A90: 23128152 | B90: 454478 | C90: Approuvé | D90: 1R05211 | E90: STE EL HAMDI PIECES.RECHANGE | F90: 12 | G90: TR | H90: 45247 | I90: 45377 | J90: TND | K90: 2,376.977 | L90: 2,376.977 | M90: 009907239336
A91: 23404325 | B91: 449445 | C91: Approuvé | D91: 4R14029 | E91: JAADI MONCEF | F91: S4 | G91: TR | H91: 45217 | I91: 45377 | J91: TND | K91: 767.000 | L91: 767.000 | M91: 009858568422
A92: 23404311 | B92: 448951 | C92: Approuvé | D92: 4R12196 | E92: SKANDER MABROUK | F92: S4 | G92: TR | H92: 45212 | I92: 45379 | J92: TND | K92: 2,945.000 | L92: 2,945.000 | M92: 009858566191
A93: 23128166 | B93: 454979 | C93: Approuvé | D93: 1R05055 | E93: RHIM CHEDLY | F93: 12 | G93: TR | H93: 45253 | I93: 45381 | J93: TND | K93: 3,150.000 | L93: 3,150.000 | M93: 009812520679
A94: 23128175 | B94: 455004 | C94: Approuvé | D94: 1R03141 | E94: BEN ALI HAMDI | F94: 12 | G94: TR | H94: 45253 | I94: 45381 | J94: TND | K94: 5,568.315 | L94: 5,568.315 | M94: 009812507875
A95: 23404349 | B95: 450367 | C95: Approuvé | D95: 4R13135 | E95: ZIED ABDELMALEK | F95: S4 | G95: TR | H95: 45225 | I95: 45381 | J95: TND | K95: 6,199.233 | L95: 6,199.233 | M95: 009144312123
A96: 23304424 | B96: 450411 | C96: Approuvé | D96: 3R18077 | E96: STE.DES PIECES POIDS LOURD | F96: S3 | G96: TR | H96: 45225 | I96: 45382 | J96: TND | K96: 4,576.932 | L96: 4,576.932 | M96: 009861281221
A97: 23404326 | B97: 449446 | C97: Approuvé | D97: 4R14029 | E97: JAADI MONCEF | F97: S4 | G97: TR | H97: 45217 | I97: 45382 | J97: TND | K97: 765.550 | L97: 765.550 | M97: 009858568519
A98: 23604185 | B98: 449002 | C98: Approuvé | D98: 6R21027 | E98: S O G E M | F98: S6 | G98: TR | H98: 45212 | I98: 45382 | J98: TND | K98: 5,000.000 | L98: 5,000.000 | M98: 008626436883
A99: 23604190 | B99: 449007 | C99: Approuvé | D99: 6R21027 | E99: S O G E M | F99: S6 | G99: TR | H99: 45212 | I99: 45382 | J99: TND | K99: 5,142.544 | L99: 5,142.544 | M99: 009601695059
A100: 23804171 | B100: 454357 | C100: Approuvé | D100: 8R10040 | E100: ROJDI BEN MOHAMED KRAOUII | F100: S8 | G100: TR | H100: 45246 | I100: 45382 | J100: TND | K100: 4,204.934 | L100: 4,204.934 | M100: 009859069427
A101: 23128157 | B101: 454721 | C101: Approuvé | D101: 1R03182 | E101: FIRST AUTOMOTIVE | F101: 12 | G101: TR | H101: 45250 | I101: 45387 | J101: TND | K101: 16,020.700 | L101: 16,020.700 | M101: 009812519612
A102: 23128165 | B102: 454978 | C102: Approuvé | D102: 1R05055 | E102: RHIM CHEDLY | F102: 12 | G102: TR | H102: 45253 | I102: 45387 | J102: TND | K102: 3,193.170 | L102: 3,193.170 | M102: 009812520582
...

Sheet ct (2)
A1: Chèq. | B1: Adr fact | C1: Nom | D1: Amount | E1: Date | F1: ar__dte02 | G1: Remarque
A2: 23402147 | B2: 4X01000 | C2: CLIENT PASSAGER - SOUSSE | D2: 274.105 | E2: 45252 | F2: 45271 | G2: P/UIB+SOUSSE-4336869
A3: 23302347 | B3: 3R18449 | C3: BOUZID AMINE B CHEDLI | D3: 145 | E3: 45254 | F3: 45271 | G3: D/BT+MAHDIA-1439992
A4: 23701433 | B4: 7R16090 | C4: BARHOUMI WISSEM B MOHAMED | D4: 5412.313 | E4: 45255 | F4: 45271 | G4: P/STB+SBEITLA-0000116
A5: 23302350 | B5: 3R18036 | C5: HADHRI MOUHED BEN HAMOUDA | D5: 2000 | E5: 45254 | F5: 45271 | G5: D/BZ+JBENIANA-4000228
A6: 23126040 | B6: 1S01267 | C6: STE CONFIANCE VOYAGES | D6: 8538.228 | E6: 45254 | F6: 45271 | G6: P/ATB+TN-8445269
A7: 23126015 | B7: 1R04155 | C7: ABDELKARIM CHEBBI | D7: 1167 | E7: 45253 | F7: 45271 | G7: P/BNA+TN-8799293
A8: 23125982 | B8: 1R01129 | C8: CHAMAKHI BECHIR | D8: 11426.18 | E8: 45253 | F8: 45271 | G8: P/AB+TN-9894450
A9: 23302351 | B9: 3R18036 | C9: HADHRI MOUHED BEN HAMOUDA | D9: 3000 | E9: 45254 | F9: 45271 | G9: P/BZ+SFAX-4000229
A10: 23302340 | B10: 3R18274 | C10: STE HSOUNA FRIKHA ET FILS | D10: 4666.897 | E10: 45252 | F10: 45271 | G10: P/BNA+SFAX-0192600
A11: 23402169 | B11: 4R12227 | C11: HAKIM BEN SADOK KHEMIS | D11: 500 | E11: 45253 | F11: 45271 | G11: D/STB+MENZEL TEMIME-00
A12: 23126057 | B12: 1R03159 | C12: STE MUST SERVICES | D12: 2070.941 | E12: 45257 | F12: 45271 | G12: P/BH+ARIANA-5997580
A13: 23801584 | B13: 8R10065 | C13: OUERGUI RAKIA ADELAZIZ | D13: 697.151 | E13: 45264 | F13: 45271 | G13: P/BT+BOUSALEM-1712717
... A691: 23601459 | B691: 6R21055 | C691: S.G.P | D691: 1250 | E691: 45166 | F691: 45301 | G691: P/UBCI+GABES-8507943
A692: 23701362 | B692: 7R17057 | C692: ALIBI YASSMINA BENT FARHAT | D692: 2525.369 | E692: 45212 | F692: 45301
A693: 23701358 | B693: 7R20002 | C693: HAROUNI HAFSIA BT MOHAMED | D693: 2500 | E693: 45210 | F693: 45301 | G693: P/UIB+NAFTA-2281472
A694: 23701409 | B694: 7R17059 | C694: MISSAOUI RIBEH BENT ARBI | D694: 3691.627 | E694: 45234 | F694: 45301 | G694: P/WIFAK+SAIDA-0000247
A695: 23701341 | B695: 7R17057 | C695: ALIBI YASSMINA BENT FARHAT | D695: 4030 | E695: 45199 | F695: 45301 | G695: P/BNA+MEKNASY-9199154
A696: 23801564 | B696: 8R10060 | C696: REZGUI ANIS BEN ALI BN AMARA | D696: 2890 | E696: 45253 | F696: 45301 | G696: P/BQ ZIT+BOUSALEM-4000
A697: 23801537 | B697: 8R10032 | C697: ANIS BEN REHAIEM NASRI | D697: 926.301 | E697: 45238 | F697: 45301 | G697: P/BIAT+JEND-0005296
A698: 23801555 | B698: 8R10032 | C698: ANIS BEN REHAIEM NASRI | D698: 926.301 | E698: 45247 | F698: 45301 | G698: P/BIAT+JEND-0005295
A699: 23801406 | B699: 8R09054 | C699: OUESLATI LOTFI B BELGACEM | D699: 1143.369 | E699: 45176 | F699: 45301 | G699: P/BNA+TESTOUR-7544058
A700: 23801471 | B700: 8R10053 | C700: OUERGHI MOUNIR B ABDELMAJID | D700: 4232.348 | E700: 45203 | F700: 45301 | G700: P/ATTIJ BK+BOUSALEM-00
A701: 23801529 | B701: 8R11093 | C701: STE BEN BRAHIM " SBB " | D701: 2764.327 | E701: 45234 | F701: 45301 | G701: P/ATTIJ BK+TAJER-00420
A702: 23125846 | B702: 1R02231 | C702: STE ARFA AUTO PLUS | D702: 2308.211 | E702: 45230 | F702: 45302 | G702: P/BQ ZAIT+EZZAHRA-4004
A703: 23125753 | B703: 1R05195 | C703: STE MDIALE PCE AUTOMOBILES | D703: 2399.338 | E703: 45225 | F703: 45302 | G703: P/BIAT+MEL BOUZELFA-00
A704: 23125156 | B704: 1R05103 | C704: JALEL BEN AHMED EL GABSI | D704: 875 | E704: 45162 | F704: 45302 | G704: P/STB+KELIBIA-0010064
... A1742: 23402198 | B1742: 4R12245 | C1742: HAMDI BAYA ECHATTI | D1742: 60480 | E1742: 45260 | F1742: 45463 | G1742: P/ZITOUNA+MSAKEN-40013

Sheet ct sna
A1: Chèq. | B1: Adr fact | C1: Nom | D1: Amount | E1: Date | F1: ar__dte02 | G1: Remarque
A2: 23257050 | B2: 00010010 | C2: STE ECOPLAST TUNISIE | D2: 11625 | E2: 45250 | F2: 45294 | G2: P/BNA+MSAKEN-9585197
A3: 23257051 | B3: 00010010 | C3: STE ECOPLAST TUNISIE | D3: 11625 | E3: 45250 | F3: 45302 | G3: P/BNA+MSAKEN-9585198
A4: 23257052 | B4: 00010010 | C4: STE ECOPLAST TUNISIE | D4: 11625 | E4: 45250 | F4: 45309 | G4: P/BNA+MSAKEN-9585199
A5: 23257053 | B5: 00010010 | C5: STE ECOPLAST TUNISIE | D5: 11625 | E5: 45250 | F5: 45317 | G5: P/BNA+MSAKEN-9585200
A6: 23257055 | B6: 00010010 | C6: STE ECOPLAST TUNISIE | D6: 11625 | E6: 45250 | F6: 45324 | G6: P/BNA+MSAKEN-9585201
A7: 23257054 | B7: 00010010 | C7: STE ECOPLAST TUNISIE | D7: 11625 | E7: 45250 | F7: 45332 | G7: P/BNA+MSAKEN-9585202
A8: 23257056 | B8: 00010010 | C8: STE ECOPLAST TUNISIE | D8: 11625 | E8: 45250 | F8: 45340 | G8: P/BNA+MSAKEN-9585203
A9: 23257057 | B9: 00010010 | C9: STE ECOPLAST TUNISIE | D9: 11625 | E9: 45250 | F9: 45351 | G9: P/BNA+MSAKEN-9585204
A10: 23257058 | B10: 00010010 | C10: STE ECOPLAST TUNISIE | D10: 11625 | E10: 45250 | F10: 45358 | G10: P/BNA+MSAKEN-9585205
A11: 23257059 | B11: 00010010 | C11: STE ECOPLAST TUNISIE | D11: 11625 | E11: 45250 | F11: 45365 | G11: P/BNA+MSAKEN-9585206
A12: 23257060 | B12: 00010010 | C12: STE ECOPLAST TUNISIE | D12: 11625 | E12: 45250 | F12: 45372 | G12: P/BNA+MSAKEN-9585207
A13: 23257061 | B13: 00010010 | C13: STE ECOPLAST TUNISIE | D13: 11625 | E13: 45250 | F13: 45379 | G13: P/BNA+MSAKEN-9585208
... A17: 23257065 | B17: 00010010 | C17: STE ECOPLAST TUNISIE | D17: 11677.086 | E17: 45250 | F17: 45407 | G17: P/BNA+MSAKEN-9585212

Sheet tr (2)
A1: Référence | B1: Lot | C1: Statut | D1: Adr fact | E1: Nom | F1: Bq | G1: Mé | H1: Effet le | I1: Echéance | J1: Dev | K1: Montant | L1: Mont ouvert | M1: Traite Payé
A2: 23128208 | B2: 456571 | C2: Approuvé | D2: 1R07048 | E2: JAMEL BEN HEDI BEN KHSIB | F2: 12 | G2: TR | H2: 45260 | I2: 45267 | J2: TND | K2: 3000 | L2: 3000 | M2: 009812513986
A3: 23128164 | B3: 454825 | C3: Approuvé | D3: 1R05168 | E3: STE AGRI.QUINCAILLERIE AMEL | F3: 12 | G3: TR | H3: 45251 | I3: 45290 | J3: TND | K3: 1446.991 | L3: 1446.991 | M3: 009812519224
A4: 23128181 | B4: 455044 | C4: Approuvé | D4: 1R06028 | E4: TAREK BEN KHEMAIES LAHBIB | F4: 12 | G4: TR | H4: 45253 | I4: 45290 | J4: TND | K4: 2066.966 | L4: 2066.966 | M4: 009812519418
A5: 23804167 | B5: 453591 | C5: Approuvé | D5: 8R10037 | E5: WALID BEN HABIB CHORFI | F5: S8 | G5: TR | H5: 45238 | I5: 45290 | J5: TND | K5: 2540.49 | L5: 2540.49 | M5: 009877247615
A6: 23128187 | B6: 455378 | C6: Approuvé | D6: 1S02024 | E6: M O N O G R O S | F6: 12 | G6: TR | H6: 45257 | I6: 45291 | J6: TND | K6: 366.14 | L6: 366.14 | M6: 009775068688
A7: 23304453 | B7: 454581 | C7: Approuvé | D7: 3R18368 | E7: STE KRIAA GENERALE PIECES | F7: S3 | G7: TR | H7: 45248 | I7: 45296 | J7: TND | K7: 553.594 | L7: 553.594 | M7: 009935620275
A8: 23128194 | B8: 456495 | C8: Approuvé | D8: 1S02019 | E8: SOCIETE AGRICOLE DICK | F8: 12 | G8: TR | H8: 45260 | I8: 45301 | J8: TND | K8: 500.242 | L8: 500.242 | M8: 009885074642
A9: 23128215 | B9: 456894 | C9: Approuvé | D9: 1S01068 | E9: S. A. M. | F9: 12 | G9: TR | H9: 45260 | I9: 45301 | J9: TND | K9: 2123.221 | L9: 2123.221 | M9: 009415633636
A10: 23128184 | B10: 455224 | C10: Approuvé | D10: 1S01236 | E10: CARTHAGE CEMENT SA | F10: 12 | G10: TR | H10: 45254 | I10: 45306 | J10: TND | K10: 2955.665 | L10: 2955.665 | M10: 009886886893
A11: 23128183 | B11: 455223 | C11: Approuvé | D11: 1S01236 | E11: CARTHAGE CEMENT SA | F11: 12 | G11: TR | H11: 45254 | I11: 45311 | J11: TND | K11: 4925.448 | L11: 4925.448 | M11: 009886897660
A12: 23128214 | B12: 456861 | C12: Approuvé | D12: 1R05212 | E12: STE BICHIOU BRICO HOME | F12: 12 | G12: TR | H12: 45260 | I12: 45313 | J12: TND | K12: 2000 | L12: 2000 | M12: 009543430651
A13: 23128190 | B13: 455517 | C13: Approuvé | D13: 1R05072 | E13: STE EQUIP.GEN.BAROUDI[E.G.B] | F13: 12 | G13: TR | H13: 45257 | I13: 45314 | J13: TND | K13: 3402.722 | L13: 3402.722 | M13: 002974189847
A14: 23128210 | B14: 456571 | C14: Approuvé | D14: 1R07048 | E14: JAMEL BEN HEDI BEN KHSIB | F14: 12 | G14: TR | H14: 45260 | I14: 45319 | J14: TND | K14: 2864.909 | L14: 2864.909 | M14: 009812514180
A15: 23304452 | B15: 454581 | C15: Approuvé | D15: 3R18368 | E15: STE KRIAA GENERALE PIECES | F15: S3 | G15: TR | H15: 45248 | I15: 45319 | J15: TND | K15: 500 | L15: 500 | M15: 009861284616
A16: 23128213 | B16: 456861 | C16: Approuvé | D16: 1R05212 | E16: STE BICHIOU BRICO HOME | F16: 12 | G16: TR | H16: 45260 | I16: 45320 | J16: TND | K16: 2000 | L16: 2000 | M16: 009543430748
A17: 23304466 | B17: 456839 | C17: Approuvé | D17: 3R18419 | E17: STE CO P E M | F17: S3 | G17: TR | H17: 45260 | I17: 45321 | J17: TND | K17: 9000 | L17: 9000 | M17: 009861284713
A18: 23804170 | B18: 454356 | C18: Approuvé | D18: 8R08043 | E18: STE RAHMANI DE PIECES AUTOS | F18: S8 | G18: TR | H18: 45246 | I18: 45321 | J18: TND | K18: 13763.341 | L18: 13763.341 | M18: 009810645766
A19: 23128193 | B19: 455551 | C19: Approuvé | D19: 1R02205 | E19: AUTO ZARGA | F19: 12 | G19: TR | H19: 45258 | I19: 45322 | J19: TND | K19: 2066.425 | L19: 2066.425 | M19: 009812514568
A20: 23128196 | B20: 456555 | C20: Approuvé | D20: 1R02271 | E20: STE ZE.D.CA.D | F20: 12 | G20: TR | H20: 45260 | I20: 45322 | J20: TND | K20: 911.618 | L20: 911.618 | M20: 009505898829
A21: 23128199 | B21: 456560 | C21: Approuvé | D21: 1R02038 | E21: SPECIALITE PIECES ELEC. AUTO | F21: 12 | G21: TR | H21: 45260 | I21: 45322 | J21: TND | K21: 3750.854 | L21: 3750.854 | M21: 008936965311
A22: 23404371 | B22: 454242 | C22: Approuvé | D22: 4R12284 | E22: LETAIEF KHAL BECHIR | F22: S4 | G22: TR | H22: 45245 | I22: 45322 | J22: TND | K22: 4377.584 | L22: 4377.584 | M22: 009877097362
A23: 23404372 | B23: 454243 | C23: Approuvé | D23: 4R12220 | E23: LOTFI BEN MOHAMED KRIAA | F23: S4 | G23: TR | H23: 45245 | I23: 45322 | J23: TND | K23: 686.648 | L23: 686.648 | M23: 009933701518
A24: 23704054 | B24: 454235 | C24: Approuvé | D24: 7R22002 | E24: STE GLE DE COMMERCE PIECES | F24: S7 | G24: TR | H24: 45245 | I24: 45322 | J24: TND | K24: 3345.146 | L24: 3345.146 | M24: 009328776344
A25: 23804168 | B25: 453592 | C25: Approuvé | D25: 8R10037 | E25: WALID BEN HABIB CHORFI | F25: S8 | G25: TR | H25: 45238 | I25: 45322 | J25: TND | K25: 1230.397 | L25: 1230.397 | M25: 009810645960
A26: 23804174 | B26: 454942 | C26: Approuvé | D26: 8R09076 | E26: STE TUN DE PRODUITS AGRICOLE | F26: S8 | G26: TR | H26: 45253 | I26: 45322 | J26: TND | K26: 2092.943 | L26: 2092.943 | M26: 009926150553
A27: 23128205 | B27: 456567 | C27: Approuvé | D27: 1R03186 | E27: STE PIECES AUTO NAIMA "PAN" | F27: 12 | G27: TR | H27: 45260 | I27: 45325 | J27: TND | K27: 559.212 | L27: 559.212 | M27: 009893825109
A28: 23128188 | B28: 455399 | C28: Approuvé | D28: 1R01465 | E28: MATERIELS POIDS LOURDS | F28: 12 | G28: TR | H28: 45257 | I28: 45327 | J28: TND | K28: 414.77 | L28: 414.77 | M28: 009734067273
A29: 23128203 | B29: 456565 | C29: Approuvé | D29: 1R03186 | E29: STE PIECES AUTO NAIMA "PAN" | F29: 12 | G29: TR | H29: 45260 | I29: 45328 | J29: TND | K29: 559.212 | L29: 559.212 | M29: 009893825012
A30: 23128204 | B30: 456566 | C30: Approuvé | D30: 1R03186 | E30: STE PIECES AUTO NAIMA "PAN" | F30: 12 | G30: TR | H30: 45260 | I30: 45330 | J30: TND | K30: 559.212 | L30: 559.212 | M30: 009893824430
A31: 23128212 | B31: 456861 | C31: Approuvé | D31: 1R05212 | E31: STE BICHIOU BRICO HOME | F31: 12 | G31: TR | H31: 45260 | I31: 45331 | J31: TND | K31: 2334.478 | L31: 2334.478 | M31: 009543430845
A32: 23128160 | B32: 454795 | C32: Approuvé | D32: 1R01579 | E32: MARSA BATTERIES | F32: 12 | G32: TR | H32: 45251 | I32: 45332 | J32: TND | K32: 6500 | L32: 6500 | M32: 009812520291
A33: 23128198 | B33: 456557 | C33: Approuvé | D33: 1R02309 | E33: STE COGEPA BE AROUS | F33: 12 | G33: TR | H33: 45260 | I33: 45332 | J33: TND | K33: 2000 | L33: 2000 | M33: 009812519030
A34: 23128207 | B34: 456570 | C34: Approuvé | D34: 1R03186 | E34: STE PIECES AUTO NAIMA "PAN" | F34: 12 | G34: TR | H34: 45260 | I34: 45332 | J34: TND | K34: 559.212 | L34: 559.212 | M34: 009893824721
A35: 23304451 | B35: 454580 | C35: Approuvé | D35: 3R18074 | E35: S I A BEN JEMAA ET CIE | F35: S3 | G35: TR | H35: 45248 | I35: 45332 | J35: TND | K35: 3139.284 | L35: 3139.284 | M35: 009918205380
A36: 23128209 | B36: 456572 | C36: Approuvé | D36: 1R03186 | E36: STE PIECES AUTO NAIMA "PAN" | F36: 12 | G36: TR | H36: 45260 | I36: 45334 | J36: TND | K36: 559.212 | L36: 559.212 | M36: 009893824624
A37: 23128206 | B37: 456569 | C37: Approuvé | D37: 1R03186 | E37: STE PIECES AUTO NAIMA "PAN" | F37: 12 | G37: TR | H37: 45260 | I37: 45336 | J37: TND | K37: 559.212 | L37: 559.212 | M37: 009893824042
A38: 23128195 | B38: 456553 | C38: Approuvé | D38: 1R02249 | E38: STE OUBAY DE PIECES | F38: 12 | G38: TR | H38: 45260 | I38: 45337 | J38: TND | K38: 494.463 | L38: 494.463 | M38: 009869483929
A39: 23128211 | B39: 456571 | C39: Approuvé | D39: 1R07048 | E39: JAMEL BEN HEDI BEN KHSIB | F39: 12 | G39: TR | H39: 45260 | I39: 45337 | J39: TND | K39: 3000 | L39: 3000 | M39: 009812514083
A40: 23304455 | B40: 455043 | C40: Approuvé | D40: 3R18357 | E40: F.I.A.M | F40: S3 | G40: TR | H40: 45253 | I40: 45337 | J40: TND | K40: 20000 | L40: 20000 | M40: 009861283937
A41: 23304456 | B41: 455043 | C41: Approuvé | D41: 3R18357 | E41: F.I.A.M | F41: S3 | G41: TR | H41: 45253 | I41: 45337 | J41: TND | K41: 20000 | L41: 20000 | M41: 009861284034
A42: 23304463 | B42: 455423 | C42: Approuvé | D42: 3R18331 | E42: STE SCAPA | F42: S3 | G42: TR | H42: 45257 | I42: 45337 | J42: TND | K42: 3480 | L42: 3480 | M42: 009784702243
A43: 23128191 | B43: 455517 | C43: Approuvé | D43: 1R05072 | E43: STE EQUIP.GEN.BAROUDI[E.G.B] | F43: 12 | G43: TR | H43: 45257 | I43: 45341 | J43: TND | K43: 3402.722 | L43: 3402.722 | M43: 004739030642
A44: 23128161 | B44: 454796 | C44: Approuvé | D44: 1R01579 | E44: MARSA BATTERIES | F44: 12 | G44: TR | H44: 45251 | I44: 45342 | J44: TND | K44: 6500 | L44: 6500 | M44: 009812520388
A45: 23128197 | B45: 456557 | C45: Approuvé | D45: 1R02309 | E45: STE COGEPA BE AROUS | F45: 12 | G45: TR | H45: 45260 | I45: 45342 | J45: TND | K45: 2703.995 | L45: 2703.995 | M45: 009812518933
A46: 23604210 | B46: 455212 | C46: Approuvé | D46: 6S21018 | E46: S T M G | F46: S6 | G46: TR | H46: 45254 | I46: 45344 | J46: TND | K46: 370.495 | L46: 370.495 | M46: 009805464220
A47: 23304464 | B47: 455423 | C47: Approuvé | D47: 3R18331 | E47: STE SCAPA | F47: S3 | G47: TR | H47: 45257 | I47: 45347 | J47: TND | K47: 3480 | L47: 3480 | M47: 009784702340
A48: 23128192 | B48: 455517 | C48: Approuvé | D48: 1R05072 | E48: STE EQUIP.GEN.BAROUDI[E.G.B] | F48: 12 | G48: TR | H48: 45257 | I48: 45348 | J48: TND | K48: 3402.722 | L48: 3402.722 | M48: 004739030545
A49: 23128159 | B49: 454794 | C49: Approuvé | D49: 1R01575 | E49: STE FARAH | F49: 12 | G49: TR | H49: 45251 | I49: 45350 | J49: TND | K49: 2004.524 | L49: 2004.524 | M49: 009184110350
A50: 23128162 | B50: 454797 | C50: Approuvé | D50: 1R01579 | E50: MARSA BATTERIES | F50: 12 | G50: TR | H50: 45251 | I50: 45350 | J50: TND | K50: 6879.082 | L50: 6879.082 | M50: 009812520194
A51: 23304467 | B51: 456839 | C51: Approuvé | D51: 3R18419 | E51: STE CO P E M | F51: S3 | G51: TR | H51: 45260 | I51: 45350 | J51: TND | K51: 9000 | L51: 9000 | M51: 009861284810
A52: 23404374 | B52: 454790 | C52: Approuvé | D52: 4R12182 | E52: S T A A S | F52: S4 | G52: TR | H52: 45251 | I52: 45350 | J52: TND | K52: 3228.548 | L52: 3228.548 | M52: 009848272648
A53: 23804169 | B53: 453778 | C53: Approuvé | D53: 8R09067 | E53: SOCIETE GENERAL DE PNEUS | F53: S8 | G53: TR | H53: 45239 | I53: 45350 | J53: TND | K53: 14538.944 | L53: 14538.944 | M53: 009858516721
A54: 23804172 | B54: 454559 | C54: Approuvé | D54: 8R11111 | E54: SONAF | F54: S8 | G54: TR | H54: 45248 | I54: 45350 | J54: TND | K54: 892.608 | L54: 892.608 | M54: 009620457575
A55: 23127852 | B55: 437582 | C55: Approuvé | D55: 1S01243 | E55: CERI TUNISIE | F55: 12 | G55: TR | H55: 45162 | I55: 45351 | J55: TND | K55: 4394.384 | L55: 4394.384 | M55: 009182933158
A56: 23128074 | B56: 450345 | C56: Approuvé | D56: 1R05055 | E56: RHIM CHEDLY | F56: 12 | G56: TR | H56: 45225 | I56: 45351 | J56: TND | K56: 2850 | L56: 2850 | M56: 009812517381
A57: 23128185 | B57: 455307 | C57: Approuvé | D57: 1S02024 | E57: M O N O G R O S | F57: 12 | G57: TR | H57: 45255 | I57: 45351 | J57: TND | K57: 601.57 | L57: 601.57 | M57: 008368860173
A58: 23128200 | B58: 456561 | C58: Approuvé | D58: 1R01627 | E58: STE CHAMAM | F58: 12 | G58: TR | H58: 45260 | I58: 45351 | J58: TND | K58: 2516.611 | L58: 2516.611 | M58: 009826041218
A59: 23304430 | B59: 452908 | C59: Approuvé | D59: 3R18108 | E59: SFAX VEHICULES INDUSTRIELS | F59: S3 | G59: TR | H59: 45230 | I59: 45351 | J59: TND | K59: 9994.283 | L59: 9994.283 | M59: 009708392246
A60: 23304432 | B60: 452951 | C60: Approuvé | D60: 3R18287 | E60: HABIB KHECHAREM | F60: S3 | G60: TR | H60: 45231 | I60: 45351 | J60: TND | K60: 8742.241 | L60: 8742.241 | M60: 009813276018
A61: 23304439 | B61: 453940 | C61: Approuvé | D61: 3R18042 | E61: SFAX TECH. AUTO-CHARFEDINE | F61: S3 | G61: TR | H61: 45244 | I61: 45351 | J61: TND | K61: 2760.366 | L61: 2760.366 | M61: 009861283743
A62: 23304448 | B62: 454275 | C62: Approuvé | D62: 3R18092 | E62: C C P D | F62: S3 | G62: TR | H62: 45246 | I62: 45351 | J62: TND | K62: 2372.564 | L62: 2372.564 | M62: 009861283549
A63: 23304450 | B63: 454386 | C63: Approuvé | D63: 3R18345 | E63: GENERALE PIECES AUTO"GPA" | F63: S3 | G63: TR | H63: 45247 | I63: 45351 | J63: TND | K63: 4412.857 | L63: 4412.857 | M63: 009869171686
A64: 23304457 | B64: 455043 | C64: Approuvé | D64: 3R18357 | E64: F.I.A.M | F64: S3 | G64: TR | H64: 45253 | I64: 45351 | J64: TND | K64: 20000 | L64: 20000 | M64: 009677890596
A65: 23304460 | B65: 455296 | C65: Approuvé | D65: 3R18279 | E65: HELMI PIECES ELECTRIQUES | F65: S3 | G65: TR | H65: 45255 | I65: 45351 | J65: TND | K65: 1389.417 | L65: 1389.417 | M65: 009869172268
A66: 23404269 | B66: 443259 | C66: Approuvé | D66: 4R14029 | E66: JAADI MONCEF | F66: S4 | G66: TR | H66: 45187 | I66: 45351 | J66: TND | K66: 1347 | L66: 1347 | M66: 009858560953
A67: 23404320 | B67: 449440 | C67: Approuvé | D67: 4R12147 | E67: ETS. JEDIDI RIADH | F67: S4 | G67: TR | H67: 45217 | I67: 45351 | J67: TND | K67: 3500 | L67: 3500 | M67: 009858567161
A68: 23604193 | B68: 449580 | C68: Approuvé | D68: 6R24005 | E68: KHALED SALLAY | F68: S6 | G68: TR | H68: 45218 | I68: 45351 | J68: TND | K68: 4416.038 | L68: 4416.038 | M68: 009563465128
A69: 23604204 | B69: 453740 | C69: Approuvé | D69: 6R23081 | E69: CHOKRI KSIKSI | F69: S6 | G69: TR | H69: 45239 | I69: 45351 | J69: TND | K69: 860.478 | L69: 860.478 | M69: 009856666252
A70: 23604209 | B70: 454066 | C70: Approuvé | D70: 6R21045 | E70: MOHAMED GUIZA | F70: S6 | G70: TR | H70: 45245 | I70: 45351 | J70: TND | K70: 4713.98 | L70: 4713.98 | M70: 009825393452
... A72: 23804175 | B72: 454943 | C72: Approuvé | D72: 8R09094 | E72: STE AMDOOS PARTS COMPANY | F72: S8 | G72: TR | H72: 45253 | I72: 45351 | J72: TND | K72: 2646.673 | L72: 2646.673 | M72: 009810646348
A73: 23128202 | B73: 456564 | C73: Approuvé | D73: 1R01457 | E73: STE PIECES RECH.EUROPEENNES | F73: 12 | G73: TR | H73: 45260 | I73: 45354 | J73: TND | K73: 4560 | L73: 4560 | M73: 009845955609
A74: 23128058 | B74: 449945 | C74: Approuvé | D74: 1R03182 | E74: FIRST AUTOMOTIVE | F74: 12 | G74: TR | H74: 45222 | I74: 45356 | J74: TND | K74: 11582.008 | L74: 11582.008 | M74: 009812512531
A75: 23128075 | B75: 450345 | C75: Approuvé | D75: 1R05055 | E75: RHIM CHEDLY | F75: 12 | G75: TR | H75: 45225 | I75: 45356 | J75: TND | K75: 2850 | L75: 2850 | M75: 009812517575
A76: 23128099 | B76: 450734 | C76: Approuvé | D76: 1R01587 | E76: STE BEST BATTERIE | F76: 12 | G76: TR | H76: 45229 | I76: 45356 | J76: TND | K76: 11000 | L76: 11000 | M76: 009812516023
A77: 23128189 | B77: 455399 | C77: Approuvé | D77: 1R01465 | E77: MATERIELS POIDS LOURDS | F77: 12 | G77: TR | H77: 45257 | I77: 45356 | J77: TND | K77: 1616.707 | L77: 1616.707 | M77: 009734067370
A78: 23304462 | B78: 455423 | C78: Approuvé | D78: 3R18331 | E78: STE SCAPA | F78: S3 | G78: TR | H78: 45257 | I78: 45356 | J78: TND | K78: 3486.999 | L78: 3486.999 | M78: 009784702437
A79: 23404356 | B79: 451352 | C79: Approuvé | D79: 4R13125 | E79: STE SARRA AUTO | F79: S4 | G79: TR | H79: 45230 | I79: 45356 | J79: TND | K79: 2400 | L79: 2400 | M79: 009848273133
A80: 23604168 | B80: 448939 | C80: Approuvé | D80: 6R21048 | E80: AMOR B.SADEK AOUDH | F80: S6 | G80: TR | H80: 45212 | I80: 45356 | J80: TND | K80: 11309.913 | L80: 11309.913 | M80: 009853788650
A81: 23128120 | B81: 450824 | C81: Approuvé | D81: 1R05171 | E81: STE L'HORIZON DE PIECES DE | F81: 12 | G81: TR | H81: 45229 | I81: 45357 | J81: TND | K81: 2000 | L81: 2000 | M81: 009880796069
A82: 23128051 | B82: 449680 | C82: Approuvé | D82: 1R05211 | E82: STE EL HAMDI PIECES.RECHANGE | F82: 12 | G82: TR | H82: 45218 | I82: 45358 | J82: TND | K82: 1922 | L82: 1922 | M82: 009907231673
A83: 23128169 | B83: 454997 | C83: Approuvé | D83: 1R03141 | E83: BEN ALI HAMDI | F83: 12 | G83: TR | H83: 45253 | I83: 45358 | J83: TND | K83: 5568.315 | L83: 5568.315 | M83: 009812508263
A84: 23404308 | B84: 448945 | C84: Approuvé | D84: 4R12196 | E84: SKANDER MABROUK | F84: S4 | G84: TR | H84: 45212 | I84: 45358 | J84: TND | K84: 2945 | L84: 2945 | M84: 009858567840
A85: 23404337 | B85: 449807 | C85: Approuvé | D85: 4R13116 | E85: AHMED BEN ALI TEKAYA | F85: S4 | G85: TR | H85: 45219 | I85: 45358 | J85: TND | K85: 2805 | L85: 2805 | M85: 009863697976
A86: 23404339 | B86: 450030 | C86: Approuvé | D86: 4R13031 | E86: ETS.AMOR SGHAIER ET CIE | F86: S4 | G86: TR | H86: 45223 | I86: 45359 | J86: TND | K86: 16500 | L86: 16500 | M86: 009737090763
A87: 23128100 | B87: 450734 | C87: Approuvé | D87: 1R01587 | E87: STE BEST BATTERIE | F87: 12 | G87: TR | H87: 45229 | I87: 45361 | J87: TND | K87: 11640.575 | L87: 11640.575 | M87: 009812516993
A88: 23128167 | B88: 454981 | C88: Approuvé | D88: 1R05055 | E88: RHIM CHEDLY | F88: 12 | G88: TR | H88: 45253 | I88: 45361 | J88: TND | K88: 3150 | L88: 3150 | M88: 009812520970
A89: 23304428 | B89: 451366 | C89: Approuvé | D89: 3R18263 | E89: LAJNEF SAMI BEN MOHAMED | F89: S3 | G89: TR | H89: 45230 | I89: 45361 | J89: TND | K89: 12604.804 | L89: 12604.804 | M89: 009861276468
A90: 23304435 | B90: 453940 | C90: Approuvé | D90: 3R18133 | E90: KHENFIR MOHAMED LAMJED | F90: S3 | G90: TR | H90: 45244 | I90: 45361 | J90: TND | K90: 41278.501 | L90: 41278.501 | M90: 009869171395
A91: 23304454 | B91: 454830 | C91: Approuvé | D91: 3R18363 | E91: SOCIETE VEPRA | F91: S3 | G91: TR | H91: 45251 | I91: 45361 | J91: TND | K91: 1530.931 | L91: 1530.931 | M91: 009887998804
A92: 23304458 | B92: 455043 | C92: Approuvé | D92: 3R18357 | E92: F.I.A.M | F92: S3 | G92: TR | H92: 45253 | I92: 45361 | J92: TND | K92: 19155.246 | L92: 19155.246 | M92: 009861284131
A93: 23304459 | B93: 455159 | C93: Approuvé | D93: 3R18358 | E93: STE FRIKHA PIECES AUTO | F93: S3 | G93: TR | H93: 45254 | I93: 45361 | J93: TND | K93: 2335.631 | L93: 2335.631 | M93: 009869170134
A94: 23304461 | B94: 455296 | C94: Approuvé | D94: 3R18279 | E94: HELMI PIECES ELECTRIQUES | F94: S3 | G94: TR | H94: 45255 | I94: 45361 | J94: TND | K94: 1389.417 | L94: 1389.417 | M94: 009908648940
A95: 23304468 | B95: 456839 | C95: Approuvé | D95: 3R18419 | E95: STE CO P E M | F95: S3 | G95: TR | H95: 45260 | I95: 45361 | J95: TND | K95: 9406.385 | L95: 9406.385 | M95: 009861284907
A96: 23404297 | B96: 444782 | C96: Approuvé | D96: 4R13125 | E96: STE SARRA AUTO | F96: S4 | G96: TR | H96: 45198 | I96: 45361 | J96: TND | K96: 2530 | L96: 2530 | M96: 009858569877
A97: 23404316 | B97: 449437 | C97: Approuvé | D97: 4R12262 | E97: STE CIPA | F97: S4 | G97: TR | H97: 45217 | I97: 45361 | J97: TND | K97: 8000 | L97: 8000 | M97: 009858568713
A98: 23404322 | B98: 449442 | C98: Approuvé | D98: 4R12147 | E98: ETS. JEDIDI RIADH | F98: S4 | G98: TR | H98: 45217 | I98: 45361 | J98: TND | K98: 4043 | L98: 4043 | M98: 009858567258
A99: 23404361 | B99: 451367 | C99: Approuvé | D99: 4R12240 | E99: STE DES EQUIP.INDUST.&TRANSP | F99: S4 | G99: TR | H99: 45230 | I99: 45361 | J99: TND | K99: 6403.905 | L99: 6403.905 | M99: 009685387910
A100: 23128201 | B100: 456563 | C100: Approuvé | D100: 1R01457 | E100: STE PIECES RECH.EUROPEENNES | F100: 12 | G100: TR | H100: 45260 | I100: 45362 | J100: TND | K100: 4555.889 | L100: 4555.889 | M100: 009845956385
A101: 23404270 | B101: 443260 | C101: Approuvé | D101: 4R14029 | E101: JAADI MONCEF | F101: S4 | G101: TR | H101: 45187 | I101: 45362 | J101: TND | K101: 1339.658 | L101: 1339.658 | M101: 009858563087
...
